Workbook

Sheet SALARIIO HISTORICO
A1: Salario Mínimo en Colombia - Historico
A2: Año | B2: Salario Mínimo | C2: Variación vs año anterior
A3: 2022 | B3: 1000000 | C3: 0.1007
A4: 2023 | B4: 1160000 | C4: 0.16
A5: 2024 | B5: 1300000 | C5: 0.1207
A6: 2025 | B6: 1423500 | C6: 0.095
A7: 2026 | B7: 1577095.6 | C7: 0.1079
B10: 1920216 | C10: =B10*8% -> 153617.28
C11: =B10+C10 -> 2073833.3

Sheet REC NOCTURNOS REQUERIDOS 2026
A1: ALCALDIA DE PERERIA SEM (El Sistema de Emergencias Médicas – SEM, tal como lo señala la Resolución 926 de 2017)
A2: TURNO NOCHE RELACION DE RECARGOS NOCTURNO, DOMINICALES Y FESTIVOS - NÓMINA 2026 | AL2: 20 | AM2: Días Semanales | AN2: 20
A3: APH Tecnólogo (1) en Atención Prehospitalaria | AL3: 4 | AM3: Sábados | AN3: 4
B4: =B17+B31+B45+B59+B73+B87+B101+B115+B129+B143+B157+B171 -> 2824 | D4: =D17+D31+D45+D59+D73+D87+D101+D115+D129+D143+D157+D171 -> 16556102 | AL4: =(AL2*8)+(AL3*4) -> 176 | AM4: Horas a cumplir | AN4: 5
A5: Sueldo Básico ENERO 2026 | B5: 2073833.3 | E5: =+D5+1 -> 1 | F5: =+E5+1 -> 2 | G5: =+F5+1 -> 3 | H5: =+G5+1 -> 4 | I5: =+H5+1 -> 5 | J5: =+I5+1 -> 6 | K5: =+J5+1 -> 7 | L5: =+K5+1 -> 8 | ... AF5: =+AE5+1 -> 28 | AG5: 29 | AH5: 30 | AI5: 31 | AJ5: =+AI5+1 -> 32 | AK5: =+AJ5+1 -> 33 | AN5: =AN2-AN3-AN4 -> 11 | AO5: DIURNAS | AP5: NOCTURNAS
B6: # H | C6: Vr.Hora | D6: Vr.Total | E6: F | F6: V | G6: S | H6: D | I6: L | J6: M | K6: M | L6: J | M6: V | N6: S | O6: D | P6: F | Q6: M | R6: M | S6: J | T6: V | U6: S | V6: D | W6: L | X6: M | Y6: M | Z6: J | AA6: V | AB6: S | AC6: D | AD6: L | AE6: M | AF6: M | AG6: J | AH6: V | AI6: S | AJ6: D | AK6: L | AL6: M | AM6: MAÑANA | AN6: 6AM A 2 PM | AO6: 8
A7: Turno | B7: APH | E7: N | F7: N | G7: N | H7: N | I7: N | J7: N | K7: N | L7: N | M7: N | N7: N | O7: N | P7: N | Q7: N | R7: N | S7: N | T7: N | U7: N | V7: N | W7: N | X7: N | Y7: N | Z7: N | AA7: N | AB7: N | AC7: N | AD7: N | AE7: N | AF7: N | AG7: N | AH7: N | AI7: N | AL7: T | AM7: TARDE | AN7: 2 PM A 10 PM | AO7: 5 | AP7: 3
A8: FORMULA NO BORRAR | E8: =IF(AND(E7="URG",E6="S"),"URGS",IF(AND(E7="N",E6="F",F6="F"),"NFFF",IF(AND(E7="N",E6="D",F6="F"),"NFF",IF(AND(E7="N",E6="D"),"NFO",IF(AND(E7="N",E6="S"),"NFS",IF(AND(E7="N",E6="F"),"NF",IF(AND(E7="N",E6="D"),"NF",IF(E7="N","N",IF(AND(E7="M",E6="F"),"MF",IF(AND(E7="M",E6="D"),"MF",IF(E7="M","M",IF(AND(E7="T",E6="F"),"TF",IF(AND(E7="T",E6="D"),"TF",IF(E7="T","T",IF(AND(E7="C",E6="F"),"CF",IF(AND(E7="C",E6="D"),"CF",IF(E7="C","C",IF(AND(E7="L",E6="F"),"LF",IF(AND(E7="L",E6="D"),"LF", IF(E7="L","L",IF(E7="SC","PS", IF(E7="SA","PS",IF(E7="TV","PS", IF(E7="MI","PS", IF(E7="MT","PS", IF(E7="URG","URGO","")))))))))))))))))))))))))) -> NF | F8: =IF(AND(F7="URG",F6="S"),"URGS",IF(AND(F7="N",F6="F",G6="F"),"NFFF",IF(AND(F7="N",F6="D",G6="F"),"NFF",IF(AND(F7="N",F6="D"),"NFO",IF(AND(F7="N",F6="S"),"NFS",IF(AND(F7="N",F6="F"),"NF",IF(AND(F7="N",F6="D"),"NF",IF(F7="N","N",IF(AND(F7="M",F6="F"),"MF",IF(AND(F7="M",F6="D"),"MF",IF(F7="M","M",IF(AND(F7="T",F6="F"),"TF",IF(AND(F7="T",F6="D"),"TF",IF(F7="T","T",IF(AND(F7="C",F6="F"),"CF",IF(AND(F7="C",F6="D"),"CF",IF(F7="C","C",IF(AND(F7="L",F6="F"),"LF",IF(AND(F7="L",F6="D"),"LF", IF(F7="L","L",IF(F7="SC","PS", IF(F7="SA","PS",IF(F7="TV","PS", IF(F7="MI","PS", IF(F7="MT","PS", IF(F7="URG","URGO","")))))))))))))))))))))))))) -> N | G8: =IF(AND(G7="URG",G6="S"),"URGS",IF(AND(G7="N",G6="F",H6="F"),"NFFF",IF(AND(G7="N",G6="D",H6="F"),"NFF",IF(AND(G7="N",G6="D"),"NFO",IF(AND(G7="N",G6="S"),"NFS",IF(AND(G7="N",G6="F"),"NF",IF(AND(G7="N",G6="D"),"NF",IF(G7="N","N",IF(AND(G7="M",G6="F"),"MF",IF(AND(G7="M",G6="D"),"MF",IF(G7="M","M",IF(AND(G7="T",G6="F"),"TF",IF(AND(G7="T",G6="D"),"TF",IF(G7="T","T",IF(AND(G7="C",G6="F"),"CF",IF(AND(G7="C",G6="D"),"CF",IF(G7="C","C",IF(AND(G7="L",G6="F"),"LF",IF(AND(G7="L",G6="D"),"LF", IF(G7="L","L",IF(G7="SC","PS", IF(G7="SA","PS",IF(G7="TV","PS", IF(G7="MI","PS", IF(G7="MT","PS", IF(G7="URG","URGO","")))))))))))))))))))))))))) -> NFS | H8: =IF(AND(H7="URG",H6="S"),"URGS",IF(AND(H7="N",H6="F",I6="F"),"NFFF",IF(AND(H7="N",H6="D",I6="F"),"NFF",IF(AND(H7="N",H6="D"),"NFO",IF(AND(H7="N",H6="S"),"NFS",IF(AND(H7="N",H6="F"),"NF",IF(AND(H7="N",H6="D"),"NF",IF(H7="N","N",IF(AND(H7="M",H6="F"),"MF",IF(AND(H7="M",H6="D"),"MF",IF(H7="M","M",IF(AND(H7="T",H6="F"),"TF",IF(AND(H7="T",H6="D"),"TF",IF(H7="T","T",IF(AND(H7="C",H6="F"),"CF",IF(AND(H7="C",H6="D"),"CF",IF(H7="C","C",IF(AND(H7="L",H6="F"),"LF",IF(AND(H7="L",H6="D"),"LF", IF(H7="L","L",IF(H7="SC","PS", IF(H7="SA","PS",IF(H7="TV","PS", IF(H7="MI","PS", IF(H7="MT","PS", IF(H7="URG","URGO","")))))))))))))))))))))))))) -> NFO | J8: =IF(AND(J7="URG",J6="S"),"URGS",IF(AND(J7="N",J6="F",K6="F"),"NFFF",IF(AND(J7="N",J6="D",K6="F"),"NFF",IF(AND(J7="N",J6="D"),"NFO",IF(AND(J7="N",J6="S"),"NFS",IF(AND(J7="N",J6="F"),"NF",IF(AND(J7="N",J6="D"),"NF",IF(J7="N","N",IF(AND(J7="M",J6="F"),"MF",IF(AND(J7="M",J6="D"),"MF",IF(J7="M","M",IF(AND(J7="T",J6="F"),"TF",IF(AND(J7="T",J6="D"),"TF",IF(J7="T","T",IF(AND(J7="C",J6="F"),"CF",IF(AND(J7="C",J6="D"),"CF",IF(J7="C","C",IF(AND(J7="L",J6="F"),"LF",IF(AND(J7="L",J6="D"),"LF", IF(J7="L","L",IF(J7="SC","PS", IF(J7="SA","PS",IF(J7="TV","PS", IF(J7="MI","PS", IF(J7="MT","PS", IF(J7="URG","URGO","")))))))))))))))))))))))))) -> N | K8: =IF(AND(K7="URG",K6="S"),"URGS",IF(AND(K7="N",K6="F",L6="F"),"NFFF",IF(AND(K7="N",K6="D",L6="F"),"NFF",IF(AND(K7="N",K6="D"),"NFO",IF(AND(K7="N",K6="S"),"NFS",IF(AND(K7="N",K6="F"),"NF",IF(AND(K7="N",K6="D"),"NF",IF(K7="N","N",IF(AND(K7="M",K6="F"),"MF",IF(AND(K7="M",K6="D"),"MF",IF(K7="M","M",IF(AND(K7="T",K6="F"),"TF",IF(AND(K7="T",K6="D"),"TF",IF(K7="T","T",IF(AND(K7="C",K6="F"),"CF",IF(AND(K7="C",K6="D"),"CF",IF(K7="C","C",IF(AND(K7="L",K6="F"),"LF",IF(AND(K7="L",K6="D"),"LF", IF(K7="L","L",IF(K7="SC","PS", IF(K7="SA","PS",IF(K7="TV","PS", IF(K7="MI","PS", IF(K7="MT","PS", IF(K7="URG","URGO","")))))))))))))))))))))))))) -> N | L8: =IF(AND(L7="URG",L6="S"),"URGS",IF(AND(L7="N",L6="F",M6="F"),"NFFF",IF(AND(L7="N",L6="D",M6="F"),"NFF",IF(AND(L7="N",L6="D"),"NFO",IF(AND(L7="N",L6="S"),"NFS",IF(AND(L7="N",L6="F"),"NF",IF(AND(L7="N",L6="D"),"NF",IF(L7="N","N",IF(AND(L7="M",L6="F"),"MF",IF(AND(L7="M",L6="D"),"MF",IF(L7="M","M",IF(AND(L7="T",L6="F"),"TF",IF(AND(L7="T",L6="D"),"TF",IF(L7="T","T",IF(AND(L7="C",L6="F"),"CF",IF(AND(L7="C",L6="D"),"CF",IF(L7="C","C",IF(AND(L7="L",L6="F"),"LF",IF(AND(L7="L",L6="D"),"LF", IF(L7="L","L",IF(L7="SC","PS", IF(L7="SA","PS",IF(L7="TV","PS", IF(L7="MI","PS", IF(L7="MT","PS", IF(L7="URG","URGO","")))))))))))))))))))))))))) -> N | M8: =IF(AND(M7="URG",M6="S"),"URGS",IF(AND(M7="N",M6="F",N6="F"),"NFFF",IF(AND(M7="N",M6="D",N6="F"),"NFF",IF(AND(M7="N",M6="D"),"NFO",IF(AND(M7="N",M6="S"),"NFS",IF(AND(M7="N",M6="F"),"NF",IF(AND(M7="N",M6="D"),"NF",IF(M7="N","N",IF(AND(M7="M",M6="F"),"MF",IF(AND(M7="M",M6="D"),"MF",IF(M7="M","M",IF(AND(M7="T",M6="F"),"TF",IF(AND(M7="T",M6="D"),"TF",IF(M7="T","T",IF(AND(M7="C",M6="F"),"CF",IF(AND(M7="C",M6="D"),"CF",IF(M7="C","C",IF(AND(M7="L",M6="F"),"LF",IF(AND(M7="L",M6="D"),"LF", IF(M7="L","L",IF(M7="SC","PS", IF(M7="SA","PS",IF(M7="TV","PS", IF(M7="MI","PS", IF(M7="MT","PS", IF(M7="URG","URGO","")))))))))))))))))))))))))) -> N | N8: =IF(AND(N7="URG",N6="S"),"URGS",IF(AND(N7="N",N6="F",O6="F"),"NFFF",IF(AND(N7="N",N6="D",O6="F"),"NFF",IF(AND(N7="N",N6="D"),"NFO",IF(AND(N7="N",N6="S"),"NFS",IF(AND(N7="N",N6="F"),"NF",IF(AND(N7="N",N6="D"),"NF",IF(N7="N","N",IF(AND(N7="M",N6="F"),"MF",IF(AND(N7="M",N6="D"),"MF",IF(N7="M","M",IF(AND(N7="T",N6="F"),"TF",IF(AND(N7="T",N6="D"),"TF",IF(N7="T","T",IF(AND(N7="C",N6="F"),"CF",IF(AND(N7="C",N6="D"),"CF",IF(N7="C","C",IF(AND(N7="L",N6="F"),"LF",IF(AND(N7="L",N6="D"),"LF", IF(N7="L","L",IF(N7="SC","PS", IF(N7="SA","PS",IF(N7="TV","PS", IF(N7="MI","PS", IF(N7="MT","PS", IF(N7="URG","URGO","")))))))))))))))))))))))))) -> NFS | O8: =IF(AND(O7="URG",O6="S"),"URGS",IF(AND(O7="N",O6="F",P6="F"),"NFFF",IF(AND(O7="N",O6="D",P6="F"),"NFF",IF(AND(O7="N",O6="D"),"NFO",IF(AND(O7="N",O6="S"),"NFS",IF(AND(O7="N",O6="F"),"NF",IF(AND(O7="N",O6="D"),"NF",IF(O7="N","N",IF(AND(O7="M",O6="F"),"MF",IF(AND(O7="M",O6="D"),"MF",IF(O7="M","M",IF(AND(O7="T",O6="F"),"TF",IF(AND(O7="T",O6="D"),"TF",IF(O7="T","T",IF(AND(O7="C",O6="F"),"CF",IF(AND(O7="C",O6="D"),"CF",IF(O7="C","C",IF(AND(O7="L",O6="F"),"LF",IF(AND(O7="L",O6="D"),"LF", IF(O7="L","L",IF(O7="SC","PS", IF(O7="SA","PS",IF(O7="TV","PS", IF(O7="MI","PS", IF(O7="MT","PS", IF(O7="URG","URGO","")))))))))))))))))))))))))) -> NFF | P8: =IF(AND(P7="URG",P6="S"),"URGS",IF(AND(P7="N",P6="F",Q6="F"),"NFFF",IF(AND(P7="N",P6="D",Q6="F"),"NFF",IF(AND(P7="N",P6="D"),"NFO",IF(AND(P7="N",P6="S"),"NFS",IF(AND(P7="N",P6="F"),"NF",IF(AND(P7="N",P6="D"),"NF",IF(P7="N","N",IF(AND(P7="M",P6="F"),"MF",IF(AND(P7="M",P6="D"),"MF",IF(P7="M","M",IF(AND(P7="T",P6="F"),"TF",IF(AND(P7="T",P6="D"),"TF",IF(P7="T","T",IF(AND(P7="C",P6="F"),"CF",IF(AND(P7="C",P6="D"),"CF",IF(P7="C","C",IF(AND(P7="L",P6="F"),"LF",IF(AND(P7="L",P6="D"),"LF", IF(P7="L","L",IF(P7="SC","PS", IF(P7="SA","PS",IF(P7="TV","PS", IF(P7="MI","PS", IF(P7="MT","PS", IF(P7="URG","URGO","")))))))))))))))))))))))))) -> NF | Q8: =IF(AND(Q7="URG",Q6="S"),"URGS",IF(AND(Q7="N",Q6="F",R6="F"),"NFFF",IF(AND(Q7="N",Q6="D",R6="F"),"NFF",IF(AND(Q7="N",Q6="D"),"NFO",IF(AND(Q7="N",Q6="S"),"NFS",IF(AND(Q7="N",Q6="F"),"NF",IF(AND(Q7="N",Q6="D"),"NF",IF(Q7="N","N",IF(AND(Q7="M",Q6="F"),"MF",IF(AND(Q7="M",Q6="D"),"MF",IF(Q7="M","M",IF(AND(Q7="T",Q6="F"),"TF",IF(AND(Q7="T",Q6="D"),"TF",IF(Q7="T","T",IF(AND(Q7="C",Q6="F"),"CF",IF(AND(Q7="C",Q6="D"),"CF",IF(Q7="C","C",IF(AND(Q7="L",Q6="F"),"LF",IF(AND(Q7="L",Q6="D"),"LF", IF(Q7="L","L",IF(Q7="SC","PS", IF(Q7="SA","PS",IF(Q7="TV","PS", IF(Q7="MI","PS", IF(Q7="MT","PS", IF(Q7="URG","URGO","")))))))))))))))))))))))))) -> N | ... AI8: =IF(AND(AI7="URG",AI6="S"),"URGS",IF(AND(AI7="N",AI6="F",AJ6="F"),"NFFF",IF(AND(AI7="N",AI6="D",AJ6="F"),"NFF",IF(AND(AI7="N",AI6="D"),"NFO",IF(AND(AI7="N",AI6="S"),"NFS",IF(AND(AI7="N",AI6="F"),"NF",IF(AND(AI7="N",AI6="D"),"NF",IF(AI7="N","N",IF(AND(AI7="M",AI6="F"),"MF",IF(AND(AI7="M",AI6="D"),"MF",IF(AI7="M","M",IF(AND(AI7="T",AI6="F"),"TF",IF(AND(AI7="T",AI6="D"),"TF",IF(AI7="T","T",IF(AND(AI7="C",AI6="F"),"CF",IF(AND(AI7="C",AI6="D"),"CF",IF(AI7="C","C",IF(AND(AI7="L",AI6="F"),"LF",IF(AND(AI7="L",AI6="D"),"LF", IF(AI7="L","L",IF(AI7="SC","PS", IF(AI7="SA","PS",IF(AI7="TV","PS", IF(AI7="MI","PS", IF(AI7="MT","PS", IF(AI7="URG","URGO","")))))))))))))))))))))))))) -> NFS | AJ8: =#VALUE! -> #VALUE! | AK8: =#VALUE! -> #VALUE!
A9: Hora Diurna Ordinaria | B9: =SUM(E9:AI9) -> 0 | C9: =B5/240 -> 8640.9721 | D9: =B9*C9*0 -> 0 | E9: =IF(E13>0,(IF(AND(E8="PS",E6="S"),4,IF(E8="M",6,IF(E8="T",5,IF(E8="C",11,IF(E8="N",0,IF(E8="NF",0,IF(E8="NFO",0, IF(E8="URGS",4,IF(E8="URGO",8, IF(E8="PS",8,""))))))))))-E13), IF(AND(E8="PS",E6="S"),4,IF(E8="M",6,IF(E8="T",5,IF(E8="C",11,IF(E8="N",0,IF(E8="NF",0,IF(E8="NFO",0, IF(E8="URGS",4,IF(E8="URGO",8, IF(E8="PS",8,""))))))))))) -> 0 | F9: =IF(F13>0,(IF(AND(F8="PS",F6="S"),4,IF(F8="M",6,IF(F8="T",5,IF(F8="C",11,IF(F8="N",0,IF(F8="NF",0,IF(F8="NFO",0, IF(F8="URGS",4,IF(F8="URGO",8, IF(F8="PS",8,""))))))))))-F13), IF(AND(F8="PS",F6="S"),4,IF(F8="M",6,IF(F8="T",5,IF(F8="C",11,IF(F8="N",0,IF(F8="NF",0,IF(F8="NFO",0, IF(F8="URGS",4,IF(F8="URGO",8, IF(F8="PS",8,""))))))))))) -> 0 | G9: =IF(G13>0,(IF(AND(G8="PS",G6="S"),4,IF(G8="M",6,IF(G8="T",5,IF(G8="C",11,IF(G8="N",0,IF(G8="NF",0,IF(G8="NFO",0, IF(G8="URGS",4,IF(G8="URGO",8, IF(G8="PS",8,""))))))))))-G13), IF(AND(G8="PS",G6="S"),4,IF(G8="M",6,IF(G8="T",5,IF(G8="C",11,IF(G8="N",0,IF(G8="NF",0,IF(G8="NFO",0, IF(G8="URGS",4,IF(G8="URGO",8, IF(G8="PS",8,""))))))))))) | H9: =IF(H13>0,(IF(AND(H8="PS",H6="S"),4,IF(H8="M",6,IF(H8="T",5,IF(H8="C",11,IF(H8="N",0,IF(H8="NF",0,IF(H8="NFO",0, IF(H8="URGS",4,IF(H8="URGO",8, IF(H8="PS",8,""))))))))))-H13), IF(AND(H8="PS",H6="S"),4,IF(H8="M",6,IF(H8="T",5,IF(H8="C",11,IF(H8="N",0,IF(H8="NF",0,IF(H8="NFO",0, IF(H8="URGS",4,IF(H8="URGO",8, IF(H8="PS",8,""))))))))))) -> 0 | I9: =IF(I13>0,(IF(AND(I8="PS",I6="S"),4,IF(I8="M",6,IF(I8="T",5,IF(I8="C",11,IF(I8="N",0,IF(I8="NF",0,IF(I8="NFO",0, IF(I8="URGS",4,IF(I8="URGO",8, IF(I8="PS",8,""))))))))))-I13), IF(AND(I8="PS",I6="S"),4,IF(I8="M",6,IF(I8="T",5,IF(I8="C",11,IF(I8="N",0,IF(I8="NF",0,IF(I8="NFO",0, IF(I8="URGS",4,IF(I8="URGO",8, IF(I8="PS",8,""))))))))))) | J9: =IF(J13>0,(IF(AND(J8="PS",J6="S"),4,IF(J8="M",6,IF(J8="T",5,IF(J8="C",11,IF(J8="N",0,IF(J8="NF",0,IF(J8="NFO",0, IF(J8="URGS",4,IF(J8="URGO",8, IF(J8="PS",8,""))))))))))-J13), IF(AND(J8="PS",J6="S"),4,IF(J8="M",6,IF(J8="T",5,IF(J8="C",11,IF(J8="N",0,IF(J8="NF",0,IF(J8="NFO",0, IF(J8="URGS",4,IF(J8="URGO",8, IF(J8="PS",8,""))))))))))) -> 0 | K9: =IF(K13>0,(IF(AND(K8="PS",K6="S"),4,IF(K8="M",6,IF(K8="T",5,IF(K8="C",11,IF(K8="N",0,IF(K8="NF",0,IF(K8="NFO",0, IF(K8="URGS",4,IF(K8="URGO",8, IF(K8="PS",8,""))))))))))-K13), IF(AND(K8="PS",K6="S"),4,IF(K8="M",6,IF(K8="T",5,IF(K8="C",11,IF(K8="N",0,IF(K8="NF",0,IF(K8="NFO",0, IF(K8="URGS",4,IF(K8="URGO",8, IF(K8="PS",8,""))))))))))) -> 0 | L9: =IF(L13>0,(IF(AND(L8="PS",L6="S"),4,IF(L8="M",6,IF(L8="T",5,IF(L8="C",11,IF(L8="N",0,IF(L8="NF",0,IF(L8="NFO",0, IF(L8="URGS",4,IF(L8="URGO",8, IF(L8="PS",8,""))))))))))-L13), IF(AND(L8="PS",L6="S"),4,IF(L8="M",6,IF(L8="T",5,IF(L8="C",11,IF(L8="N",0,IF(L8="NF",0,IF(L8="NFO",0, IF(L8="URGS",4,IF(L8="URGO",8, IF(L8="PS",8,""))))))))))) -> 0 | ... AI9: =IF(AI13>0,(IF(AND(AI8="PS",AI6="S"),4,IF(AI8="M",6,IF(AI8="T",5,IF(AI8="C",11,IF(AI8="N",0,IF(AI8="NF",0,IF(AI8="NFO",0, IF(AI8="URGS",4,IF(AI8="URGO",8, IF(AI8="PS",8,""))))))))))-AI13), IF(AND(AI8="PS",AI6="S"),4,IF(AI8="M",6,IF(AI8="T",5,IF(AI8="C",11,IF(AI8="N",0,IF(AI8="NF",0,IF(AI8="NFO",0, IF(AI8="URGS",4,IF(AI8="URGO",8, IF(AI8="PS",8,""))))))))))) | AJ9: =+IF(AJ8="M",6,IF(AJ8="T",5,IF(AJ8="C",11,IF(AJ8="N",1,"")))) -> #VALUE! | AK9: =+IF(AK8="M",6,IF(AK8="T",5,IF(AK8="C",11,IF(AK8="N",1,"")))) -> #VALUE! | AL9: C | AM9: CORRIDO | AN9: 7 AM A 7 PM | AO9: 12 | AP9: 1
A10: Hora Nocturna Ordinaria | B10: =SUM(E10:AI10) -> 192 | C10: =B5/240*35% -> 3024.3402 | D10: =B10*C10 -> 580673.32 | E10: =IF(E14>0,(IF(E8="T",1,IF(E8="C",0,IF(E8="N",11,IF(E8="NF",6, IF(E8="NFO",6, IF(E8="NFS",2,""))))))-E14), IF(E8="T",1,IF(E8="C",0,IF(E8="N",8,IF(E8="NF",6, IF(E8="NFO",6, IF(E8="NFS",2,""))))))) -> 6 | F10: =IF(F14>0,(IF(F8="T",1,IF(F8="C",0,IF(F8="N",11,IF(F8="NF",6, IF(F8="NFO",6, IF(F8="NFS",2,""))))))-F14), IF(F8="T",1,IF(F8="C",0,IF(F8="N",8,IF(F8="NF",6, IF(F8="NFO",6, IF(F8="NFS",2,""))))))) -> 8 | G10: =IF(G14>0,(IF(G8="T",1,IF(G8="C",0,IF(G8="N",11,IF(G8="NF",6, IF(G8="NFO",6, IF(G8="NFS",2,""))))))-G14), IF(G8="T",1,IF(G8="C",0,IF(G8="N",8,IF(G8="NF",6, IF(G8="NFO",6, IF(G8="NFS",2,""))))))) -> 2 | H10: =IF(H14>0,(IF(H8="T",1,IF(H8="C",0,IF(H8="N",11,IF(H8="NF",6, IF(H8="NFO",6, IF(H8="NFS",2,""))))))-H14), IF(H8="T",1,IF(H8="C",0,IF(H8="N",8,IF(H8="NF",6, IF(H8="NFO",6, IF(H8="NFS",2,""))))))) -> 6 | I10: =IF(I14>0,(IF(I8="T",1,IF(I8="C",0,IF(I8="N",11,IF(I8="NF",6, IF(I8="NFO",6, IF(I8="NFS",2,""))))))-I14), IF(I8="T",1,IF(I8="C",0,IF(I8="N",8,IF(I8="NF",6, IF(I8="NFO",6, IF(I8="NFS",2,""))))))) | J10: =IF(J14>0,(IF(J8="T",1,IF(J8="C",0,IF(J8="N",11,IF(J8="NF",6, IF(J8="NFO",6, IF(J8="NFS",2,""))))))-J14), IF(J8="T",1,IF(J8="C",0,IF(J8="N",8,IF(J8="NF",6, IF(J8="NFO",6, IF(J8="NFS",2,""))))))) -> 8 | K10: =IF(K14>0,(IF(K8="T",1,IF(K8="C",0,IF(K8="N",11,IF(K8="NF",6, IF(K8="NFO",6, IF(K8="NFS",2,""))))))-K14), IF(K8="T",1,IF(K8="C",0,IF(K8="N",8,IF(K8="NF",6, IF(K8="NFO",6, IF(K8="NFS",2,""))))))) -> 8 | L10: =IF(L14>0,(IF(L8="T",1,IF(L8="C",0,IF(L8="N",11,IF(L8="NF",6, IF(L8="NFO",6, IF(L8="NFS",2,""))))))-L14), IF(L8="T",1,IF(L8="C",0,IF(L8="N",8,IF(L8="NF",6, IF(L8="NFO",6, IF(L8="NFS",2,""))))))) -> 8 | ... AI10: =IF(AI14>0,(IF(AI8="T",1,IF(AI8="C",0,IF(AI8="N",11,IF(AI8="NF",6, IF(AI8="NFO",6, IF(AI8="NFS",2,""))))))-AI14), IF(AI8="T",1,IF(AI8="C",0,IF(AI8="N",8,IF(AI8="NF",6, IF(AI8="NFO",6, IF(AI8="NFS",2,""))))))) -> 2 | AJ10: =+IF(AJ8="T",1,IF(AJ8="C",1,IF(AJ8="N",11,""))) -> #VALUE! | AK10: =+IF(AK8="T",1,IF(AK8="C",1,IF(AK8="N",11,""))) -> #VALUE! | AL10: N | AM10: NOCHE | AN10: 10PM A 6 AM | AO10: 0 | AP10: 8
A11: Hora Diurna Festiva | B11: =SUM(E11:AI11) -> 0 | C11: =B5/240*180% -> 15553.75 | D11: =B11*C11 -> 0 | E11: =IF(E15>0, (IF(E8="MF",8,IF(E8="TF",7,IF(E8="CF",12,IF(E8="NF",0, IF(E8="NFS",0, IF(E8="NFF",0, IF(E8="NFFF",0,"")))))))-E15), IF(E8="MF",8,IF(E8="TF",7,IF(E8="CF",12,IF(E8="NF",0, IF(E8="NFS",0, IF(E8="NFF",0, IF(E8="NFFF",0,"")))))))) -> 0 | F11: =IF(F15>0, (IF(F8="MF",8,IF(F8="TF",7,IF(F8="CF",12,IF(F8="NF",0, IF(F8="NFS",0, IF(F8="NFF",0, IF(F8="NFFF",0,"")))))))-F15), IF(F8="MF",8,IF(F8="TF",7,IF(F8="CF",12,IF(F8="NF",0, IF(F8="NFS",0, IF(F8="NFF",0, IF(F8="NFFF",0,"")))))))) | G11: =IF(G15>0, (IF(G8="MF",8,IF(G8="TF",7,IF(G8="CF",12,IF(G8="NF",0, IF(G8="NFS",0, IF(G8="NFF",0, IF(G8="NFFF",0,"")))))))-G15), IF(G8="MF",8,IF(G8="TF",7,IF(G8="CF",12,IF(G8="NF",0, IF(G8="NFS",0, IF(G8="NFF",0, IF(G8="NFFF",0,"")))))))) -> 0 | H11: =IF(H15>0, (IF(H8="MF",8,IF(H8="TF",7,IF(H8="CF",12,IF(H8="NF",0, IF(H8="NFS",0, IF(H8="NFF",0, IF(H8="NFFF",0,"")))))))-H15), IF(H8="MF",8,IF(H8="TF",7,IF(H8="CF",12,IF(H8="NF",0, IF(H8="NFS",0, IF(H8="NFF",0, IF(H8="NFFF",0,"")))))))) | I11: =IF(I15>0, (IF(I8="MF",8,IF(I8="TF",7,IF(I8="CF",12,IF(I8="NF",0, IF(I8="NFS",0, IF(I8="NFF",0, IF(I8="NFFF",0,"")))))))-I15), IF(I8="MF",8,IF(I8="TF",7,IF(I8="CF",12,IF(I8="NF",0, IF(I8="NFS",0, IF(I8="NFF",0, IF(I8="NFFF",0,"")))))))) | J11: =IF(J15>0, (IF(J8="MF",8,IF(J8="TF",7,IF(J8="CF",12,IF(J8="NF",0, IF(J8="NFS",0, IF(J8="NFF",0, IF(J8="NFFF",0,"")))))))-J15), IF(J8="MF",8,IF(J8="TF",7,IF(J8="CF",12,IF(J8="NF",0, IF(J8="NFS",0, IF(J8="NFF",0, IF(J8="NFFF",0,"")))))))) | K11: =IF(K15>0, (IF(K8="MF",8,IF(K8="TF",7,IF(K8="CF",12,IF(K8="NF",0, IF(K8="NFS",0, IF(K8="NFF",0, IF(K8="NFFF",0,"")))))))-K15), IF(K8="MF",8,IF(K8="TF",7,IF(K8="CF",12,IF(K8="NF",0, IF(K8="NFS",0, IF(K8="NFF",0, IF(K8="NFFF",0,"")))))))) | L11: =IF(L15>0, (IF(L8="MF",8,IF(L8="TF",7,IF(L8="CF",12,IF(L8="NF",0, IF(L8="NFS",0, IF(L8="NFF",0, IF(L8="NFFF",0,"")))))))-L15), IF(L8="MF",8,IF(L8="TF",7,IF(L8="CF",12,IF(L8="NF",0, IF(L8="NFS",0, IF(L8="NFF",0, IF(L8="NFFF",0,"")))))))) | ... AI11: =IF(AI15>0, (IF(AI8="MF",8,IF(AI8="TF",7,IF(AI8="CF",12,IF(AI8="NF",0, IF(AI8="NFS",0, IF(AI8="NFF",0, IF(AI8="NFFF",0,"")))))))-AI15), IF(AI8="MF",8,IF(AI8="TF",7,IF(AI8="CF",12,IF(AI8="NF",0, IF(AI8="NFS",0, IF(AI8="NFF",0, IF(AI8="NFFF",0,"")))))))) -> 0 | AJ11: =+IF(AJ8="MF",6,IF(AJ8="TF",5,IF(AJ8="CF",11,IF(AJ8="NF",1,"")))) -> #VALUE! | AK11: =+IF(AK8="MF",6,IF(AK8="TF",5,IF(AK8="CF",11,IF(AK8="NF",1,"")))) -> #VALUE!
A12: Hora Nocturna Festiva | B12: =SUM(E12:AI12) -> 48 | C12: =B5/240*215% -> 18578.09 | D12: =B12*C12 -> 891748.32 | E12: =IF(E16>0,( IF(E8="TF",1,IF(E8="CF",1,IF(E8="NF",5, IF(E8="NFO",2, IF(E8="NFS",6, IF(E8="NFF",8, IF(E8="NFFF",8,"")))))))-E16), IF(E8="TF",1,IF(E8="CF",1,IF(E8="NF",2, IF(E8="NFO",2, IF(E8="NFS",6, IF(E8="NFF",8, IF(E8="NFFF",8,"")))))))) -> 2 | F12: =IF(F16>0,( IF(F8="TF",1,IF(F8="CF",1,IF(F8="NF",5, IF(F8="NFO",2, IF(F8="NFS",6, IF(F8="NFF",8, IF(F8="NFFF",8,"")))))))-F16), IF(F8="TF",1,IF(F8="CF",1,IF(F8="NF",2, IF(F8="NFO",2, IF(F8="NFS",6, IF(F8="NFF",8, IF(F8="NFFF",8,"")))))))) | G12: =IF(G16>0,( IF(G8="TF",1,IF(G8="CF",1,IF(G8="NF",5, IF(G8="NFO",2, IF(G8="NFS",6, IF(G8="NFF",8, IF(G8="NFFF",8,"")))))))-G16), IF(G8="TF",1,IF(G8="CF",1,IF(G8="NF",2, IF(G8="NFO",2, IF(G8="NFS",6, IF(G8="NFF",8, IF(G8="NFFF",8,"")))))))) -> 6 | H12: =IF(H16>0,( IF(H8="TF",1,IF(H8="CF",1,IF(H8="NF",5, IF(H8="NFO",2, IF(H8="NFS",6, IF(H8="NFF",8, IF(H8="NFFF",8,"")))))))-H16), IF(H8="TF",1,IF(H8="CF",1,IF(H8="NF",2, IF(H8="NFO",2, IF(H8="NFS",6, IF(H8="NFF",8, IF(H8="NFFF",8,"")))))))) -> 2 | I12: =IF(I16>0,( IF(I8="TF",1,IF(I8="CF",1,IF(I8="NF",5, IF(I8="NFO",2, IF(I8="NFS",6, IF(I8="NFF",8, IF(I8="NFFF",8,"")))))))-I16), IF(I8="TF",1,IF(I8="CF",1,IF(I8="NF",2, IF(I8="NFO",2, IF(I8="NFS",6, IF(I8="NFF",8, IF(I8="NFFF",8,"")))))))) | J12: =IF(J16>0,( IF(J8="TF",1,IF(J8="CF",1,IF(J8="NF",5, IF(J8="NFO",2, IF(J8="NFS",6, IF(J8="NFF",8, IF(J8="NFFF",8,"")))))))-J16), IF(J8="TF",1,IF(J8="CF",1,IF(J8="NF",2, IF(J8="NFO",2, IF(J8="NFS",6, IF(J8="NFF",8, IF(J8="NFFF",8,"")))))))) | K12: =IF(K16>0,( IF(K8="TF",1,IF(K8="CF",1,IF(K8="NF",5, IF(K8="NFO",2, IF(K8="NFS",6, IF(K8="NFF",8, IF(K8="NFFF",8,"")))))))-K16), IF(K8="TF",1,IF(K8="CF",1,IF(K8="NF",2, IF(K8="NFO",2, IF(K8="NFS",6, IF(K8="NFF",8, IF(K8="NFFF",8,"")))))))) | L12: =IF(L16>0,( IF(L8="TF",1,IF(L8="CF",1,IF(L8="NF",5, IF(L8="NFO",2, IF(L8="NFS",6, IF(L8="NFF",8, IF(L8="NFFF",8,"")))))))-L16), IF(L8="TF",1,IF(L8="CF",1,IF(L8="NF",2, IF(L8="NFO",2, IF(L8="NFS",6, IF(L8="NFF",8, IF(L8="NFFF",8,"")))))))) | ... AI12: =IF(AI16>0,( IF(AI8="TF",1,IF(AI8="CF",1,IF(AI8="NF",5, IF(AI8="NFO",2, IF(AI8="NFS",6, IF(AI8="NFF",8, IF(AI8="NFFF",8,"")))))))-AI16), IF(AI8="TF",1,IF(AI8="CF",1,IF(AI8="NF",2, IF(AI8="NFO",2, IF(AI8="NFS",6, IF(AI8="NFF",8, IF(AI8="NFFF",8,"")))))))) -> 6 | AJ12: =+IF(AJ8="TF",1,IF(AJ8="CF",1,IF(AJ8="NF",11,""))) -> #VALUE! | AK12: =+IF(AK8="TF",1,IF(AK8="CF",1,IF(AK8="NF",11,""))) -> #VALUE!
A13: Hora Diurna Extra | B13: =SUM(E13:AK13) -> 0 | C13: =B5/240*125% -> 10801.215 | D13: =B13*C13 -> 0
A14: Hora Nocturna Extra | B14: =SUM(E14:AK14) -> 0 | C14: =B5/240*175% -> 15121.701 | D14: =B14*C14 -> 0
A15: Hora Diurna Extra Festiva | B15: =SUM(E15:AK15) -> 0 | C15: =B5/240*200% -> 17281.944 | D15: =B15*C15 -> 0
A16: Hora Nocturna Extra Festiva | B16: =SUM(E16:AK16) -> 0 | C16: =B5/240*250% -> 21602.43 | D16: =B16*C16 -> 0 | AL16: L | AM16: LIBRE
B17: =SUM(B9:B16) -> 240 | D17: =ROUND((SUM(D9:D16)),0) -> 1472422 | AL17: D | AM17: DESCANSO
B18: =SUM(B9:B12)-$AL$4 -> 64
A19: Sueldo Básico FEBRERO 2026 | B19: =B5 -> 2073833.3 | E19: =+D19+1 -> 1 | F19: =+E19+1 -> 2 | G19: =+F19+1 -> 3 | H19: =+G19+1 -> 4 | I19: =+H19+1 -> 5 | J19: =+I19+1 -> 6 | K19: =+J19+1 -> 7 | L19: =+K19+1 -> 8 | ... AF19: =+AE19+1 -> 28
B20: # H | C20: Vr.Hora | D20: Vr.Total | E20: D | F20: L | G20: M | H20: M | I20: J | J20: V | K20: S | L20: D | M20: L | N20: M | O20: M | P20: J | Q20: V | R20: S | S20: D | T20: L | U20: M | V20: M | W20: J | X20: V | Y20: S | Z20: D | AA20: L | AB20: M | AC20: M | AD20: J | AE20: V | AF20: S
A21: Turno | B21: APH | E21: N | F21: N | G21: N | H21: N | I21: N | J21: N | K21: N | L21: N | M21: N | N21: N | O21: N | P21: N | Q21: N | R21: N | S21: N | T21: N | U21: N | V21: N | W21: N | X21: N | Y21: N | Z21: N | AA21: N | AB21: N | AC21: N | AD21: N | AE21: N | AF21: N
A22: FORMULA NO BORRAR | E22: =IF(AND(E21="URG",E20="S"),"URGS",IF(AND(E21="N",E20="F",F20="F"),"NFFF",IF(AND(E21="N",E20="D",F20="F"),"NFF",IF(AND(E21="N",E20="D"),"NFO",IF(AND(E21="N",E20="S"),"NFS",IF(AND(E21="N",E20="F"),"NF",IF(AND(E21="N",E20="D"),"NF",IF(E21="N","N",IF(AND(E21="M",E20="F"),"MF",IF(AND(E21="M",E20="D"),"MF",IF(E21="M","M",IF(AND(E21="T",E20="F"),"TF",IF(AND(E21="T",E20="D"),"TF",IF(E21="T","T",IF(AND(E21="C",E20="F"),"CF",IF(AND(E21="C",E20="D"),"CF",IF(E21="C","C",IF(AND(E21="L",E20="F"),"LF",IF(AND(E21="L",E20="D"),"LF", IF(E21="L","L",IF(E21="SC","PS", IF(E21="SA","PS",IF(E21="TV","PS", IF(E21="MI","PS", IF(E21="MT","PS", IF(E21="URG","URGO","")))))))))))))))))))))))))) -> NFO | F22: =IF(AND(F21="URG",F20="S"),"URGS",IF(AND(F21="N",F20="F",G20="F"),"NFFF",IF(AND(F21="N",F20="D",G20="F"),"NFF",IF(AND(F21="N",F20="D"),"NFO",IF(AND(F21="N",F20="S"),"NFS",IF(AND(F21="N",F20="F"),"NF",IF(AND(F21="N",F20="D"),"NF",IF(F21="N","N",IF(AND(F21="M",F20="F"),"MF",IF(AND(F21="M",F20="D"),"MF",IF(F21="M","M",IF(AND(F21="T",F20="F"),"TF",IF(AND(F21="T",F20="D"),"TF",IF(F21="T","T",IF(AND(F21="C",F20="F"),"CF",IF(AND(F21="C",F20="D"),"CF",IF(F21="C","C",IF(AND(F21="L",F20="F"),"LF",IF(AND(F21="L",F20="D"),"LF", IF(F21="L","L",IF(F21="SC","PS", IF(F21="SA","PS",IF(F21="TV","PS", IF(F21="MI","PS", IF(F21="MT","PS", IF(F21="URG","URGO","")))))))))))))))))))))))))) -> N | G22: =IF(AND(G21="URG",G20="S"),"URGS",IF(AND(G21="N",G20="F",H20="F"),"NFFF",IF(AND(G21="N",G20="D",H20="F"),"NFF",IF(AND(G21="N",G20="D"),"NFO",IF(AND(G21="N",G20="S"),"NFS",IF(AND(G21="N",G20="F"),"NF",IF(AND(G21="N",G20="D"),"NF",IF(G21="N","N",IF(AND(G21="M",G20="F"),"MF",IF(AND(G21="M",G20="D"),"MF",IF(G21="M","M",IF(AND(G21="T",G20="F"),"TF",IF(AND(G21="T",G20="D"),"TF",IF(G21="T","T",IF(AND(G21="C",G20="F"),"CF",IF(AND(G21="C",G20="D"),"CF",IF(G21="C","C",IF(AND(G21="L",G20="F"),"LF",IF(AND(G21="L",G20="D"),"LF", IF(G21="L","L",IF(G21="SC","PS", IF(G21="SA","PS",IF(G21="TV","PS", IF(G21="MI","PS", IF(G21="MT","PS", IF(G21="URG","URGO","")))))))))))))))))))))))))) -> N | H22: =IF(AND(H21="URG",H20="S"),"URGS",IF(AND(H21="N",H20="F",I20="F"),"NFFF",IF(AND(H21="N",H20="D",I20="F"),"NFF",IF(AND(H21="N",H20="D"),"NFO",IF(AND(H21="N",H20="S"),"NFS",IF(AND(H21="N",H20="F"),"NF",IF(AND(H21="N",H20="D"),"NF",IF(H21="N","N",IF(AND(H21="M",H20="F"),"MF",IF(AND(H21="M",H20="D"),"MF",IF(H21="M","M",IF(AND(H21="T",H20="F"),"TF",IF(AND(H21="T",H20="D"),"TF",IF(H21="T","T",IF(AND(H21="C",H20="F"),"CF",IF(AND(H21="C",H20="D"),"CF",IF(H21="C","C",IF(AND(H21="L",H20="F"),"LF",IF(AND(H21="L",H20="D"),"LF", IF(H21="L","L",IF(H21="SC","PS", IF(H21="SA","PS",IF(H21="TV","PS", IF(H21="MI","PS", IF(H21="MT","PS", IF(H21="URG","URGO","")))))))))))))))))))))))))) -> N | J22: =IF(AND(J21="URG",J20="S"),"URGS",IF(AND(J21="N",J20="F",K20="F"),"NFFF",IF(AND(J21="N",J20="D",K20="F"),"NFF",IF(AND(J21="N",J20="D"),"NFO",IF(AND(J21="N",J20="S"),"NFS",IF(AND(J21="N",J20="F"),"NF",IF(AND(J21="N",J20="D"),"NF",IF(J21="N","N",IF(AND(J21="M",J20="F"),"MF",IF(AND(J21="M",J20="D"),"MF",IF(J21="M","M",IF(AND(J21="T",J20="F"),"TF",IF(AND(J21="T",J20="D"),"TF",IF(J21="T","T",IF(AND(J21="C",J20="F"),"CF",IF(AND(J21="C",J20="D"),"CF",IF(J21="C","C",IF(AND(J21="L",J20="F"),"LF",IF(AND(J21="L",J20="D"),"LF", IF(J21="L","L",IF(J21="SC","PS", IF(J21="SA","PS",IF(J21="TV","PS", IF(J21="MI","PS", IF(J21="MT","PS", IF(J21="URG","URGO","")))))))))))))))))))))))))) -> N | K22: =IF(AND(K21="URG",K20="S"),"URGS",IF(AND(K21="N",K20="F",L20="F"),"NFFF",IF(AND(K21="N",K20="D",L20="F"),"NFF",IF(AND(K21="N",K20="D"),"NFO",IF(AND(K21="N",K20="S"),"NFS",IF(AND(K21="N",K20="F"),"NF",IF(AND(K21="N",K20="D"),"NF",IF(K21="N","N",IF(AND(K21="M",K20="F"),"MF",IF(AND(K21="M",K20="D"),"MF",IF(K21="M","M",IF(AND(K21="T",K20="F"),"TF",IF(AND(K21="T",K20="D"),"TF",IF(K21="T","T",IF(AND(K21="C",K20="F"),"CF",IF(AND(K21="C",K20="D"),"CF",IF(K21="C","C",IF(AND(K21="L",K20="F"),"LF",IF(AND(K21="L",K20="D"),"LF", IF(K21="L","L",IF(K21="SC","PS", IF(K21="SA","PS",IF(K21="TV","PS", IF(K21="MI","PS", IF(K21="MT","PS", IF(K21="URG","URGO","")))))))))))))))))))))))))) -> NFS | L22: =IF(AND(L21="URG",L20="S"),"URGS",IF(AND(L21="N",L20="F",M20="F"),"NFFF",IF(AND(L21="N",L20="D",M20="F"),"NFF",IF(AND(L21="N",L20="D"),"NFO",IF(AND(L21="N",L20="S"),"NFS",IF(AND(L21="N",L20="F"),"NF",IF(AND(L21="N",L20="D"),"NF",IF(L21="N","N",IF(AND(L21="M",L20="F"),"MF",IF(AND(L21="M",L20="D"),"MF",IF(L21="M","M",IF(AND(L21="T",L20="F"),"TF",IF(AND(L21="T",L20="D"),"TF",IF(L21="T","T",IF(AND(L21="C",L20="F"),"CF",IF(AND(L21="C",L20="D"),"CF",IF(L21="C","C",IF(AND(L21="L",L20="F"),"LF",IF(AND(L21="L",L20="D"),"LF", IF(L21="L","L",IF(L21="SC","PS", IF(L21="SA","PS",IF(L21="TV","PS", IF(L21="MI","PS", IF(L21="MT","PS", IF(L21="URG","URGO","")))))))))))))))))))))))))) -> NFO | M22: =IF(AND(M21="URG",M20="S"),"URGS",IF(AND(M21="N",M20="F",N20="F"),"NFFF",IF(AND(M21="N",M20="D",N20="F"),"NFF",IF(AND(M21="N",M20="D"),"NFO",IF(AND(M21="N",M20="S"),"NFS",IF(AND(M21="N",M20="F"),"NF",IF(AND(M21="N",M20="D"),"NF",IF(M21="N","N",IF(AND(M21="M",M20="F"),"MF",IF(AND(M21="M",M20="D"),"MF",IF(M21="M","M",IF(AND(M21="T",M20="F"),"TF",IF(AND(M21="T",M20="D"),"TF",IF(M21="T","T",IF(AND(M21="C",M20="F"),"CF",IF(AND(M21="C",M20="D"),"CF",IF(M21="C","C",IF(AND(M21="L",M20="F"),"LF",IF(AND(M21="L",M20="D"),"LF", IF(M21="L","L",IF(M21="SC","PS", IF(M21="SA","PS",IF(M21="TV","PS", IF(M21="MI","PS", IF(M21="MT","PS", IF(M21="URG","URGO","")))))))))))))))))))))))))) -> N | N22: =IF(AND(N21="URG",N20="S"),"URGS",IF(AND(N21="N",N20="F",O20="F"),"NFFF",IF(AND(N21="N",N20="D",O20="F"),"NFF",IF(AND(N21="N",N20="D"),"NFO",IF(AND(N21="N",N20="S"),"NFS",IF(AND(N21="N",N20="F"),"NF",IF(AND(N21="N",N20="D"),"NF",IF(N21="N","N",IF(AND(N21="M",N20="F"),"MF",IF(AND(N21="M",N20="D"),"MF",IF(N21="M","M",IF(AND(N21="T",N20="F"),"TF",IF(AND(N21="T",N20="D"),"TF",IF(N21="T","T",IF(AND(N21="C",N20="F"),"CF",IF(AND(N21="C",N20="D"),"CF",IF(N21="C","C",IF(AND(N21="L",N20="F"),"LF",IF(AND(N21="L",N20="D"),"LF", IF(N21="L","L",IF(N21="SC","PS", IF(N21="SA","PS",IF(N21="TV","PS", IF(N21="MI","PS", IF(N21="MT","PS", IF(N21="URG","URGO","")))))))))))))))))))))))))) -> N | O22: =IF(AND(O21="URG",O20="S"),"URGS",IF(AND(O21="N",O20="F",P20="F"),"NFFF",IF(AND(O21="N",O20="D",P20="F"),"NFF",IF(AND(O21="N",O20="D"),"NFO",IF(AND(O21="N",O20="S"),"NFS",IF(AND(O21="N",O20="F"),"NF",IF(AND(O21="N",O20="D"),"NF",IF(O21="N","N",IF(AND(O21="M",O20="F"),"MF",IF(AND(O21="M",O20="D"),"MF",IF(O21="M","M",IF(AND(O21="T",O20="F"),"TF",IF(AND(O21="T",O20="D"),"TF",IF(O21="T","T",IF(AND(O21="C",O20="F"),"CF",IF(AND(O21="C",O20="D"),"CF",IF(O21="C","C",IF(AND(O21="L",O20="F"),"LF",IF(AND(O21="L",O20="D"),"LF", IF(O21="L","L",IF(O21="SC","PS", IF(O21="SA","PS",IF(O21="TV","PS", IF(O21="MI","PS", IF(O21="MT","PS", IF(O21="URG","URGO","")))))))))))))))))))))))))) -> N | P22: =IF(AND(P21="URG",P20="S"),"URGS",IF(AND(P21="N",P20="F",Q20="F"),"NFFF",IF(AND(P21="N",P20="D",Q20="F"),"NFF",IF(AND(P21="N",P20="D"),"NFO",IF(AND(P21="N",P20="S"),"NFS",IF(AND(P21="N",P20="F"),"NF",IF(AND(P21="N",P20="D"),"NF",IF(P21="N","N",IF(AND(P21="M",P20="F"),"MF",IF(AND(P21="M",P20="D"),"MF",IF(P21="M","M",IF(AND(P21="T",P20="F"),"TF",IF(AND(P21="T",P20="D"),"TF",IF(P21="T","T",IF(AND(P21="C",P20="F"),"CF",IF(AND(P21="C",P20="D"),"CF",IF(P21="C","C",IF(AND(P21="L",P20="F"),"LF",IF(AND(P21="L",P20="D"),"LF", IF(P21="L","L",IF(P21="SC","PS", IF(P21="SA","PS",IF(P21="TV","PS", IF(P21="MI","PS", IF(P21="MT","PS", IF(P21="URG","URGO","")))))))))))))))))))))))))) -> N | Q22: =IF(AND(Q21="URG",Q20="S"),"URGS",IF(AND(Q21="N",Q20="F",R20="F"),"NFFF",IF(AND(Q21="N",Q20="D",R20="F"),"NFF",IF(AND(Q21="N",Q20="D"),"NFO",IF(AND(Q21="N",Q20="S"),"NFS",IF(AND(Q21="N",Q20="F"),"NF",IF(AND(Q21="N",Q20="D"),"NF",IF(Q21="N","N",IF(AND(Q21="M",Q20="F"),"MF",IF(AND(Q21="M",Q20="D"),"MF",IF(Q21="M","M",IF(AND(Q21="T",Q20="F"),"TF",IF(AND(Q21="T",Q20="D"),"TF",IF(Q21="T","T",IF(AND(Q21="C",Q20="F"),"CF",IF(AND(Q21="C",Q20="D"),"CF",IF(Q21="C","C",IF(AND(Q21="L",Q20="F"),"LF",IF(AND(Q21="L",Q20="D"),"LF", IF(Q21="L","L",IF(Q21="SC","PS", IF(Q21="SA","PS",IF(Q21="TV","PS", IF(Q21="MI","PS", IF(Q21="MT","PS", IF(Q21="URG","URGO","")))))))))))))))))))))))))) -> N | ... AI22: =IF(AND(AI21="URG",AI20="S"),"URGS",IF(AND(AI21="N",AI20="F",AJ20="F"),"NFFF",IF(AND(AI21="N",AI20="D",AJ20="F"),"NFF",IF(AND(AI21="N",AI20="D"),"NFO",IF(AND(AI21="N",AI20="S"),"NFS",IF(AND(AI21="N",AI20="F"),"NF",IF(AND(AI21="N",AI20="D"),"NF",IF(AI21="N","N",IF(AND(AI21="M",AI20="F"),"MF",IF(AND(AI21="M",AI20="D"),"MF",IF(AI21="M","M",IF(AND(AI21="T",AI20="F"),"TF",IF(AND(AI21="T",AI20="D"),"TF",IF(AI21="T","T",IF(AND(AI21="C",AI20="F"),"CF",IF(AND(AI21="C",AI20="D"),"CF",IF(AI21="C","C",IF(AND(AI21="L",AI20="F"),"LF",IF(AND(AI21="L",AI20="D"),"LF", IF(AI21="L","L",IF(AI21="SC","PS", IF(AI21="SA","PS",IF(AI21="TV","PS", IF(AI21="MI","PS", IF(AI21="MT","PS", IF(AI21="URG","URGO",""))))))))))))))))))))))))))
A23: Hora Diurna Ordinaria | B23: =SUM(E23:AI23) -> 0 | C23: =B19/240 -> 8640.9721 | D23: =B23*C23*0 -> 0 | E23: =IF(E27>0,(IF(AND(E22="PS",E20="S"),4,IF(E22="M",6,IF(E22="T",5,IF(E22="C",11,IF(E22="N",0,IF(E22="NF",0,IF(E22="NFO",0, IF(E22="URGS",4,IF(E22="URGO",8, IF(E22="PS",8,""))))))))))-E27), IF(AND(E22="PS",E20="S"),4,IF(E22="M",6,IF(E22="T",5,IF(E22="C",11,IF(E22="N",0,IF(E22="NF",0,IF(E22="NFO",0, IF(E22="URGS",4,IF(E22="URGO",8, IF(E22="PS",8,""))))))))))) -> 0 | F23: =IF(F27>0,(IF(AND(F22="PS",F20="S"),4,IF(F22="M",6,IF(F22="T",5,IF(F22="C",11,IF(F22="N",0,IF(F22="NF",0,IF(F22="NFO",0, IF(F22="URGS",4,IF(F22="URGO",8, IF(F22="PS",8,""))))))))))-F27), IF(AND(F22="PS",F20="S"),4,IF(F22="M",6,IF(F22="T",5,IF(F22="C",11,IF(F22="N",0,IF(F22="NF",0,IF(F22="NFO",0, IF(F22="URGS",4,IF(F22="URGO",8, IF(F22="PS",8,""))))))))))) -> 0 | G23: =IF(G27>0,(IF(AND(G22="PS",G20="S"),4,IF(G22="M",6,IF(G22="T",5,IF(G22="C",11,IF(G22="N",0,IF(G22="NF",0,IF(G22="NFO",0, IF(G22="URGS",4,IF(G22="URGO",8, IF(G22="PS",8,""))))))))))-G27), IF(AND(G22="PS",G20="S"),4,IF(G22="M",6,IF(G22="T",5,IF(G22="C",11,IF(G22="N",0,IF(G22="NF",0,IF(G22="NFO",0, IF(G22="URGS",4,IF(G22="URGO",8, IF(G22="PS",8,""))))))))))) -> 0 | H23: =IF(H27>0,(IF(AND(H22="PS",H20="S"),4,IF(H22="M",6,IF(H22="T",5,IF(H22="C",11,IF(H22="N",0,IF(H22="NF",0,IF(H22="NFO",0, IF(H22="URGS",4,IF(H22="URGO",8, IF(H22="PS",8,""))))))))))-H27), IF(AND(H22="PS",H20="S"),4,IF(H22="M",6,IF(H22="T",5,IF(H22="C",11,IF(H22="N",0,IF(H22="NF",0,IF(H22="NFO",0, IF(H22="URGS",4,IF(H22="URGO",8, IF(H22="PS",8,""))))))))))) -> 0 | I23: =IF(I27>0,(IF(AND(I22="PS",I20="S"),4,IF(I22="M",6,IF(I22="T",5,IF(I22="C",11,IF(I22="N",0,IF(I22="NF",0,IF(I22="NFO",0, IF(I22="URGS",4,IF(I22="URGO",8, IF(I22="PS",8,""))))))))))-I27), IF(AND(I22="PS",I20="S"),4,IF(I22="M",6,IF(I22="T",5,IF(I22="C",11,IF(I22="N",0,IF(I22="NF",0,IF(I22="NFO",0, IF(I22="URGS",4,IF(I22="URGO",8, IF(I22="PS",8,""))))))))))) | J23: =IF(J27>0,(IF(AND(J22="PS",J20="S"),4,IF(J22="M",6,IF(J22="T",5,IF(J22="C",11,IF(J22="N",0,IF(J22="NF",0,IF(J22="NFO",0, IF(J22="URGS",4,IF(J22="URGO",8, IF(J22="PS",8,""))))))))))-J27), IF(AND(J22="PS",J20="S"),4,IF(J22="M",6,IF(J22="T",5,IF(J22="C",11,IF(J22="N",0,IF(J22="NF",0,IF(J22="NFO",0, IF(J22="URGS",4,IF(J22="URGO",8, IF(J22="PS",8,""))))))))))) -> 0 | K23: =IF(K27>0,(IF(AND(K22="PS",K20="S"),4,IF(K22="M",6,IF(K22="T",5,IF(K22="C",11,IF(K22="N",0,IF(K22="NF",0,IF(K22="NFO",0, IF(K22="URGS",4,IF(K22="URGO",8, IF(K22="PS",8,""))))))))))-K27), IF(AND(K22="PS",K20="S"),4,IF(K22="M",6,IF(K22="T",5,IF(K22="C",11,IF(K22="N",0,IF(K22="NF",0,IF(K22="NFO",0, IF(K22="URGS",4,IF(K22="URGO",8, IF(K22="PS",8,""))))))))))) | L23: =IF(L27>0,(IF(AND(L22="PS",L20="S"),4,IF(L22="M",6,IF(L22="T",5,IF(L22="C",11,IF(L22="N",0,IF(L22="NF",0,IF(L22="NFO",0, IF(L22="URGS",4,IF(L22="URGO",8, IF(L22="PS",8,""))))))))))-L27), IF(AND(L22="PS",L20="S"),4,IF(L22="M",6,IF(L22="T",5,IF(L22="C",11,IF(L22="N",0,IF(L22="NF",0,IF(L22="NFO",0, IF(L22="URGS",4,IF(L22="URGO",8, IF(L22="PS",8,""))))))))))) -> 0 | ... AI23: =IF(AI27>0,(IF(AND(AI22="PS",AI20="S"),4,IF(AI22="M",6,IF(AI22="T",5,IF(AI22="C",11,IF(AI22="N",0,IF(AI22="NF",0,IF(AI22="NFO",0, IF(AI22="URGS",4,IF(AI22="URGO",8, IF(AI22="PS",8,""))))))))))-AI27), IF(AND(AI22="PS",AI20="S"),4,IF(AI22="M",6,IF(AI22="T",5,IF(AI22="C",11,IF(AI22="N",0,IF(AI22="NF",0,IF(AI22="NFO",0, IF(AI22="URGS",4,IF(AI22="URGO",8, IF(AI22="PS",8,"")))))))))))
A24: Hora Nocturna Ordinaria | B24: =SUM(E24:AI24) -> 184 | C24: =B19/240*35% -> 3024.3402 | D24: =B24*C24 -> 556478.6 | E24: =IF(E28>0,(IF(E22="T",1,IF(E22="C",0,IF(E22="N",11,IF(E22="NF",6, IF(E22="NFO",6, IF(E22="NFS",2,""))))))-E28), IF(E22="T",1,IF(E22="C",0,IF(E22="N",8,IF(E22="NF",6, IF(E22="NFO",6, IF(E22="NFS",2,""))))))) -> 6 | F24: =IF(F28>0,(IF(F22="T",1,IF(F22="C",0,IF(F22="N",11,IF(F22="NF",6, IF(F22="NFO",6, IF(F22="NFS",2,""))))))-F28), IF(F22="T",1,IF(F22="C",0,IF(F22="N",8,IF(F22="NF",6, IF(F22="NFO",6, IF(F22="NFS",2,""))))))) -> 8 | G24: =IF(G28>0,(IF(G22="T",1,IF(G22="C",0,IF(G22="N",11,IF(G22="NF",6, IF(G22="NFO",6, IF(G22="NFS",2,""))))))-G28), IF(G22="T",1,IF(G22="C",0,IF(G22="N",8,IF(G22="NF",6, IF(G22="NFO",6, IF(G22="NFS",2,""))))))) -> 8 | H24: =IF(H28>0,(IF(H22="T",1,IF(H22="C",0,IF(H22="N",11,IF(H22="NF",6, IF(H22="NFO",6, IF(H22="NFS",2,""))))))-H28), IF(H22="T",1,IF(H22="C",0,IF(H22="N",8,IF(H22="NF",6, IF(H22="NFO",6, IF(H22="NFS",2,""))))))) -> 8 | I24: =IF(I28>0,(IF(I22="T",1,IF(I22="C",0,IF(I22="N",11,IF(I22="NF",6, IF(I22="NFO",6, IF(I22="NFS",2,""))))))-I28), IF(I22="T",1,IF(I22="C",0,IF(I22="N",8,IF(I22="NF",6, IF(I22="NFO",6, IF(I22="NFS",2,""))))))) | J24: =IF(J28>0,(IF(J22="T",1,IF(J22="C",0,IF(J22="N",11,IF(J22="NF",6, IF(J22="NFO",6, IF(J22="NFS",2,""))))))-J28), IF(J22="T",1,IF(J22="C",0,IF(J22="N",8,IF(J22="NF",6, IF(J22="NFO",6, IF(J22="NFS",2,""))))))) -> 8 | K24: =IF(K28>0,(IF(K22="T",1,IF(K22="C",0,IF(K22="N",11,IF(K22="NF",6, IF(K22="NFO",6, IF(K22="NFS",2,""))))))-K28), IF(K22="T",1,IF(K22="C",0,IF(K22="N",8,IF(K22="NF",6, IF(K22="NFO",6, IF(K22="NFS",2,""))))))) -> 2 | L24: =IF(L28>0,(IF(L22="T",1,IF(L22="C",0,IF(L22="N",11,IF(L22="NF",6, IF(L22="NFO",6, IF(L22="NFS",2,""))))))-L28), IF(L22="T",1,IF(L22="C",0,IF(L22="N",8,IF(L22="NF",6, IF(L22="NFO",6, IF(L22="NFS",2,""))))))) -> 6 | ... AI24: =IF(AI28>0,(IF(AI22="T",1,IF(AI22="C",0,IF(AI22="N",11,IF(AI22="NF",6, IF(AI22="NFO",6, IF(AI22="NFS",2,""))))))-AI28), IF(AI22="T",1,IF(AI22="C",0,IF(AI22="N",8,IF(AI22="NF",6, IF(AI22="NFO",6, IF(AI22="NFS",2,"")))))))
A25: Hora Diurna Festiva | B25: =SUM(E25:AI25) -> 0 | C25: =B19/240*180% -> 15553.75 | D25: =B25*C25 -> 0 | E25: =IF(E29>0, (IF(E22="MF",8,IF(E22="TF",7,IF(E22="CF",12,IF(E22="NF",0, IF(E22="NFS",0, IF(E22="NFF",0, IF(E22="NFFF",0,"")))))))-E29), IF(E22="MF",8,IF(E22="TF",7,IF(E22="CF",12,IF(E22="NF",0, IF(E22="NFS",0, IF(E22="NFF",0, IF(E22="NFFF",0,"")))))))) | F25: =IF(F29>0, (IF(F22="MF",8,IF(F22="TF",7,IF(F22="CF",12,IF(F22="NF",0, IF(F22="NFS",0, IF(F22="NFF",0, IF(F22="NFFF",0,"")))))))-F29), IF(F22="MF",8,IF(F22="TF",7,IF(F22="CF",12,IF(F22="NF",0, IF(F22="NFS",0, IF(F22="NFF",0, IF(F22="NFFF",0,"")))))))) | G25: =IF(G29>0, (IF(G22="MF",8,IF(G22="TF",7,IF(G22="CF",12,IF(G22="NF",0, IF(G22="NFS",0, IF(G22="NFF",0, IF(G22="NFFF",0,"")))))))-G29), IF(G22="MF",8,IF(G22="TF",7,IF(G22="CF",12,IF(G22="NF",0, IF(G22="NFS",0, IF(G22="NFF",0, IF(G22="NFFF",0,"")))))))) | H25: =IF(H29>0, (IF(H22="MF",8,IF(H22="TF",7,IF(H22="CF",12,IF(H22="NF",0, IF(H22="NFS",0, IF(H22="NFF",0, IF(H22="NFFF",0,"")))))))-H29), IF(H22="MF",8,IF(H22="TF",7,IF(H22="CF",12,IF(H22="NF",0, IF(H22="NFS",0, IF(H22="NFF",0, IF(H22="NFFF",0,"")))))))) | I25: =IF(I29>0, (IF(I22="MF",8,IF(I22="TF",7,IF(I22="CF",12,IF(I22="NF",0, IF(I22="NFS",0, IF(I22="NFF",0, IF(I22="NFFF",0,"")))))))-I29), IF(I22="MF",8,IF(I22="TF",7,IF(I22="CF",12,IF(I22="NF",0, IF(I22="NFS",0, IF(I22="NFF",0, IF(I22="NFFF",0,"")))))))) | J25: =IF(J29>0, (IF(J22="MF",8,IF(J22="TF",7,IF(J22="CF",12,IF(J22="NF",0, IF(J22="NFS",0, IF(J22="NFF",0, IF(J22="NFFF",0,"")))))))-J29), IF(J22="MF",8,IF(J22="TF",7,IF(J22="CF",12,IF(J22="NF",0, IF(J22="NFS",0, IF(J22="NFF",0, IF(J22="NFFF",0,"")))))))) | K25: =IF(K29>0, (IF(K22="MF",8,IF(K22="TF",7,IF(K22="CF",12,IF(K22="NF",0, IF(K22="NFS",0, IF(K22="NFF",0, IF(K22="NFFF",0,"")))))))-K29), IF(K22="MF",8,IF(K22="TF",7,IF(K22="CF",12,IF(K22="NF",0, IF(K22="NFS",0, IF(K22="NFF",0, IF(K22="NFFF",0,"")))))))) -> 0 | L25: =IF(L29>0, (IF(L22="MF",8,IF(L22="TF",7,IF(L22="CF",12,IF(L22="NF",0, IF(L22="NFS",0, IF(L22="NFF",0, IF(L22="NFFF",0,"")))))))-L29), IF(L22="MF",8,IF(L22="TF",7,IF(L22="CF",12,IF(L22="NF",0, IF(L22="NFS",0, IF(L22="NFF",0, IF(L22="NFFF",0,"")))))))) | ... AI25: =IF(AI29>0, (IF(AI22="MF",8,IF(AI22="TF",7,IF(AI22="CF",12,IF(AI22="NF",0, IF(AI22="NFS",0, IF(AI22="NFF",0, IF(AI22="NFFF",0,"")))))))-AI29), IF(AI22="MF",8,IF(AI22="TF",7,IF(AI22="CF",12,IF(AI22="NF",0, IF(AI22="NFS",0, IF(AI22="NFF",0, IF(AI22="NFFF",0,""))))))))
A26: Hora Nocturna Festiva | B26: =SUM(E26:AI26) -> 32 | C26: =B19/240*215% -> 18578.09 | D26: =B26*C26 -> 594498.88 | E26: =IF(E30>0,( IF(E22="TF",1,IF(E22="CF",1,IF(E22="NF",5, IF(E22="NFO",2, IF(E22="NFS",6, IF(E22="NFF",8, IF(E22="NFFF",8,"")))))))-E30), IF(E22="TF",1,IF(E22="CF",1,IF(E22="NF",2, IF(E22="NFO",2, IF(E22="NFS",6, IF(E22="NFF",8, IF(E22="NFFF",8,"")))))))) -> 2 | F26: =IF(F30>0,( IF(F22="TF",1,IF(F22="CF",1,IF(F22="NF",5, IF(F22="NFO",2, IF(F22="NFS",6, IF(F22="NFF",8, IF(F22="NFFF",8,"")))))))-F30), IF(F22="TF",1,IF(F22="CF",1,IF(F22="NF",2, IF(F22="NFO",2, IF(F22="NFS",6, IF(F22="NFF",8, IF(F22="NFFF",8,"")))))))) | G26: =IF(G30>0,( IF(G22="TF",1,IF(G22="CF",1,IF(G22="NF",5, IF(G22="NFO",2, IF(G22="NFS",6, IF(G22="NFF",8, IF(G22="NFFF",8,"")))))))-G30), IF(G22="TF",1,IF(G22="CF",1,IF(G22="NF",2, IF(G22="NFO",2, IF(G22="NFS",6, IF(G22="NFF",8, IF(G22="NFFF",8,"")))))))) | H26: =IF(H30>0,( IF(H22="TF",1,IF(H22="CF",1,IF(H22="NF",5, IF(H22="NFO",2, IF(H22="NFS",6, IF(H22="NFF",8, IF(H22="NFFF",8,"")))))))-H30), IF(H22="TF",1,IF(H22="CF",1,IF(H22="NF",2, IF(H22="NFO",2, IF(H22="NFS",6, IF(H22="NFF",8, IF(H22="NFFF",8,"")))))))) | I26: =IF(I30>0,( IF(I22="TF",1,IF(I22="CF",1,IF(I22="NF",5, IF(I22="NFO",2, IF(I22="NFS",6, IF(I22="NFF",8, IF(I22="NFFF",8,"")))))))-I30), IF(I22="TF",1,IF(I22="CF",1,IF(I22="NF",2, IF(I22="NFO",2, IF(I22="NFS",6, IF(I22="NFF",8, IF(I22="NFFF",8,"")))))))) | J26: =IF(J30>0,( IF(J22="TF",1,IF(J22="CF",1,IF(J22="NF",5, IF(J22="NFO",2, IF(J22="NFS",6, IF(J22="NFF",8, IF(J22="NFFF",8,"")))))))-J30), IF(J22="TF",1,IF(J22="CF",1,IF(J22="NF",2, IF(J22="NFO",2, IF(J22="NFS",6, IF(J22="NFF",8, IF(J22="NFFF",8,"")))))))) | K26: =IF(K30>0,( IF(K22="TF",1,IF(K22="CF",1,IF(K22="NF",5, IF(K22="NFO",2, IF(K22="NFS",6, IF(K22="NFF",8, IF(K22="NFFF",8,"")))))))-K30), IF(K22="TF",1,IF(K22="CF",1,IF(K22="NF",2, IF(K22="NFO",2, IF(K22="NFS",6, IF(K22="NFF",8, IF(K22="NFFF",8,"")))))))) -> 6 | L26: =IF(L30>0,( IF(L22="TF",1,IF(L22="CF",1,IF(L22="NF",5, IF(L22="NFO",2, IF(L22="NFS",6, IF(L22="NFF",8, IF(L22="NFFF",8,"")))))))-L30), IF(L22="TF",1,IF(L22="CF",1,IF(L22="NF",2, IF(L22="NFO",2, IF(L22="NFS",6, IF(L22="NFF",8, IF(L22="NFFF",8,"")))))))) -> 2 | ... AI26: =IF(AI30>0,( IF(AI22="TF",1,IF(AI22="CF",1,IF(AI22="NF",5, IF(AI22="NFO",2, IF(AI22="NFS",6, IF(AI22="NFF",8, IF(AI22="NFFF",8,"")))))))-AI30), IF(AI22="TF",1,IF(AI22="CF",1,IF(AI22="NF",2, IF(AI22="NFO",2, IF(AI22="NFS",6, IF(AI22="NFF",8, IF(AI22="NFFF",8,""))))))))
A27: Hora Diurna Extra | B27: =SUM(E27:AK27) -> 0 | C27: =B19/240*125% -> 10801.215 | D27: =B27*C27 -> 0
A28: Hora Nocturna Extra | B28: =SUM(E28:AK28) -> 0 | C28: =B19/240*175% -> 15121.701 | D28: =B28*C28 -> 0
A29: Hora Diurna Extra Festiva | B29: =SUM(E29:AK29) -> 0 | C29: =B19/240*200% -> 17281.944 | D29: =B29*C29 -> 0
A30: Hora Nocturna Extra Festiva | B30: =SUM(E30:AK30) -> 0 | C30: =B19/240*250% -> 21602.43 | D30: =B30*C30 -> 0
B31: =SUM(B23:B30) -> 216 | D31: =ROUND((SUM(D23:D30)),0) -> 1150977
B32: =SUM(B23:B26)-$AL$4 -> 40
A33: Sueldo Básico MARZO 2026 | B33: =B19 -> 2073833.3 | E33: =+D33+1 -> 1 | F33: =+E33+1 -> 2 | G33: =+F33+1 -> 3 | H33: =+G33+1 -> 4 | I33: =+H33+1 -> 5 | J33: =+I33+1 -> 6 | K33: =+J33+1 -> 7 | L33: =+K33+1 -> 8 | ... AF33: =+AE33+1 -> 28 | AG33: 29 | AH33: 30 | AI33: 31
B34: # H | C34: Vr.Hora | D34: Vr.Total | E34: D | F34: L | G34: M | H34: M | I34: J | J34: V | K34: S | L34: D | M34: L | N34: M | O34: M | P34: J | Q34: V | R34: S | S34: D | T34: L | U34: M | V34: M | W34: J | X34: V | Y34: S | Z34: D | AA34: F | AB34: M | AC34: M | AD34: J | AE34: V | AF34: S | AG34: D | AH34: L | AI34: M
A35: Turno | B35: APH | E35: N | F35: N | G35: N | H35: N | I35: N | J35: N | K35: N | L35: N | M35: N | N35: N | O35: N | P35: N | Q35: N | R35: N | S35: N | T35: N | U35: N | V35: N | W35: N | X35: N | Y35: N | Z35: N | AA35: N | AB35: N | AC35: N | AD35: N | AE35: N | AF35: N | AG35: N | AH35: N | AI35: N
A36: FORMULA NO BORRAR | E36: =IF(AND(E35="URG",E34="S"),"URGS",IF(AND(E35="N",E34="F",F34="F"),"NFFF",IF(AND(E35="N",E34="D",F34="F"),"NFF",IF(AND(E35="N",E34="D"),"NFO",IF(AND(E35="N",E34="S"),"NFS",IF(AND(E35="N",E34="F"),"NF",IF(AND(E35="N",E34="D"),"NF",IF(E35="N","N",IF(AND(E35="M",E34="F"),"MF",IF(AND(E35="M",E34="D"),"MF",IF(E35="M","M",IF(AND(E35="T",E34="F"),"TF",IF(AND(E35="T",E34="D"),"TF",IF(E35="T","T",IF(AND(E35="C",E34="F"),"CF",IF(AND(E35="C",E34="D"),"CF",IF(E35="C","C",IF(AND(E35="L",E34="F"),"LF",IF(AND(E35="L",E34="D"),"LF", IF(E35="L","L",IF(E35="SC","PS", IF(E35="SA","PS",IF(E35="TV","PS", IF(E35="MI","PS", IF(E35="MT","PS", IF(E35="URG","URGO","")))))))))))))))))))))))))) -> NFO | F36: =IF(AND(F35="URG",F34="S"),"URGS",IF(AND(F35="N",F34="F",G34="F"),"NFFF",IF(AND(F35="N",F34="D",G34="F"),"NFF",IF(AND(F35="N",F34="D"),"NFO",IF(AND(F35="N",F34="S"),"NFS",IF(AND(F35="N",F34="F"),"NF",IF(AND(F35="N",F34="D"),"NF",IF(F35="N","N",IF(AND(F35="M",F34="F"),"MF",IF(AND(F35="M",F34="D"),"MF",IF(F35="M","M",IF(AND(F35="T",F34="F"),"TF",IF(AND(F35="T",F34="D"),"TF",IF(F35="T","T",IF(AND(F35="C",F34="F"),"CF",IF(AND(F35="C",F34="D"),"CF",IF(F35="C","C",IF(AND(F35="L",F34="F"),"LF",IF(AND(F35="L",F34="D"),"LF", IF(F35="L","L",IF(F35="SC","PS", IF(F35="SA","PS",IF(F35="TV","PS", IF(F35="MI","PS", IF(F35="MT","PS", IF(F35="URG","URGO","")))))))))))))))))))))))))) -> N | G36: =IF(AND(G35="URG",G34="S"),"URGS",IF(AND(G35="N",G34="F",H34="F"),"NFFF",IF(AND(G35="N",G34="D",H34="F"),"NFF",IF(AND(G35="N",G34="D"),"NFO",IF(AND(G35="N",G34="S"),"NFS",IF(AND(G35="N",G34="F"),"NF",IF(AND(G35="N",G34="D"),"NF",IF(G35="N","N",IF(AND(G35="M",G34="F"),"MF",IF(AND(G35="M",G34="D"),"MF",IF(G35="M","M",IF(AND(G35="T",G34="F"),"TF",IF(AND(G35="T",G34="D"),"TF",IF(G35="T","T",IF(AND(G35="C",G34="F"),"CF",IF(AND(G35="C",G34="D"),"CF",IF(G35="C","C",IF(AND(G35="L",G34="F"),"LF",IF(AND(G35="L",G34="D"),"LF", IF(G35="L","L",IF(G35="SC","PS", IF(G35="SA","PS",IF(G35="TV","PS", IF(G35="MI","PS", IF(G35="MT","PS", IF(G35="URG","URGO","")))))))))))))))))))))))))) -> N | H36: =IF(AND(H35="URG",H34="S"),"URGS",IF(AND(H35="N",H34="F",I34="F"),"NFFF",IF(AND(H35="N",H34="D",I34="F"),"NFF",IF(AND(H35="N",H34="D"),"NFO",IF(AND(H35="N",H34="S"),"NFS",IF(AND(H35="N",H34="F"),"NF",IF(AND(H35="N",H34="D"),"NF",IF(H35="N","N",IF(AND(H35="M",H34="F"),"MF",IF(AND(H35="M",H34="D"),"MF",IF(H35="M","M",IF(AND(H35="T",H34="F"),"TF",IF(AND(H35="T",H34="D"),"TF",IF(H35="T","T",IF(AND(H35="C",H34="F"),"CF",IF(AND(H35="C",H34="D"),"CF",IF(H35="C","C",IF(AND(H35="L",H34="F"),"LF",IF(AND(H35="L",H34="D"),"LF", IF(H35="L","L",IF(H35="SC","PS", IF(H35="SA","PS",IF(H35="TV","PS", IF(H35="MI","PS", IF(H35="MT","PS", IF(H35="URG","URGO","")))))))))))))))))))))))))) -> N | J36: =IF(AND(J35="URG",J34="S"),"URGS",IF(AND(J35="N",J34="F",K34="F"),"NFFF",IF(AND(J35="N",J34="D",K34="F"),"NFF",IF(AND(J35="N",J34="D"),"NFO",IF(AND(J35="N",J34="S"),"NFS",IF(AND(J35="N",J34="F"),"NF",IF(AND(J35="N",J34="D"),"NF",IF(J35="N","N",IF(AND(J35="M",J34="F"),"MF",IF(AND(J35="M",J34="D"),"MF",IF(J35="M","M",IF(AND(J35="T",J34="F"),"TF",IF(AND(J35="T",J34="D"),"TF",IF(J35="T","T",IF(AND(J35="C",J34="F"),"CF",IF(AND(J35="C",J34="D"),"CF",IF(J35="C","C",IF(AND(J35="L",J34="F"),"LF",IF(AND(J35="L",J34="D"),"LF", IF(J35="L","L",IF(J35="SC","PS", IF(J35="SA","PS",IF(J35="TV","PS", IF(J35="MI","PS", IF(J35="MT","PS", IF(J35="URG","URGO","")))))))))))))))))))))))))) -> N | K36: =IF(AND(K35="URG",K34="S"),"URGS",IF(AND(K35="N",K34="F",L34="F"),"NFFF",IF(AND(K35="N",K34="D",L34="F"),"NFF",IF(AND(K35="N",K34="D"),"NFO",IF(AND(K35="N",K34="S"),"NFS",IF(AND(K35="N",K34="F"),"NF",IF(AND(K35="N",K34="D"),"NF",IF(K35="N","N",IF(AND(K35="M",K34="F"),"MF",IF(AND(K35="M",K34="D"),"MF",IF(K35="M","M",IF(AND(K35="T",K34="F"),"TF",IF(AND(K35="T",K34="D"),"TF",IF(K35="T","T",IF(AND(K35="C",K34="F"),"CF",IF(AND(K35="C",K34="D"),"CF",IF(K35="C","C",IF(AND(K35="L",K34="F"),"LF",IF(AND(K35="L",K34="D"),"LF", IF(K35="L","L",IF(K35="SC","PS", IF(K35="SA","PS",IF(K35="TV","PS", IF(K35="MI","PS", IF(K35="MT","PS", IF(K35="URG","URGO","")))))))))))))))))))))))))) -> NFS | L36: =IF(AND(L35="URG",L34="S"),"URGS",IF(AND(L35="N",L34="F",M34="F"),"NFFF",IF(AND(L35="N",L34="D",M34="F"),"NFF",IF(AND(L35="N",L34="D"),"NFO",IF(AND(L35="N",L34="S"),"NFS",IF(AND(L35="N",L34="F"),"NF",IF(AND(L35="N",L34="D"),"NF",IF(L35="N","N",IF(AND(L35="M",L34="F"),"MF",IF(AND(L35="M",L34="D"),"MF",IF(L35="M","M",IF(AND(L35="T",L34="F"),"TF",IF(AND(L35="T",L34="D"),"TF",IF(L35="T","T",IF(AND(L35="C",L34="F"),"CF",IF(AND(L35="C",L34="D"),"CF",IF(L35="C","C",IF(AND(L35="L",L34="F"),"LF",IF(AND(L35="L",L34="D"),"LF", IF(L35="L","L",IF(L35="SC","PS", IF(L35="SA","PS",IF(L35="TV","PS", IF(L35="MI","PS", IF(L35="MT","PS", IF(L35="URG","URGO","")))))))))))))))))))))))))) -> NFO | M36: =IF(AND(M35="URG",M34="S"),"URGS",IF(AND(M35="N",M34="F",N34="F"),"NFFF",IF(AND(M35="N",M34="D",N34="F"),"NFF",IF(AND(M35="N",M34="D"),"NFO",IF(AND(M35="N",M34="S"),"NFS",IF(AND(M35="N",M34="F"),"NF",IF(AND(M35="N",M34="D"),"NF",IF(M35="N","N",IF(AND(M35="M",M34="F"),"MF",IF(AND(M35="M",M34="D"),"MF",IF(M35="M","M",IF(AND(M35="T",M34="F"),"TF",IF(AND(M35="T",M34="D"),"TF",IF(M35="T","T",IF(AND(M35="C",M34="F"),"CF",IF(AND(M35="C",M34="D"),"CF",IF(M35="C","C",IF(AND(M35="L",M34="F"),"LF",IF(AND(M35="L",M34="D"),"LF", IF(M35="L","L",IF(M35="SC","PS", IF(M35="SA","PS",IF(M35="TV","PS", IF(M35="MI","PS", IF(M35="MT","PS", IF(M35="URG","URGO","")))))))))))))))))))))))))) -> N | N36: =IF(AND(N35="URG",N34="S"),"URGS",IF(AND(N35="N",N34="F",O34="F"),"NFFF",IF(AND(N35="N",N34="D",O34="F"),"NFF",IF(AND(N35="N",N34="D"),"NFO",IF(AND(N35="N",N34="S"),"NFS",IF(AND(N35="N",N34="F"),"NF",IF(AND(N35="N",N34="D"),"NF",IF(N35="N","N",IF(AND(N35="M",N34="F"),"MF",IF(AND(N35="M",N34="D"),"MF",IF(N35="M","M",IF(AND(N35="T",N34="F"),"TF",IF(AND(N35="T",N34="D"),"TF",IF(N35="T","T",IF(AND(N35="C",N34="F"),"CF",IF(AND(N35="C",N34="D"),"CF",IF(N35="C","C",IF(AND(N35="L",N34="F"),"LF",IF(AND(N35="L",N34="D"),"LF", IF(N35="L","L",IF(N35="SC","PS", IF(N35="SA","PS",IF(N35="TV","PS", IF(N35="MI","PS", IF(N35="MT","PS", IF(N35="URG","URGO","")))))))))))))))))))))))))) -> N | O36: =IF(AND(O35="URG",O34="S"),"URGS",IF(AND(O35="N",O34="F",P34="F"),"NFFF",IF(AND(O35="N",O34="D",P34="F"),"NFF",IF(AND(O35="N",O34="D"),"NFO",IF(AND(O35="N",O34="S"),"NFS",IF(AND(O35="N",O34="F"),"NF",IF(AND(O35="N",O34="D"),"NF",IF(O35="N","N",IF(AND(O35="M",O34="F"),"MF",IF(AND(O35="M",O34="D"),"MF",IF(O35="M","M",IF(AND(O35="T",O34="F"),"TF",IF(AND(O35="T",O34="D"),"TF",IF(O35="T","T",IF(AND(O35="C",O34="F"),"CF",IF(AND(O35="C",O34="D"),"CF",IF(O35="C","C",IF(AND(O35="L",O34="F"),"LF",IF(AND(O35="L",O34="D"),"LF", IF(O35="L","L",IF(O35="SC","PS", IF(O35="SA","PS",IF(O35="TV","PS", IF(O35="MI","PS", IF(O35="MT","PS", IF(O35="URG","URGO","")))))))))))))))))))))))))) -> N | P36: =IF(AND(P35="URG",P34="S"),"URGS",IF(AND(P35="N",P34="F",Q34="F"),"NFFF",IF(AND(P35="N",P34="D",Q34="F"),"NFF",IF(AND(P35="N",P34="D"),"NFO",IF(AND(P35="N",P34="S"),"NFS",IF(AND(P35="N",P34="F"),"NF",IF(AND(P35="N",P34="D"),"NF",IF(P35="N","N",IF(AND(P35="M",P34="F"),"MF",IF(AND(P35="M",P34="D"),"MF",IF(P35="M","M",IF(AND(P35="T",P34="F"),"TF",IF(AND(P35="T",P34="D"),"TF",IF(P35="T","T",IF(AND(P35="C",P34="F"),"CF",IF(AND(P35="C",P34="D"),"CF",IF(P35="C","C",IF(AND(P35="L",P34="F"),"LF",IF(AND(P35="L",P34="D"),"LF", IF(P35="L","L",IF(P35="SC","PS", IF(P35="SA","PS",IF(P35="TV","PS", IF(P35="MI","PS", IF(P35="MT","PS", IF(P35="URG","URGO","")))))))))))))))))))))))))) -> N | Q36: =IF(AND(Q35="URG",Q34="S"),"URGS",IF(AND(Q35="N",Q34="F",R34="F"),"NFFF",IF(AND(Q35="N",Q34="D",R34="F"),"NFF",IF(AND(Q35="N",Q34="D"),"NFO",IF(AND(Q35="N",Q34="S"),"NFS",IF(AND(Q35="N",Q34="F"),"NF",IF(AND(Q35="N",Q34="D"),"NF",IF(Q35="N","N",IF(AND(Q35="M",Q34="F"),"MF",IF(AND(Q35="M",Q34="D"),"MF",IF(Q35="M","M",IF(AND(Q35="T",Q34="F"),"TF",IF(AND(Q35="T",Q34="D"),"TF",IF(Q35="T","T",IF(AND(Q35="C",Q34="F"),"CF",IF(AND(Q35="C",Q34="D"),"CF",IF(Q35="C","C",IF(AND(Q35="L",Q34="F"),"LF",IF(AND(Q35="L",Q34="D"),"LF", IF(Q35="L","L",IF(Q35="SC","PS", IF(Q35="SA","PS",IF(Q35="TV","PS", IF(Q35="MI","PS", IF(Q35="MT","PS", IF(Q35="URG","URGO","")))))))))))))))))))))))))) -> N | ... AI36: =IF(AND(AI35="URG",AI34="S"),"URGS",IF(AND(AI35="N",AI34="F",AJ34="F"),"NFFF",IF(AND(AI35="N",AI34="D",AJ34="F"),"NFF",IF(AND(AI35="N",AI34="D"),"NFO",IF(AND(AI35="N",AI34="S"),"NFS",IF(AND(AI35="N",AI34="F"),"NF",IF(AND(AI35="N",AI34="D"),"NF",IF(AI35="N","N",IF(AND(AI35="M",AI34="F"),"MF",IF(AND(AI35="M",AI34="D"),"MF",IF(AI35="M","M",IF(AND(AI35="T",AI34="F"),"TF",IF(AND(AI35="T",AI34="D"),"TF",IF(AI35="T","T",IF(AND(AI35="C",AI34="F"),"CF",IF(AND(AI35="C",AI34="D"),"CF",IF(AI35="C","C",IF(AND(AI35="L",AI34="F"),"LF",IF(AND(AI35="L",AI34="D"),"LF", IF(AI35="L","L",IF(AI35="SC","PS", IF(AI35="SA","PS",IF(AI35="TV","PS", IF(AI35="MI","PS", IF(AI35="MT","PS", IF(AI35="URG","URGO","")))))))))))))))))))))))))) -> N
A37: Hora Diurna Ordinaria | B37: =SUM(E37:AK37) -> 0 | C37: =B33/240 -> 8640.9721 | D37: =B37*C37*0 -> 0 | E37: =IF(E41>0,(IF(AND(E36="PS",E34="S"),4,IF(E36="M",6,IF(E36="T",5,IF(E36="C",11,IF(E36="N",0,IF(E36="NF",0,IF(E36="NFO",0, IF(E36="URGS",4,IF(E36="URGO",8, IF(E36="PS",8,""))))))))))-E41), IF(AND(E36="PS",E34="S"),4,IF(E36="M",6,IF(E36="T",5,IF(E36="C",11,IF(E36="N",0,IF(E36="NF",0,IF(E36="NFO",0, IF(E36="URGS",4,IF(E36="URGO",8, IF(E36="PS",8,""))))))))))) -> 0 | F37: =IF(F41>0,(IF(AND(F36="PS",F34="S"),4,IF(F36="M",6,IF(F36="T",5,IF(F36="C",11,IF(F36="N",0,IF(F36="NF",0,IF(F36="NFO",0, IF(F36="URGS",4,IF(F36="URGO",8, IF(F36="PS",8,""))))))))))-F41), IF(AND(F36="PS",F34="S"),4,IF(F36="M",6,IF(F36="T",5,IF(F36="C",11,IF(F36="N",0,IF(F36="NF",0,IF(F36="NFO",0, IF(F36="URGS",4,IF(F36="URGO",8, IF(F36="PS",8,""))))))))))) -> 0 | G37: =IF(G41>0,(IF(AND(G36="PS",G34="S"),4,IF(G36="M",6,IF(G36="T",5,IF(G36="C",11,IF(G36="N",0,IF(G36="NF",0,IF(G36="NFO",0, IF(G36="URGS",4,IF(G36="URGO",8, IF(G36="PS",8,""))))))))))-G41), IF(AND(G36="PS",G34="S"),4,IF(G36="M",6,IF(G36="T",5,IF(G36="C",11,IF(G36="N",0,IF(G36="NF",0,IF(G36="NFO",0, IF(G36="URGS",4,IF(G36="URGO",8, IF(G36="PS",8,""))))))))))) -> 0 | H37: =IF(H41>0,(IF(AND(H36="PS",H34="S"),4,IF(H36="M",6,IF(H36="T",5,IF(H36="C",11,IF(H36="N",0,IF(H36="NF",0,IF(H36="NFO",0, IF(H36="URGS",4,IF(H36="URGO",8, IF(H36="PS",8,""))))))))))-H41), IF(AND(H36="PS",H34="S"),4,IF(H36="M",6,IF(H36="T",5,IF(H36="C",11,IF(H36="N",0,IF(H36="NF",0,IF(H36="NFO",0, IF(H36="URGS",4,IF(H36="URGO",8, IF(H36="PS",8,""))))))))))) -> 0 | I37: =IF(I41>0,(IF(AND(I36="PS",I34="S"),4,IF(I36="M",6,IF(I36="T",5,IF(I36="C",11,IF(I36="N",0,IF(I36="NF",0,IF(I36="NFO",0, IF(I36="URGS",4,IF(I36="URGO",8, IF(I36="PS",8,""))))))))))-I41), IF(AND(I36="PS",I34="S"),4,IF(I36="M",6,IF(I36="T",5,IF(I36="C",11,IF(I36="N",0,IF(I36="NF",0,IF(I36="NFO",0, IF(I36="URGS",4,IF(I36="URGO",8, IF(I36="PS",8,""))))))))))) | J37: =IF(J41>0,(IF(AND(J36="PS",J34="S"),4,IF(J36="M",6,IF(J36="T",5,IF(J36="C",11,IF(J36="N",0,IF(J36="NF",0,IF(J36="NFO",0, IF(J36="URGS",4,IF(J36="URGO",8, IF(J36="PS",8,""))))))))))-J41), IF(AND(J36="PS",J34="S"),4,IF(J36="M",6,IF(J36="T",5,IF(J36="C",11,IF(J36="N",0,IF(J36="NF",0,IF(J36="NFO",0, IF(J36="URGS",4,IF(J36="URGO",8, IF(J36="PS",8,""))))))))))) -> 0 | K37: =IF(K41>0,(IF(AND(K36="PS",K34="S"),4,IF(K36="M",6,IF(K36="T",5,IF(K36="C",11,IF(K36="N",0,IF(K36="NF",0,IF(K36="NFO",0, IF(K36="URGS",4,IF(K36="URGO",8, IF(K36="PS",8,""))))))))))-K41), IF(AND(K36="PS",K34="S"),4,IF(K36="M",6,IF(K36="T",5,IF(K36="C",11,IF(K36="N",0,IF(K36="NF",0,IF(K36="NFO",0, IF(K36="URGS",4,IF(K36="URGO",8, IF(K36="PS",8,""))))))))))) | L37: =IF(L41>0,(IF(AND(L36="PS",L34="S"),4,IF(L36="M",6,IF(L36="T",5,IF(L36="C",11,IF(L36="N",0,IF(L36="NF",0,IF(L36="NFO",0, IF(L36="URGS",4,IF(L36="URGO",8, IF(L36="PS",8,""))))))))))-L41), IF(AND(L36="PS",L34="S"),4,IF(L36="M",6,IF(L36="T",5,IF(L36="C",11,IF(L36="N",0,IF(L36="NF",0,IF(L36="NFO",0, IF(L36="URGS",4,IF(L36="URGO",8, IF(L36="PS",8,""))))))))))) -> 0 | ... AI37: =IF(AI41>0,(IF(AND(AI36="PS",AI34="S"),4,IF(AI36="M",6,IF(AI36="T",5,IF(AI36="C",11,IF(AI36="N",0,IF(AI36="NF",0,IF(AI36="NFO",0, IF(AI36="URGS",4,IF(AI36="URGO",8, IF(AI36="PS",8,""))))))))))-AI41), IF(AND(AI36="PS",AI34="S"),4,IF(AI36="M",6,IF(AI36="T",5,IF(AI36="C",11,IF(AI36="N",0,IF(AI36="NF",0,IF(AI36="NFO",0, IF(AI36="URGS",4,IF(AI36="URGO",8, IF(AI36="PS",8,""))))))))))) -> 0
A38: Hora Nocturna Ordinaria | B38: =SUM(E38:AK38) -> 198 | C38: =B33/240*35% -> 3024.3402 | D38: =B38*C38 -> 598819.37 | E38: =IF(E42>0,(IF(E36="T",1,IF(E36="C",0,IF(E36="N",11,IF(E36="NF",6, IF(E36="NFO",6, IF(E36="NFS",2,""))))))-E42), IF(E36="T",1,IF(E36="C",0,IF(E36="N",8,IF(E36="NF",6, IF(E36="NFO",6, IF(E36="NFS",2,""))))))) -> 6 | F38: =IF(F42>0,(IF(F36="T",1,IF(F36="C",0,IF(F36="N",11,IF(F36="NF",6, IF(F36="NFO",6, IF(F36="NFS",2,""))))))-F42), IF(F36="T",1,IF(F36="C",0,IF(F36="N",8,IF(F36="NF",6, IF(F36="NFO",6, IF(F36="NFS",2,""))))))) -> 8 | G38: =IF(G42>0,(IF(G36="T",1,IF(G36="C",0,IF(G36="N",11,IF(G36="NF",6, IF(G36="NFO",6, IF(G36="NFS",2,""))))))-G42), IF(G36="T",1,IF(G36="C",0,IF(G36="N",8,IF(G36="NF",6, IF(G36="NFO",6, IF(G36="NFS",2,""))))))) -> 8 | H38: =IF(H42>0,(IF(H36="T",1,IF(H36="C",0,IF(H36="N",11,IF(H36="NF",6, IF(H36="NFO",6, IF(H36="NFS",2,""))))))-H42), IF(H36="T",1,IF(H36="C",0,IF(H36="N",8,IF(H36="NF",6, IF(H36="NFO",6, IF(H36="NFS",2,""))))))) -> 8 | I38: =IF(I42>0,(IF(I36="T",1,IF(I36="C",0,IF(I36="N",11,IF(I36="NF",6, IF(I36="NFO",6, IF(I36="NFS",2,""))))))-I42), IF(I36="T",1,IF(I36="C",0,IF(I36="N",8,IF(I36="NF",6, IF(I36="NFO",6, IF(I36="NFS",2,""))))))) | J38: =IF(J42>0,(IF(J36="T",1,IF(J36="C",0,IF(J36="N",11,IF(J36="NF",6, IF(J36="NFO",6, IF(J36="NFS",2,""))))))-J42), IF(J36="T",1,IF(J36="C",0,IF(J36="N",8,IF(J36="NF",6, IF(J36="NFO",6, IF(J36="NFS",2,""))))))) -> 8 | K38: =IF(K42>0,(IF(K36="T",1,IF(K36="C",0,IF(K36="N",11,IF(K36="NF",6, IF(K36="NFO",6, IF(K36="NFS",2,""))))))-K42), IF(K36="T",1,IF(K36="C",0,IF(K36="N",8,IF(K36="NF",6, IF(K36="NFO",6, IF(K36="NFS",2,""))))))) -> 2 | L38: =IF(L42>0,(IF(L36="T",1,IF(L36="C",0,IF(L36="N",11,IF(L36="NF",6, IF(L36="NFO",6, IF(L36="NFS",2,""))))))-L42), IF(L36="T",1,IF(L36="C",0,IF(L36="N",8,IF(L36="NF",6, IF(L36="NFO",6, IF(L36="NFS",2,""))))))) -> 6 | ... AI38: =IF(AI42>0,(IF(AI36="T",1,IF(AI36="C",0,IF(AI36="N",11,IF(AI36="NF",6, IF(AI36="NFO",6, IF(AI36="NFS",2,""))))))-AI42), IF(AI36="T",1,IF(AI36="C",0,IF(AI36="N",8,IF(AI36="NF",6, IF(AI36="NFO",6, IF(AI36="NFS",2,""))))))) -> 8
A39: Hora Diurna Festiva | B39: =SUM(E39:AK39) -> 0 | C39: =B33/240*180% -> 15553.75 | D39: =B39*C39 -> 0 | E39: =IF(E43>0, (IF(E36="MF",8,IF(E36="TF",7,IF(E36="CF",12,IF(E36="NF",0, IF(E36="NFS",0, IF(E36="NFF",0, IF(E36="NFFF",0,"")))))))-E43), IF(E36="MF",8,IF(E36="TF",7,IF(E36="CF",12,IF(E36="NF",0, IF(E36="NFS",0, IF(E36="NFF",0, IF(E36="NFFF",0,"")))))))) | F39: =IF(F43>0, (IF(F36="MF",8,IF(F36="TF",7,IF(F36="CF",12,IF(F36="NF",0, IF(F36="NFS",0, IF(F36="NFF",0, IF(F36="NFFF",0,"")))))))-F43), IF(F36="MF",8,IF(F36="TF",7,IF(F36="CF",12,IF(F36="NF",0, IF(F36="NFS",0, IF(F36="NFF",0, IF(F36="NFFF",0,"")))))))) | G39: =IF(G43>0, (IF(G36="MF",8,IF(G36="TF",7,IF(G36="CF",12,IF(G36="NF",0, IF(G36="NFS",0, IF(G36="NFF",0, IF(G36="NFFF",0,"")))))))-G43), IF(G36="MF",8,IF(G36="TF",7,IF(G36="CF",12,IF(G36="NF",0, IF(G36="NFS",0, IF(G36="NFF",0, IF(G36="NFFF",0,"")))))))) | H39: =IF(H43>0, (IF(H36="MF",8,IF(H36="TF",7,IF(H36="CF",12,IF(H36="NF",0, IF(H36="NFS",0, IF(H36="NFF",0, IF(H36="NFFF",0,"")))))))-H43), IF(H36="MF",8,IF(H36="TF",7,IF(H36="CF",12,IF(H36="NF",0, IF(H36="NFS",0, IF(H36="NFF",0, IF(H36="NFFF",0,"")))))))) | I39: =IF(I43>0, (IF(I36="MF",8,IF(I36="TF",7,IF(I36="CF",12,IF(I36="NF",0, IF(I36="NFS",0, IF(I36="NFF",0, IF(I36="NFFF",0,"")))))))-I43), IF(I36="MF",8,IF(I36="TF",7,IF(I36="CF",12,IF(I36="NF",0, IF(I36="NFS",0, IF(I36="NFF",0, IF(I36="NFFF",0,"")))))))) | J39: =IF(J43>0, (IF(J36="MF",8,IF(J36="TF",7,IF(J36="CF",12,IF(J36="NF",0, IF(J36="NFS",0, IF(J36="NFF",0, IF(J36="NFFF",0,"")))))))-J43), IF(J36="MF",8,IF(J36="TF",7,IF(J36="CF",12,IF(J36="NF",0, IF(J36="NFS",0, IF(J36="NFF",0, IF(J36="NFFF",0,"")))))))) | K39: =IF(K43>0, (IF(K36="MF",8,IF(K36="TF",7,IF(K36="CF",12,IF(K36="NF",0, IF(K36="NFS",0, IF(K36="NFF",0, IF(K36="NFFF",0,"")))))))-K43), IF(K36="MF",8,IF(K36="TF",7,IF(K36="CF",12,IF(K36="NF",0, IF(K36="NFS",0, IF(K36="NFF",0, IF(K36="NFFF",0,"")))))))) -> 0 | L39: =IF(L43>0, (IF(L36="MF",8,IF(L36="TF",7,IF(L36="CF",12,IF(L36="NF",0, IF(L36="NFS",0, IF(L36="NFF",0, IF(L36="NFFF",0,"")))))))-L43), IF(L36="MF",8,IF(L36="TF",7,IF(L36="CF",12,IF(L36="NF",0, IF(L36="NFS",0, IF(L36="NFF",0, IF(L36="NFFF",0,"")))))))) | ... AI39: =IF(AI43>0, (IF(AI36="MF",8,IF(AI36="TF",7,IF(AI36="CF",12,IF(AI36="NF",0, IF(AI36="NFS",0, IF(AI36="NFF",0, IF(AI36="NFFF",0,"")))))))-AI43), IF(AI36="MF",8,IF(AI36="TF",7,IF(AI36="CF",12,IF(AI36="NF",0, IF(AI36="NFS",0, IF(AI36="NFF",0, IF(AI36="NFFF",0,""))))))))
A40: Hora Nocturna Festiva | B40: =SUM(E40:AK40) -> 42 | C40: =B33/240*215% -> 18578.09 | D40: =B40*C40 -> 780279.78 | E40: =IF(E44>0,( IF(E36="TF",1,IF(E36="CF",1,IF(E36="NF",5, IF(E36="NFO",2, IF(E36="NFS",6, IF(E36="NFF",8, IF(E36="NFFF",8,"")))))))-E44), IF(E36="TF",1,IF(E36="CF",1,IF(E36="NF",2, IF(E36="NFO",2, IF(E36="NFS",6, IF(E36="NFF",8, IF(E36="NFFF",8,"")))))))) -> 2 | F40: =IF(F44>0,( IF(F36="TF",1,IF(F36="CF",1,IF(F36="NF",5, IF(F36="NFO",2, IF(F36="NFS",6, IF(F36="NFF",8, IF(F36="NFFF",8,"")))))))-F44), IF(F36="TF",1,IF(F36="CF",1,IF(F36="NF",2, IF(F36="NFO",2, IF(F36="NFS",6, IF(F36="NFF",8, IF(F36="NFFF",8,"")))))))) | G40: =IF(G44>0,( IF(G36="TF",1,IF(G36="CF",1,IF(G36="NF",5, IF(G36="NFO",2, IF(G36="NFS",6, IF(G36="NFF",8, IF(G36="NFFF",8,"")))))))-G44), IF(G36="TF",1,IF(G36="CF",1,IF(G36="NF",2, IF(G36="NFO",2, IF(G36="NFS",6, IF(G36="NFF",8, IF(G36="NFFF",8,"")))))))) | H40: =IF(H44>0,( IF(H36="TF",1,IF(H36="CF",1,IF(H36="NF",5, IF(H36="NFO",2, IF(H36="NFS",6, IF(H36="NFF",8, IF(H36="NFFF",8,"")))))))-H44), IF(H36="TF",1,IF(H36="CF",1,IF(H36="NF",2, IF(H36="NFO",2, IF(H36="NFS",6, IF(H36="NFF",8, IF(H36="NFFF",8,"")))))))) | I40: =IF(I44>0,( IF(I36="TF",1,IF(I36="CF",1,IF(I36="NF",5, IF(I36="NFO",2, IF(I36="NFS",6, IF(I36="NFF",8, IF(I36="NFFF",8,"")))))))-I44), IF(I36="TF",1,IF(I36="CF",1,IF(I36="NF",2, IF(I36="NFO",2, IF(I36="NFS",6, IF(I36="NFF",8, IF(I36="NFFF",8,"")))))))) | J40: =IF(J44>0,( IF(J36="TF",1,IF(J36="CF",1,IF(J36="NF",5, IF(J36="NFO",2, IF(J36="NFS",6, IF(J36="NFF",8, IF(J36="NFFF",8,"")))))))-J44), IF(J36="TF",1,IF(J36="CF",1,IF(J36="NF",2, IF(J36="NFO",2, IF(J36="NFS",6, IF(J36="NFF",8, IF(J36="NFFF",8,"")))))))) | K40: =IF(K44>0,( IF(K36="TF",1,IF(K36="CF",1,IF(K36="NF",5, IF(K36="NFO",2, IF(K36="NFS",6, IF(K36="NFF",8, IF(K36="NFFF",8,"")))))))-K44), IF(K36="TF",1,IF(K36="CF",1,IF(K36="NF",2, IF(K36="NFO",2, IF(K36="NFS",6, IF(K36="NFF",8, IF(K36="NFFF",8,"")))))))) -> 6 | L40: =IF(L44>0,( IF(L36="TF",1,IF(L36="CF",1,IF(L36="NF",5, IF(L36="NFO",2, IF(L36="NFS",6, IF(L36="NFF",8, IF(L36="NFFF",8,"")))))))-L44), IF(L36="TF",1,IF(L36="CF",1,IF(L36="NF",2, IF(L36="NFO",2, IF(L36="NFS",6, IF(L36="NFF",8, IF(L36="NFFF",8,"")))))))) -> 2 | ... AI40: =IF(AI44>0,( IF(AI36="TF",1,IF(AI36="CF",1,IF(AI36="NF",5, IF(AI36="NFO",2, IF(AI36="NFS",6, IF(AI36="NFF",8, IF(AI36="NFFF",8,"")))))))-AI44), IF(AI36="TF",1,IF(AI36="CF",1,IF(AI36="NF",2, IF(AI36="NFO",2, IF(AI36="NFS",6, IF(AI36="NFF",8, IF(AI36="NFFF",8,""))))))))
A41: Hora Diurna Extra | B41: =SUM(E41:AK41) -> 0 | C41: =B33/240*125% -> 10801.215 | D41: =B41*C41 -> 0
A42: Hora Nocturna Extra | B42: =SUM(E42:AK42) -> 0 | C42: =B33/240*175% -> 15121.701 | D42: =B42*C42 -> 0
A43: Hora Diurna Extra Festiva | B43: =SUM(E43:AK43) -> 0 | C43: =B33/240*200% -> 17281.944 | D43: =B43*C43 -> 0
A44: Hora Nocturna Extra Festiva | B44: =SUM(E44:AK44) -> 0 | C44: =B33/240*250% -> 21602.43 | D44: =B44*C44 -> 0
B45: =SUM(B37:B44) -> 240 | D45: =ROUND((SUM(D37:D44)),0) -> 1379099
B46: =SUM(B37:B40)-$AL$4 -> 64
A47: Sueldo Básico ABRIL 2026 | B47: =B33 -> 2073833.3 | E47: =+D47+1 -> 1 | F47: =+E47+1 -> 2 | G47: =+F47+1 -> 3 | H47: =+G47+1 -> 4 | I47: =+H47+1 -> 5 | J47: =+I47+1 -> 6 | K47: =+J47+1 -> 7 | L47: =+K47+1 -> 8 | ... AF47: =+AE47+1 -> 28 | AG47: 29 | AH47: 30 | AI47: 31
B48: # H | C48: Vr.Hora | D48: Vr.Total | E48: M | F48: J | G48: F | H48: F | I48: D | J48: L | K48: M | L48: M | M48: J | N48: V | O48: S | P48: D | Q48: L | R48: M | S48: M | T48: J | U48: V | V48: S | W48: D | X48: L | Y48: M | Z48: M | AA48: J | AB48: V | AC48: S | AD48: D | AE48: L | AF48: M | AG48: M | AH48: J
A49: Turno | B49: APH | E49: N | F49: N | G49: N | H49: N | I49: N | J49: N | K49: N | L49: N | M49: N | N49: N | O49: N | P49: N | Q49: N | R49: N | S49: N | T49: N | U49: N | V49: N | W49: N | X49: N | Y49: N | Z49: N | AA49: N | AB49: N | AC49: N | AD49: N | AE49: N | AF49: N | AG49: N | AH49: N
A50: FORMULA NO BORRAR | E50: =IF(AND(E49="URG",E48="S"),"URGS",IF(AND(E49="N",E48="F",F48="F"),"NFFF",IF(AND(E49="N",E48="D",F48="F"),"NFF",IF(AND(E49="N",E48="D"),"NFO",IF(AND(E49="N",E48="S"),"NFS",IF(AND(E49="N",E48="F"),"NF",IF(AND(E49="N",E48="D"),"NF",IF(E49="N","N",IF(AND(E49="M",E48="F"),"MF",IF(AND(E49="M",E48="D"),"MF",IF(E49="M","M",IF(AND(E49="T",E48="F"),"TF",IF(AND(E49="T",E48="D"),"TF",IF(E49="T","T",IF(AND(E49="C",E48="F"),"CF",IF(AND(E49="C",E48="D"),"CF",IF(E49="C","C",IF(AND(E49="L",E48="F"),"LF",IF(AND(E49="L",E48="D"),"LF", IF(E49="L","L",IF(E49="SC","PS", IF(E49="SA","PS",IF(E49="TV","PS", IF(E49="MI","PS", IF(E49="MT","PS", IF(E49="URG","URGO","")))))))))))))))))))))))))) -> N | F50: =IF(AND(F49="URG",F48="S"),"URGS",IF(AND(F49="N",F48="F",G48="F"),"NFFF",IF(AND(F49="N",F48="D",G48="F"),"NFF",IF(AND(F49="N",F48="D"),"NFO",IF(AND(F49="N",F48="S"),"NFS",IF(AND(F49="N",F48="F"),"NF",IF(AND(F49="N",F48="D"),"NF",IF(F49="N","N",IF(AND(F49="M",F48="F"),"MF",IF(AND(F49="M",F48="D"),"MF",IF(F49="M","M",IF(AND(F49="T",F48="F"),"TF",IF(AND(F49="T",F48="D"),"TF",IF(F49="T","T",IF(AND(F49="C",F48="F"),"CF",IF(AND(F49="C",F48="D"),"CF",IF(F49="C","C",IF(AND(F49="L",F48="F"),"LF",IF(AND(F49="L",F48="D"),"LF", IF(F49="L","L",IF(F49="SC","PS", IF(F49="SA","PS",IF(F49="TV","PS", IF(F49="MI","PS", IF(F49="MT","PS", IF(F49="URG","URGO","")))))))))))))))))))))))))) -> N | G50: =IF(AND(G49="URG",G48="S"),"URGS",IF(AND(G49="N",G48="F",H48="F"),"NFFF",IF(AND(G49="N",G48="D",H48="F"),"NFF",IF(AND(G49="N",G48="D"),"NFO",IF(AND(G49="N",G48="S"),"NFS",IF(AND(G49="N",G48="F"),"NF",IF(AND(G49="N",G48="D"),"NF",IF(G49="N","N",IF(AND(G49="M",G48="F"),"MF",IF(AND(G49="M",G48="D"),"MF",IF(G49="M","M",IF(AND(G49="T",G48="F"),"TF",IF(AND(G49="T",G48="D"),"TF",IF(G49="T","T",IF(AND(G49="C",G48="F"),"CF",IF(AND(G49="C",G48="D"),"CF",IF(G49="C","C",IF(AND(G49="L",G48="F"),"LF",IF(AND(G49="L",G48="D"),"LF", IF(G49="L","L",IF(G49="SC","PS", IF(G49="SA","PS",IF(G49="TV","PS", IF(G49="MI","PS", IF(G49="MT","PS", IF(G49="URG","URGO","")))))))))))))))))))))))))) -> NFFF | H50: =IF(AND(H49="URG",H48="S"),"URGS",IF(AND(H49="N",H48="F",I48="F"),"NFFF",IF(AND(H49="N",H48="D",I48="F"),"NFF",IF(AND(H49="N",H48="D"),"NFO",IF(AND(H49="N",H48="S"),"NFS",IF(AND(H49="N",H48="F"),"NF",IF(AND(H49="N",H48="D"),"NF",IF(H49="N","N",IF(AND(H49="M",H48="F"),"MF",IF(AND(H49="M",H48="D"),"MF",IF(H49="M","M",IF(AND(H49="T",H48="F"),"TF",IF(AND(H49="T",H48="D"),"TF",IF(H49="T","T",IF(AND(H49="C",H48="F"),"CF",IF(AND(H49="C",H48="D"),"CF",IF(H49="C","C",IF(AND(H49="L",H48="F"),"LF",IF(AND(H49="L",H48="D"),"LF", IF(H49="L","L",IF(H49="SC","PS", IF(H49="SA","PS",IF(H49="TV","PS", IF(H49="MI","PS", IF(H49="MT","PS", IF(H49="URG","URGO","")))))))))))))))))))))))))) -> NF | J50: =IF(AND(J49="URG",J48="S"),"URGS",IF(AND(J49="N",J48="F",K48="F"),"NFFF",IF(AND(J49="N",J48="D",K48="F"),"NFF",IF(AND(J49="N",J48="D"),"NFO",IF(AND(J49="N",J48="S"),"NFS",IF(AND(J49="N",J48="F"),"NF",IF(AND(J49="N",J48="D"),"NF",IF(J49="N","N",IF(AND(J49="M",J48="F"),"MF",IF(AND(J49="M",J48="D"),"MF",IF(J49="M","M",IF(AND(J49="T",J48="F"),"TF",IF(AND(J49="T",J48="D"),"TF",IF(J49="T","T",IF(AND(J49="C",J48="F"),"CF",IF(AND(J49="C",J48="D"),"CF",IF(J49="C","C",IF(AND(J49="L",J48="F"),"LF",IF(AND(J49="L",J48="D"),"LF", IF(J49="L","L",IF(J49="SC","PS", IF(J49="SA","PS",IF(J49="TV","PS", IF(J49="MI","PS", IF(J49="MT","PS", IF(J49="URG","URGO","")))))))))))))))))))))))))) -> N | K50: =IF(AND(K49="URG",K48="S"),"URGS",IF(AND(K49="N",K48="F",L48="F"),"NFFF",IF(AND(K49="N",K48="D",L48="F"),"NFF",IF(AND(K49="N",K48="D"),"NFO",IF(AND(K49="N",K48="S"),"NFS",IF(AND(K49="N",K48="F"),"NF",IF(AND(K49="N",K48="D"),"NF",IF(K49="N","N",IF(AND(K49="M",K48="F"),"MF",IF(AND(K49="M",K48="D"),"MF",IF(K49="M","M",IF(AND(K49="T",K48="F"),"TF",IF(AND(K49="T",K48="D"),"TF",IF(K49="T","T",IF(AND(K49="C",K48="F"),"CF",IF(AND(K49="C",K48="D"),"CF",IF(K49="C","C",IF(AND(K49="L",K48="F"),"LF",IF(AND(K49="L",K48="D"),"LF", IF(K49="L","L",IF(K49="SC","PS", IF(K49="SA","PS",IF(K49="TV","PS", IF(K49="MI","PS", IF(K49="MT","PS", IF(K49="URG","URGO","")))))))))))))))))))))))))) -> N | L50: =IF(AND(L49="URG",L48="S"),"URGS",IF(AND(L49="N",L48="F",M48="F"),"NFFF",IF(AND(L49="N",L48="D",M48="F"),"NFF",IF(AND(L49="N",L48="D"),"NFO",IF(AND(L49="N",L48="S"),"NFS",IF(AND(L49="N",L48="F"),"NF",IF(AND(L49="N",L48="D"),"NF",IF(L49="N","N",IF(AND(L49="M",L48="F"),"MF",IF(AND(L49="M",L48="D"),"MF",IF(L49="M","M",IF(AND(L49="T",L48="F"),"TF",IF(AND(L49="T",L48="D"),"TF",IF(L49="T","T",IF(AND(L49="C",L48="F"),"CF",IF(AND(L49="C",L48="D"),"CF",IF(L49="C","C",IF(AND(L49="L",L48="F"),"LF",IF(AND(L49="L",L48="D"),"LF", IF(L49="L","L",IF(L49="SC","PS", IF(L49="SA","PS",IF(L49="TV","PS", IF(L49="MI","PS", IF(L49="MT","PS", IF(L49="URG","URGO","")))))))))))))))))))))))))) -> N | M50: =IF(AND(M49="URG",M48="S"),"URGS",IF(AND(M49="N",M48="F",N48="F"),"NFFF",IF(AND(M49="N",M48="D",N48="F"),"NFF",IF(AND(M49="N",M48="D"),"NFO",IF(AND(M49="N",M48="S"),"NFS",IF(AND(M49="N",M48="F"),"NF",IF(AND(M49="N",M48="D"),"NF",IF(M49="N","N",IF(AND(M49="M",M48="F"),"MF",IF(AND(M49="M",M48="D"),"MF",IF(M49="M","M",IF(AND(M49="T",M48="F"),"TF",IF(AND(M49="T",M48="D"),"TF",IF(M49="T","T",IF(AND(M49="C",M48="F"),"CF",IF(AND(M49="C",M48="D"),"CF",IF(M49="C","C",IF(AND(M49="L",M48="F"),"LF",IF(AND(M49="L",M48="D"),"LF", IF(M49="L","L",IF(M49="SC","PS", IF(M49="SA","PS",IF(M49="TV","PS", IF(M49="MI","PS", IF(M49="MT","PS", IF(M49="URG","URGO","")))))))))))))))))))))))))) -> N | N50: =IF(AND(N49="URG",N48="S"),"URGS",IF(AND(N49="N",N48="F",O48="F"),"NFFF",IF(AND(N49="N",N48="D",O48="F"),"NFF",IF(AND(N49="N",N48="D"),"NFO",IF(AND(N49="N",N48="S"),"NFS",IF(AND(N49="N",N48="F"),"NF",IF(AND(N49="N",N48="D"),"NF",IF(N49="N","N",IF(AND(N49="M",N48="F"),"MF",IF(AND(N49="M",N48="D"),"MF",IF(N49="M","M",IF(AND(N49="T",N48="F"),"TF",IF(AND(N49="T",N48="D"),"TF",IF(N49="T","T",IF(AND(N49="C",N48="F"),"CF",IF(AND(N49="C",N48="D"),"CF",IF(N49="C","C",IF(AND(N49="L",N48="F"),"LF",IF(AND(N49="L",N48="D"),"LF", IF(N49="L","L",IF(N49="SC","PS", IF(N49="SA","PS",IF(N49="TV","PS", IF(N49="MI","PS", IF(N49="MT","PS", IF(N49="URG","URGO","")))))))))))))))))))))))))) -> N | O50: =IF(AND(O49="URG",O48="S"),"URGS",IF(AND(O49="N",O48="F",P48="F"),"NFFF",IF(AND(O49="N",O48="D",P48="F"),"NFF",IF(AND(O49="N",O48="D"),"NFO",IF(AND(O49="N",O48="S"),"NFS",IF(AND(O49="N",O48="F"),"NF",IF(AND(O49="N",O48="D"),"NF",IF(O49="N","N",IF(AND(O49="M",O48="F"),"MF",IF(AND(O49="M",O48="D"),"MF",IF(O49="M","M",IF(AND(O49="T",O48="F"),"TF",IF(AND(O49="T",O48="D"),"TF",IF(O49="T","T",IF(AND(O49="C",O48="F"),"CF",IF(AND(O49="C",O48="D"),"CF",IF(O49="C","C",IF(AND(O49="L",O48="F"),"LF",IF(AND(O49="L",O48="D"),"LF", IF(O49="L","L",IF(O49="SC","PS", IF(O49="SA","PS",IF(O49="TV","PS", IF(O49="MI","PS", IF(O49="MT","PS", IF(O49="URG","URGO","")))))))))))))))))))))))))) -> NFS | P50: =IF(AND(P49="URG",P48="S"),"URGS",IF(AND(P49="N",P48="F",Q48="F"),"NFFF",IF(AND(P49="N",P48="D",Q48="F"),"NFF",IF(AND(P49="N",P48="D"),"NFO",IF(AND(P49="N",P48="S"),"NFS",IF(AND(P49="N",P48="F"),"NF",IF(AND(P49="N",P48="D"),"NF",IF(P49="N","N",IF(AND(P49="M",P48="F"),"MF",IF(AND(P49="M",P48="D"),"MF",IF(P49="M","M",IF(AND(P49="T",P48="F"),"TF",IF(AND(P49="T",P48="D"),"TF",IF(P49="T","T",IF(AND(P49="C",P48="F"),"CF",IF(AND(P49="C",P48="D"),"CF",IF(P49="C","C",IF(AND(P49="L",P48="F"),"LF",IF(AND(P49="L",P48="D"),"LF", IF(P49="L","L",IF(P49="SC","PS", IF(P49="SA","PS",IF(P49="TV","PS", IF(P49="MI","PS", IF(P49="MT","PS", IF(P49="URG","URGO","")))))))))))))))))))))))))) -> NFO | Q50: =IF(AND(Q49="URG",Q48="S"),"URGS",IF(AND(Q49="N",Q48="F",R48="F"),"NFFF",IF(AND(Q49="N",Q48="D",R48="F"),"NFF",IF(AND(Q49="N",Q48="D"),"NFO",IF(AND(Q49="N",Q48="S"),"NFS",IF(AND(Q49="N",Q48="F"),"NF",IF(AND(Q49="N",Q48="D"),"NF",IF(Q49="N","N",IF(AND(Q49="M",Q48="F"),"MF",IF(AND(Q49="M",Q48="D"),"MF",IF(Q49="M","M",IF(AND(Q49="T",Q48="F"),"TF",IF(AND(Q49="T",Q48="D"),"TF",IF(Q49="T","T",IF(AND(Q49="C",Q48="F"),"CF",IF(AND(Q49="C",Q48="D"),"CF",IF(Q49="C","C",IF(AND(Q49="L",Q48="F"),"LF",IF(AND(Q49="L",Q48="D"),"LF", IF(Q49="L","L",IF(Q49="SC","PS", IF(Q49="SA","PS",IF(Q49="TV","PS", IF(Q49="MI","PS", IF(Q49="MT","PS", IF(Q49="URG","URGO","")))))))))))))))))))))))))) -> N | ... AI50: =IF(AND(AI49="URG",AI48="S"),"URGS",IF(AND(AI49="N",AI48="F",AJ48="F"),"NFFF",IF(AND(AI49="N",AI48="D",AJ48="F"),"NFF",IF(AND(AI49="N",AI48="D"),"NFO",IF(AND(AI49="N",AI48="S"),"NFS",IF(AND(AI49="N",AI48="F"),"NF",IF(AND(AI49="N",AI48="D"),"NF",IF(AI49="N","N",IF(AND(AI49="M",AI48="F"),"MF",IF(AND(AI49="M",AI48="D"),"MF",IF(AI49="M","M",IF(AND(AI49="T",AI48="F"),"TF",IF(AND(AI49="T",AI48="D"),"TF",IF(AI49="T","T",IF(AND(AI49="C",AI48="F"),"CF",IF(AND(AI49="C",AI48="D"),"CF",IF(AI49="C","C",IF(AND(AI49="L",AI48="F"),"LF",IF(AND(AI49="L",AI48="D"),"LF", IF(AI49="L","L",IF(AI49="SC","PS", IF(AI49="SA","PS",IF(AI49="TV","PS", IF(AI49="MI","PS", IF(AI49="MT","PS", IF(AI49="URG","URGO",""))))))))))))))))))))))))))
A51: Hora Diurna Ordinaria | B51: =SUM(E51:AK51) -> 0 | C51: =B47/240 -> 8640.9721 | D51: =B51*C51*0 -> 0 | E51: =IF(E55>0,(IF(AND(E50="PS",E48="S"),4,IF(E50="M",6,IF(E50="T",5,IF(E50="C",11,IF(E50="N",0,IF(E50="NF",0,IF(E50="NFO",0, IF(E50="URGS",4,IF(E50="URGO",8, IF(E50="PS",8,""))))))))))-E55), IF(AND(E50="PS",E48="S"),4,IF(E50="M",6,IF(E50="T",5,IF(E50="C",11,IF(E50="N",0,IF(E50="NF",0,IF(E50="NFO",0, IF(E50="URGS",4,IF(E50="URGO",8, IF(E50="PS",8,""))))))))))) -> 0 | F51: =IF(F55>0,(IF(AND(F50="PS",F48="S"),4,IF(F50="M",6,IF(F50="T",5,IF(F50="C",11,IF(F50="N",0,IF(F50="NF",0,IF(F50="NFO",0, IF(F50="URGS",4,IF(F50="URGO",8, IF(F50="PS",8,""))))))))))-F55), IF(AND(F50="PS",F48="S"),4,IF(F50="M",6,IF(F50="T",5,IF(F50="C",11,IF(F50="N",0,IF(F50="NF",0,IF(F50="NFO",0, IF(F50="URGS",4,IF(F50="URGO",8, IF(F50="PS",8,""))))))))))) -> 0 | G51: =IF(G55>0,(IF(AND(G50="PS",G48="S"),4,IF(G50="M",6,IF(G50="T",5,IF(G50="C",11,IF(G50="N",0,IF(G50="NF",0,IF(G50="NFO",0, IF(G50="URGS",4,IF(G50="URGO",8, IF(G50="PS",8,""))))))))))-G55), IF(AND(G50="PS",G48="S"),4,IF(G50="M",6,IF(G50="T",5,IF(G50="C",11,IF(G50="N",0,IF(G50="NF",0,IF(G50="NFO",0, IF(G50="URGS",4,IF(G50="URGO",8, IF(G50="PS",8,""))))))))))) | H51: =IF(H55>0,(IF(AND(H50="PS",H48="S"),4,IF(H50="M",6,IF(H50="T",5,IF(H50="C",11,IF(H50="N",0,IF(H50="NF",0,IF(H50="NFO",0, IF(H50="URGS",4,IF(H50="URGO",8, IF(H50="PS",8,""))))))))))-H55), IF(AND(H50="PS",H48="S"),4,IF(H50="M",6,IF(H50="T",5,IF(H50="C",11,IF(H50="N",0,IF(H50="NF",0,IF(H50="NFO",0, IF(H50="URGS",4,IF(H50="URGO",8, IF(H50="PS",8,""))))))))))) -> 0 | I51: =IF(I55>0,(IF(AND(I50="PS",I48="S"),4,IF(I50="M",6,IF(I50="T",5,IF(I50="C",11,IF(I50="N",0,IF(I50="NF",0,IF(I50="NFO",0, IF(I50="URGS",4,IF(I50="URGO",8, IF(I50="PS",8,""))))))))))-I55), IF(AND(I50="PS",I48="S"),4,IF(I50="M",6,IF(I50="T",5,IF(I50="C",11,IF(I50="N",0,IF(I50="NF",0,IF(I50="NFO",0, IF(I50="URGS",4,IF(I50="URGO",8, IF(I50="PS",8,""))))))))))) | J51: =IF(J55>0,(IF(AND(J50="PS",J48="S"),4,IF(J50="M",6,IF(J50="T",5,IF(J50="C",11,IF(J50="N",0,IF(J50="NF",0,IF(J50="NFO",0, IF(J50="URGS",4,IF(J50="URGO",8, IF(J50="PS",8,""))))))))))-J55), IF(AND(J50="PS",J48="S"),4,IF(J50="M",6,IF(J50="T",5,IF(J50="C",11,IF(J50="N",0,IF(J50="NF",0,IF(J50="NFO",0, IF(J50="URGS",4,IF(J50="URGO",8, IF(J50="PS",8,""))))))))))) -> 0 | K51: =IF(K55>0,(IF(AND(K50="PS",K48="S"),4,IF(K50="M",6,IF(K50="T",5,IF(K50="C",11,IF(K50="N",0,IF(K50="NF",0,IF(K50="NFO",0, IF(K50="URGS",4,IF(K50="URGO",8, IF(K50="PS",8,""))))))))))-K55), IF(AND(K50="PS",K48="S"),4,IF(K50="M",6,IF(K50="T",5,IF(K50="C",11,IF(K50="N",0,IF(K50="NF",0,IF(K50="NFO",0, IF(K50="URGS",4,IF(K50="URGO",8, IF(K50="PS",8,""))))))))))) -> 0 | L51: =IF(L55>0,(IF(AND(L50="PS",L48="S"),4,IF(L50="M",6,IF(L50="T",5,IF(L50="C",11,IF(L50="N",0,IF(L50="NF",0,IF(L50="NFO",0, IF(L50="URGS",4,IF(L50="URGO",8, IF(L50="PS",8,""))))))))))-L55), IF(AND(L50="PS",L48="S"),4,IF(L50="M",6,IF(L50="T",5,IF(L50="C",11,IF(L50="N",0,IF(L50="NF",0,IF(L50="NFO",0, IF(L50="URGS",4,IF(L50="URGO",8, IF(L50="PS",8,""))))))))))) -> 0 | ... AI51: =IF(AI55>0,(IF(AND(AI50="PS",AI48="S"),4,IF(AI50="M",6,IF(AI50="T",5,IF(AI50="C",11,IF(AI50="N",0,IF(AI50="NF",0,IF(AI50="NFO",0, IF(AI50="URGS",4,IF(AI50="URGO",8, IF(AI50="PS",8,""))))))))))-AI55), IF(AND(AI50="PS",AI48="S"),4,IF(AI50="M",6,IF(AI50="T",5,IF(AI50="C",11,IF(AI50="N",0,IF(AI50="NF",0,IF(AI50="NFO",0, IF(AI50="URGS",4,IF(AI50="URGO",8, IF(AI50="PS",8,"")))))))))))
A52: Hora Nocturna Ordinaria | B52: =SUM(E52:AK52) -> 198 | C52: =B47/240*35% -> 3024.3402 | D52: =B52*C52 -> 598819.37 | E52: =IF(E56>0,(IF(E50="T",1,IF(E50="C",0,IF(E50="N",11,IF(E50="NF",6, IF(E50="NFO",6, IF(E50="NFS",2,""))))))-E56), IF(E50="T",1,IF(E50="C",0,IF(E50="N",8,IF(E50="NF",6, IF(E50="NFO",6, IF(E50="NFS",2,""))))))) -> 8 | F52: =IF(F56>0,(IF(F50="T",1,IF(F50="C",0,IF(F50="N",11,IF(F50="NF",6, IF(F50="NFO",6, IF(F50="NFS",2,""))))))-F56), IF(F50="T",1,IF(F50="C",0,IF(F50="N",8,IF(F50="NF",6, IF(F50="NFO",6, IF(F50="NFS",2,""))))))) -> 8 | G52: =IF(G56>0,(IF(G50="T",1,IF(G50="C",0,IF(G50="N",11,IF(G50="NF",6, IF(G50="NFO",6, IF(G50="NFS",2,""))))))-G56), IF(G50="T",1,IF(G50="C",0,IF(G50="N",8,IF(G50="NF",6, IF(G50="NFO",6, IF(G50="NFS",2,""))))))) | H52: =IF(H56>0,(IF(H50="T",1,IF(H50="C",0,IF(H50="N",11,IF(H50="NF",6, IF(H50="NFO",6, IF(H50="NFS",2,""))))))-H56), IF(H50="T",1,IF(H50="C",0,IF(H50="N",8,IF(H50="NF",6, IF(H50="NFO",6, IF(H50="NFS",2,""))))))) -> 6 | I52: =IF(I56>0,(IF(I50="T",1,IF(I50="C",0,IF(I50="N",11,IF(I50="NF",6, IF(I50="NFO",6, IF(I50="NFS",2,""))))))-I56), IF(I50="T",1,IF(I50="C",0,IF(I50="N",8,IF(I50="NF",6, IF(I50="NFO",6, IF(I50="NFS",2,""))))))) | J52: =IF(J56>0,(IF(J50="T",1,IF(J50="C",0,IF(J50="N",11,IF(J50="NF",6, IF(J50="NFO",6, IF(J50="NFS",2,""))))))-J56), IF(J50="T",1,IF(J50="C",0,IF(J50="N",8,IF(J50="NF",6, IF(J50="NFO",6, IF(J50="NFS",2,""))))))) -> 8 | K52: =IF(K56>0,(IF(K50="T",1,IF(K50="C",0,IF(K50="N",11,IF(K50="NF",6, IF(K50="NFO",6, IF(K50="NFS",2,""))))))-K56), IF(K50="T",1,IF(K50="C",0,IF(K50="N",8,IF(K50="NF",6, IF(K50="NFO",6, IF(K50="NFS",2,""))))))) -> 8 | L52: =IF(L56>0,(IF(L50="T",1,IF(L50="C",0,IF(L50="N",11,IF(L50="NF",6, IF(L50="NFO",6, IF(L50="NFS",2,""))))))-L56), IF(L50="T",1,IF(L50="C",0,IF(L50="N",8,IF(L50="NF",6, IF(L50="NFO",6, IF(L50="NFS",2,""))))))) -> 8 | ... AI52: =IF(AI56>0,(IF(AI50="T",1,IF(AI50="C",0,IF(AI50="N",11,IF(AI50="NF",6, IF(AI50="NFO",6, IF(AI50="NFS",2,""))))))-AI56), IF(AI50="T",1,IF(AI50="C",0,IF(AI50="N",8,IF(AI50="NF",6, IF(AI50="NFO",6, IF(AI50="NFS",2,"")))))))
A53: Hora Diurna Festiva | B53: =SUM(E53:AK53) -> 0 | C53: =B47/240*180% -> 15553.75 | D53: =B53*C53 -> 0 | E53: =IF(E57>0, (IF(E50="MF",8,IF(E50="TF",7,IF(E50="CF",12,IF(E50="NF",0, IF(E50="NFS",0, IF(E50="NFF",0, IF(E50="NFFF",0,"")))))))-E57), IF(E50="MF",8,IF(E50="TF",7,IF(E50="CF",12,IF(E50="NF",0, IF(E50="NFS",0, IF(E50="NFF",0, IF(E50="NFFF",0,"")))))))) | F53: =IF(F57>0, (IF(F50="MF",8,IF(F50="TF",7,IF(F50="CF",12,IF(F50="NF",0, IF(F50="NFS",0, IF(F50="NFF",0, IF(F50="NFFF",0,"")))))))-F57), IF(F50="MF",8,IF(F50="TF",7,IF(F50="CF",12,IF(F50="NF",0, IF(F50="NFS",0, IF(F50="NFF",0, IF(F50="NFFF",0,"")))))))) | G53: =IF(G57>0, (IF(G50="MF",8,IF(G50="TF",7,IF(G50="CF",12,IF(G50="NF",0, IF(G50="NFS",0, IF(G50="NFF",0, IF(G50="NFFF",0,"")))))))-G57), IF(G50="MF",8,IF(G50="TF",7,IF(G50="CF",12,IF(G50="NF",0, IF(G50="NFS",0, IF(G50="NFF",0, IF(G50="NFFF",0,"")))))))) -> 0 | H53: =IF(H57>0, (IF(H50="MF",8,IF(H50="TF",7,IF(H50="CF",12,IF(H50="NF",0, IF(H50="NFS",0, IF(H50="NFF",0, IF(H50="NFFF",0,"")))))))-H57), IF(H50="MF",8,IF(H50="TF",7,IF(H50="CF",12,IF(H50="NF",0, IF(H50="NFS",0, IF(H50="NFF",0, IF(H50="NFFF",0,"")))))))) -> 0 | I53: =IF(I57>0, (IF(I50="MF",8,IF(I50="TF",7,IF(I50="CF",12,IF(I50="NF",0, IF(I50="NFS",0, IF(I50="NFF",0, IF(I50="NFFF",0,"")))))))-I57), IF(I50="MF",8,IF(I50="TF",7,IF(I50="CF",12,IF(I50="NF",0, IF(I50="NFS",0, IF(I50="NFF",0, IF(I50="NFFF",0,"")))))))) | J53: =IF(J57>0, (IF(J50="MF",8,IF(J50="TF",7,IF(J50="CF",12,IF(J50="NF",0, IF(J50="NFS",0, IF(J50="NFF",0, IF(J50="NFFF",0,"")))))))-J57), IF(J50="MF",8,IF(J50="TF",7,IF(J50="CF",12,IF(J50="NF",0, IF(J50="NFS",0, IF(J50="NFF",0, IF(J50="NFFF",0,"")))))))) | K53: =IF(K57>0, (IF(K50="MF",8,IF(K50="TF",7,IF(K50="CF",12,IF(K50="NF",0, IF(K50="NFS",0, IF(K50="NFF",0, IF(K50="NFFF",0,"")))))))-K57), IF(K50="MF",8,IF(K50="TF",7,IF(K50="CF",12,IF(K50="NF",0, IF(K50="NFS",0, IF(K50="NFF",0, IF(K50="NFFF",0,"")))))))) | L53: =IF(L57>0, (IF(L50="MF",8,IF(L50="TF",7,IF(L50="CF",12,IF(L50="NF",0, IF(L50="NFS",0, IF(L50="NFF",0, IF(L50="NFFF",0,"")))))))-L57), IF(L50="MF",8,IF(L50="TF",7,IF(L50="CF",12,IF(L50="NF",0, IF(L50="NFS",0, IF(L50="NFF",0, IF(L50="NFFF",0,"")))))))) | ... AI53: =IF(AI57>0, (IF(AI50="MF",8,IF(AI50="TF",7,IF(AI50="CF",12,IF(AI50="NF",0, IF(AI50="NFS",0, IF(AI50="NFF",0, IF(AI50="NFFF",0,"")))))))-AI57), IF(AI50="MF",8,IF(AI50="TF",7,IF(AI50="CF",12,IF(AI50="NF",0, IF(AI50="NFS",0, IF(AI50="NFF",0, IF(AI50="NFFF",0,""))))))))
A54: Hora Nocturna Festiva | B54: =SUM(E54:AK54) -> 34 | C54: =B47/240*215% -> 18578.09 | D54: =B54*C54 -> 631655.06 | E54: =IF(E58>0,( IF(E50="TF",1,IF(E50="CF",1,IF(E50="NF",5, IF(E50="NFO",2, IF(E50="NFS",6, IF(E50="NFF",8, IF(E50="NFFF",8,"")))))))-E58), IF(E50="TF",1,IF(E50="CF",1,IF(E50="NF",2, IF(E50="NFO",2, IF(E50="NFS",6, IF(E50="NFF",8, IF(E50="NFFF",8,"")))))))) | F54: =IF(F58>0,( IF(F50="TF",1,IF(F50="CF",1,IF(F50="NF",5, IF(F50="NFO",2, IF(F50="NFS",6, IF(F50="NFF",8, IF(F50="NFFF",8,"")))))))-F58), IF(F50="TF",1,IF(F50="CF",1,IF(F50="NF",2, IF(F50="NFO",2, IF(F50="NFS",6, IF(F50="NFF",8, IF(F50="NFFF",8,"")))))))) | G54: =IF(G58>0,( IF(G50="TF",1,IF(G50="CF",1,IF(G50="NF",5, IF(G50="NFO",2, IF(G50="NFS",6, IF(G50="NFF",8, IF(G50="NFFF",8,"")))))))-G58), IF(G50="TF",1,IF(G50="CF",1,IF(G50="NF",2, IF(G50="NFO",2, IF(G50="NFS",6, IF(G50="NFF",8, IF(G50="NFFF",8,"")))))))) -> 8 | H54: =IF(H58>0,( IF(H50="TF",1,IF(H50="CF",1,IF(H50="NF",5, IF(H50="NFO",2, IF(H50="NFS",6, IF(H50="NFF",8, IF(H50="NFFF",8,"")))))))-H58), IF(H50="TF",1,IF(H50="CF",1,IF(H50="NF",2, IF(H50="NFO",2, IF(H50="NFS",6, IF(H50="NFF",8, IF(H50="NFFF",8,"")))))))) -> 2 | I54: =IF(I58>0,( IF(I50="TF",1,IF(I50="CF",1,IF(I50="NF",5, IF(I50="NFO",2, IF(I50="NFS",6, IF(I50="NFF",8, IF(I50="NFFF",8,"")))))))-I58), IF(I50="TF",1,IF(I50="CF",1,IF(I50="NF",2, IF(I50="NFO",2, IF(I50="NFS",6, IF(I50="NFF",8, IF(I50="NFFF",8,"")))))))) | J54: =IF(J58>0,( IF(J50="TF",1,IF(J50="CF",1,IF(J50="NF",5, IF(J50="NFO",2, IF(J50="NFS",6, IF(J50="NFF",8, IF(J50="NFFF",8,"")))))))-J58), IF(J50="TF",1,IF(J50="CF",1,IF(J50="NF",2, IF(J50="NFO",2, IF(J50="NFS",6, IF(J50="NFF",8, IF(J50="NFFF",8,"")))))))) | K54: =IF(K58>0,( IF(K50="TF",1,IF(K50="CF",1,IF(K50="NF",5, IF(K50="NFO",2, IF(K50="NFS",6, IF(K50="NFF",8, IF(K50="NFFF",8,"")))))))-K58), IF(K50="TF",1,IF(K50="CF",1,IF(K50="NF",2, IF(K50="NFO",2, IF(K50="NFS",6, IF(K50="NFF",8, IF(K50="NFFF",8,"")))))))) | L54: =IF(L58>0,( IF(L50="TF",1,IF(L50="CF",1,IF(L50="NF",5, IF(L50="NFO",2, IF(L50="NFS",6, IF(L50="NFF",8, IF(L50="NFFF",8,"")))))))-L58), IF(L50="TF",1,IF(L50="CF",1,IF(L50="NF",2, IF(L50="NFO",2, IF(L50="NFS",6, IF(L50="NFF",8, IF(L50="NFFF",8,"")))))))) | ... AI54: =IF(AI58>0,( IF(AI50="TF",1,IF(AI50="CF",1,IF(AI50="NF",5, IF(AI50="NFO",2, IF(AI50="NFS",6, IF(AI50="NFF",8, IF(AI50="NFFF",8,"")))))))-AI58), IF(AI50="TF",1,IF(AI50="CF",1,IF(AI50="NF",2, IF(AI50="NFO",2, IF(AI50="NFS",6, IF(AI50="NFF",8, IF(AI50="NFFF",8,""))))))))
A55: Hora Diurna Extra | B55: =SUM(E55:AK55) -> 0 | C55: =B47/240*125% -> 10801.215 | D55: =B55*C55 -> 0
A56: Hora Nocturna Extra | B56: =SUM(E56:AK56) -> 0 | C56: =B47/240*175% -> 15121.701 | D56: =B56*C56 -> 0
A57: Hora Diurna Extra Festiva | B57: =SUM(E57:AK57) -> 0 | C57: =B47/240*200% -> 17281.944 | D57: =B57*C57 -> 0
A58: Hora Nocturna Extra Festiva | B58: =SUM(E58:AK58) -> 0 | C58: =B47/240*250% -> 21602.43 | D58: =B58*C58 -> 0
B59: =SUM(B51:B58) -> 232 | D59: =ROUND((SUM(D51:D58)),0) -> 1230474
B60: =SUM(B51:B54)-$AL$4 -> 56
A61: Sueldo Básico MAYO 2026 | B61: =+B47 -> 2073833.3 | E61: =+D61+1 -> 1 | F61: =+E61+1 -> 2 | G61: =+F61+1 -> 3 | H61: =+G61+1 -> 4 | I61: =+H61+1 -> 5 | J61: =+I61+1 -> 6 | K61: =+J61+1 -> 7 | L61: =+K61+1 -> 8 | ... AF61: =+AE61+1 -> 28 | AG61: 29 | AH61: 30 | AI61: 31
B62: # H | C62: Vr.Hora | D62: Vr.Total | E62: F | F62: S | G62: D | H62: L | I62: M | J62: M | K62: J | L62: V | M62: S | N62: D | O62: L | P62: M | Q62: M | R62: J | S62: V | T62: S | U62: D | V62: F | W62: M | X62: M | Y62: J | Z62: V | AA62: S | AB62: D | AC62: L | AD62: M | AE62: M | AF62: J | AG62: V | AH62: S | AI62: D
A63: Turno | B63: APH | E63: N | F63: N | G63: N | H63: N | I63: N | J63: N | K63: N | L63: N | M63: N | N63: N | O63: N | P63: N | Q63: N | R63: N | S63: N | T63: N | U63: N | V63: N | W63: N | X63: N | Y63: N | Z63: N | AA63: N | AB63: N | AC63: N | AD63: N | AE63: N | AF63: N | AG63: N | AH63: N | AI63: N
A64: FORMULA NO BORRAR | E64: =IF(AND(E63="URG",E62="S"),"URGS",IF(AND(E63="N",E62="F",F62="F"),"NFFF",IF(AND(E63="N",E62="D",F62="F"),"NFF",IF(AND(E63="N",E62="D"),"NFO",IF(AND(E63="N",E62="S"),"NFS",IF(AND(E63="N",E62="F"),"NF",IF(AND(E63="N",E62="D"),"NF",IF(E63="N","N",IF(AND(E63="M",E62="F"),"MF",IF(AND(E63="M",E62="D"),"MF",IF(E63="M","M",IF(AND(E63="T",E62="F"),"TF",IF(AND(E63="T",E62="D"),"TF",IF(E63="T","T",IF(AND(E63="C",E62="F"),"CF",IF(AND(E63="C",E62="D"),"CF",IF(E63="C","C",IF(AND(E63="L",E62="F"),"LF",IF(AND(E63="L",E62="D"),"LF", IF(E63="L","L",IF(E63="SC","PS", IF(E63="SA","PS",IF(E63="TV","PS", IF(E63="MI","PS", IF(E63="MT","PS", IF(E63="URG","URGO","")))))))))))))))))))))))))) -> NF | F64: =IF(AND(F63="URG",F62="S"),"URGS",IF(AND(F63="N",F62="F",G62="F"),"NFFF",IF(AND(F63="N",F62="D",G62="F"),"NFF",IF(AND(F63="N",F62="D"),"NFO",IF(AND(F63="N",F62="S"),"NFS",IF(AND(F63="N",F62="F"),"NF",IF(AND(F63="N",F62="D"),"NF",IF(F63="N","N",IF(AND(F63="M",F62="F"),"MF",IF(AND(F63="M",F62="D"),"MF",IF(F63="M","M",IF(AND(F63="T",F62="F"),"TF",IF(AND(F63="T",F62="D"),"TF",IF(F63="T","T",IF(AND(F63="C",F62="F"),"CF",IF(AND(F63="C",F62="D"),"CF",IF(F63="C","C",IF(AND(F63="L",F62="F"),"LF",IF(AND(F63="L",F62="D"),"LF", IF(F63="L","L",IF(F63="SC","PS", IF(F63="SA","PS",IF(F63="TV","PS", IF(F63="MI","PS", IF(F63="MT","PS", IF(F63="URG","URGO","")))))))))))))))))))))))))) -> NFS | G64: =IF(AND(G63="URG",G62="S"),"URGS",IF(AND(G63="N",G62="F",H62="F"),"NFFF",IF(AND(G63="N",G62="D",H62="F"),"NFF",IF(AND(G63="N",G62="D"),"NFO",IF(AND(G63="N",G62="S"),"NFS",IF(AND(G63="N",G62="F"),"NF",IF(AND(G63="N",G62="D"),"NF",IF(G63="N","N",IF(AND(G63="M",G62="F"),"MF",IF(AND(G63="M",G62="D"),"MF",IF(G63="M","M",IF(AND(G63="T",G62="F"),"TF",IF(AND(G63="T",G62="D"),"TF",IF(G63="T","T",IF(AND(G63="C",G62="F"),"CF",IF(AND(G63="C",G62="D"),"CF",IF(G63="C","C",IF(AND(G63="L",G62="F"),"LF",IF(AND(G63="L",G62="D"),"LF", IF(G63="L","L",IF(G63="SC","PS", IF(G63="SA","PS",IF(G63="TV","PS", IF(G63="MI","PS", IF(G63="MT","PS", IF(G63="URG","URGO","")))))))))))))))))))))))))) -> NFO | H64: =IF(AND(H63="URG",H62="S"),"URGS",IF(AND(H63="N",H62="F",I62="F"),"NFFF",IF(AND(H63="N",H62="D",I62="F"),"NFF",IF(AND(H63="N",H62="D"),"NFO",IF(AND(H63="N",H62="S"),"NFS",IF(AND(H63="N",H62="F"),"NF",IF(AND(H63="N",H62="D"),"NF",IF(H63="N","N",IF(AND(H63="M",H62="F"),"MF",IF(AND(H63="M",H62="D"),"MF",IF(H63="M","M",IF(AND(H63="T",H62="F"),"TF",IF(AND(H63="T",H62="D"),"TF",IF(H63="T","T",IF(AND(H63="C",H62="F"),"CF",IF(AND(H63="C",H62="D"),"CF",IF(H63="C","C",IF(AND(H63="L",H62="F"),"LF",IF(AND(H63="L",H62="D"),"LF", IF(H63="L","L",IF(H63="SC","PS", IF(H63="SA","PS",IF(H63="TV","PS", IF(H63="MI","PS", IF(H63="MT","PS", IF(H63="URG","URGO","")))))))))))))))))))))))))) -> N | J64: =IF(AND(J63="URG",J62="S"),"URGS",IF(AND(J63="N",J62="F",K62="F"),"NFFF",IF(AND(J63="N",J62="D",K62="F"),"NFF",IF(AND(J63="N",J62="D"),"NFO",IF(AND(J63="N",J62="S"),"NFS",IF(AND(J63="N",J62="F"),"NF",IF(AND(J63="N",J62="D"),"NF",IF(J63="N","N",IF(AND(J63="M",J62="F"),"MF",IF(AND(J63="M",J62="D"),"MF",IF(J63="M","M",IF(AND(J63="T",J62="F"),"TF",IF(AND(J63="T",J62="D"),"TF",IF(J63="T","T",IF(AND(J63="C",J62="F"),"CF",IF(AND(J63="C",J62="D"),"CF",IF(J63="C","C",IF(AND(J63="L",J62="F"),"LF",IF(AND(J63="L",J62="D"),"LF", IF(J63="L","L",IF(J63="SC","PS", IF(J63="SA","PS",IF(J63="TV","PS", IF(J63="MI","PS", IF(J63="MT","PS", IF(J63="URG","URGO","")))))))))))))))))))))))))) -> N | K64: =IF(AND(K63="URG",K62="S"),"URGS",IF(AND(K63="N",K62="F",L62="F"),"NFFF",IF(AND(K63="N",K62="D",L62="F"),"NFF",IF(AND(K63="N",K62="D"),"NFO",IF(AND(K63="N",K62="S"),"NFS",IF(AND(K63="N",K62="F"),"NF",IF(AND(K63="N",K62="D"),"NF",IF(K63="N","N",IF(AND(K63="M",K62="F"),"MF",IF(AND(K63="M",K62="D"),"MF",IF(K63="M","M",IF(AND(K63="T",K62="F"),"TF",IF(AND(K63="T",K62="D"),"TF",IF(K63="T","T",IF(AND(K63="C",K62="F"),"CF",IF(AND(K63="C",K62="D"),"CF",IF(K63="C","C",IF(AND(K63="L",K62="F"),"LF",IF(AND(K63="L",K62="D"),"LF", IF(K63="L","L",IF(K63="SC","PS", IF(K63="SA","PS",IF(K63="TV","PS", IF(K63="MI","PS", IF(K63="MT","PS", IF(K63="URG","URGO","")))))))))))))))))))))))))) -> N | L64: =IF(AND(L63="URG",L62="S"),"URGS",IF(AND(L63="N",L62="F",M62="F"),"NFFF",IF(AND(L63="N",L62="D",M62="F"),"NFF",IF(AND(L63="N",L62="D"),"NFO",IF(AND(L63="N",L62="S"),"NFS",IF(AND(L63="N",L62="F"),"NF",IF(AND(L63="N",L62="D"),"NF",IF(L63="N","N",IF(AND(L63="M",L62="F"),"MF",IF(AND(L63="M",L62="D"),"MF",IF(L63="M","M",IF(AND(L63="T",L62="F"),"TF",IF(AND(L63="T",L62="D"),"TF",IF(L63="T","T",IF(AND(L63="C",L62="F"),"CF",IF(AND(L63="C",L62="D"),"CF",IF(L63="C","C",IF(AND(L63="L",L62="F"),"LF",IF(AND(L63="L",L62="D"),"LF", IF(L63="L","L",IF(L63="SC","PS", IF(L63="SA","PS",IF(L63="TV","PS", IF(L63="MI","PS", IF(L63="MT","PS", IF(L63="URG","URGO","")))))))))))))))))))))))))) -> N | M64: =IF(AND(M63="URG",M62="S"),"URGS",IF(AND(M63="N",M62="F",N62="F"),"NFFF",IF(AND(M63="N",M62="D",N62="F"),"NFF",IF(AND(M63="N",M62="D"),"NFO",IF(AND(M63="N",M62="S"),"NFS",IF(AND(M63="N",M62="F"),"NF",IF(AND(M63="N",M62="D"),"NF",IF(M63="N","N",IF(AND(M63="M",M62="F"),"MF",IF(AND(M63="M",M62="D"),"MF",IF(M63="M","M",IF(AND(M63="T",M62="F"),"TF",IF(AND(M63="T",M62="D"),"TF",IF(M63="T","T",IF(AND(M63="C",M62="F"),"CF",IF(AND(M63="C",M62="D"),"CF",IF(M63="C","C",IF(AND(M63="L",M62="F"),"LF",IF(AND(M63="L",M62="D"),"LF", IF(M63="L","L",IF(M63="SC","PS", IF(M63="SA","PS",IF(M63="TV","PS", IF(M63="MI","PS", IF(M63="MT","PS", IF(M63="URG","URGO","")))))))))))))))))))))))))) -> NFS | N64: =IF(AND(N63="URG",N62="S"),"URGS",IF(AND(N63="N",N62="F",O62="F"),"NFFF",IF(AND(N63="N",N62="D",O62="F"),"NFF",IF(AND(N63="N",N62="D"),"NFO",IF(AND(N63="N",N62="S"),"NFS",IF(AND(N63="N",N62="F"),"NF",IF(AND(N63="N",N62="D"),"NF",IF(N63="N","N",IF(AND(N63="M",N62="F"),"MF",IF(AND(N63="M",N62="D"),"MF",IF(N63="M","M",IF(AND(N63="T",N62="F"),"TF",IF(AND(N63="T",N62="D"),"TF",IF(N63="T","T",IF(AND(N63="C",N62="F"),"CF",IF(AND(N63="C",N62="D"),"CF",IF(N63="C","C",IF(AND(N63="L",N62="F"),"LF",IF(AND(N63="L",N62="D"),"LF", IF(N63="L","L",IF(N63="SC","PS", IF(N63="SA","PS",IF(N63="TV","PS", IF(N63="MI","PS", IF(N63="MT","PS", IF(N63="URG","URGO","")))))))))))))))))))))))))) -> NFO | O64: =IF(AND(O63="URG",O62="S"),"URGS",IF(AND(O63="N",O62="F",P62="F"),"NFFF",IF(AND(O63="N",O62="D",P62="F"),"NFF",IF(AND(O63="N",O62="D"),"NFO",IF(AND(O63="N",O62="S"),"NFS",IF(AND(O63="N",O62="F"),"NF",IF(AND(O63="N",O62="D"),"NF",IF(O63="N","N",IF(AND(O63="M",O62="F"),"MF",IF(AND(O63="M",O62="D"),"MF",IF(O63="M","M",IF(AND(O63="T",O62="F"),"TF",IF(AND(O63="T",O62="D"),"TF",IF(O63="T","T",IF(AND(O63="C",O62="F"),"CF",IF(AND(O63="C",O62="D"),"CF",IF(O63="C","C",IF(AND(O63="L",O62="F"),"LF",IF(AND(O63="L",O62="D"),"LF", IF(O63="L","L",IF(O63="SC","PS", IF(O63="SA","PS",IF(O63="TV","PS", IF(O63="MI","PS", IF(O63="MT","PS", IF(O63="URG","URGO","")))))))))))))))))))))))))) -> N | P64: =IF(AND(P63="URG",P62="S"),"URGS",IF(AND(P63="N",P62="F",Q62="F"),"NFFF",IF(AND(P63="N",P62="D",Q62="F"),"NFF",IF(AND(P63="N",P62="D"),"NFO",IF(AND(P63="N",P62="S"),"NFS",IF(AND(P63="N",P62="F"),"NF",IF(AND(P63="N",P62="D"),"NF",IF(P63="N","N",IF(AND(P63="M",P62="F"),"MF",IF(AND(P63="M",P62="D"),"MF",IF(P63="M","M",IF(AND(P63="T",P62="F"),"TF",IF(AND(P63="T",P62="D"),"TF",IF(P63="T","T",IF(AND(P63="C",P62="F"),"CF",IF(AND(P63="C",P62="D"),"CF",IF(P63="C","C",IF(AND(P63="L",P62="F"),"LF",IF(AND(P63="L",P62="D"),"LF", IF(P63="L","L",IF(P63="SC","PS", IF(P63="SA","PS",IF(P63="TV","PS", IF(P63="MI","PS", IF(P63="MT","PS", IF(P63="URG","URGO","")))))))))))))))))))))))))) -> N | Q64: =IF(AND(Q63="URG",Q62="S"),"URGS",IF(AND(Q63="N",Q62="F",R62="F"),"NFFF",IF(AND(Q63="N",Q62="D",R62="F"),"NFF",IF(AND(Q63="N",Q62="D"),"NFO",IF(AND(Q63="N",Q62="S"),"NFS",IF(AND(Q63="N",Q62="F"),"NF",IF(AND(Q63="N",Q62="D"),"NF",IF(Q63="N","N",IF(AND(Q63="M",Q62="F"),"MF",IF(AND(Q63="M",Q62="D"),"MF",IF(Q63="M","M",IF(AND(Q63="T",Q62="F"),"TF",IF(AND(Q63="T",Q62="D"),"TF",IF(Q63="T","T",IF(AND(Q63="C",Q62="F"),"CF",IF(AND(Q63="C",Q62="D"),"CF",IF(Q63="C","C",IF(AND(Q63="L",Q62="F"),"LF",IF(AND(Q63="L",Q62="D"),"LF", IF(Q63="L","L",IF(Q63="SC","PS", IF(Q63="SA","PS",IF(Q63="TV","PS", IF(Q63="MI","PS", IF(Q63="MT","PS", IF(Q63="URG","URGO","")))))))))))))))))))))))))) -> N | ... AI64: =IF(AND(AI63="URG",AI62="S"),"URGS",IF(AND(AI63="N",AI62="F",AJ62="F"),"NFFF",IF(AND(AI63="N",AI62="D",AJ62="F"),"NFF",IF(AND(AI63="N",AI62="D"),"NFO",IF(AND(AI63="N",AI62="S"),"NFS",IF(AND(AI63="N",AI62="F"),"NF",IF(AND(AI63="N",AI62="D"),"NF",IF(AI63="N","N",IF(AND(AI63="M",AI62="F"),"MF",IF(AND(AI63="M",AI62="D"),"MF",IF(AI63="M","M",IF(AND(AI63="T",AI62="F"),"TF",IF(AND(AI63="T",AI62="D"),"TF",IF(AI63="T","T",IF(AND(AI63="C",AI62="F"),"CF",IF(AND(AI63="C",AI62="D"),"CF",IF(AI63="C","C",IF(AND(AI63="L",AI62="F"),"LF",IF(AND(AI63="L",AI62="D"),"LF", IF(AI63="L","L",IF(AI63="SC","PS", IF(AI63="SA","PS",IF(AI63="TV","PS", IF(AI63="MI","PS", IF(AI63="MT","PS", IF(AI63="URG","URGO","")))))))))))))))))))))))))) -> NFO
A65: Hora Diurna Ordinaria | B65: =SUM(E65:AK65) -> 0 | C65: =B61/240 -> 8640.9721 | D65: =B65*C65*0 -> 0 | E65: =IF(E69>0,(IF(AND(E64="PS",E62="S"),4,IF(E64="M",6,IF(E64="T",5,IF(E64="C",11,IF(E64="N",0,IF(E64="NF",0,IF(E64="NFO",0, IF(E64="URGS",4,IF(E64="URGO",8, IF(E64="PS",8,""))))))))))-E69), IF(AND(E64="PS",E62="S"),4,IF(E64="M",6,IF(E64="T",5,IF(E64="C",11,IF(E64="N",0,IF(E64="NF",0,IF(E64="NFO",0, IF(E64="URGS",4,IF(E64="URGO",8, IF(E64="PS",8,""))))))))))) -> 0 | F65: =IF(F69>0,(IF(AND(F64="PS",F62="S"),4,IF(F64="M",6,IF(F64="T",5,IF(F64="C",11,IF(F64="N",0,IF(F64="NF",0,IF(F64="NFO",0, IF(F64="URGS",4,IF(F64="URGO",8, IF(F64="PS",8,""))))))))))-F69), IF(AND(F64="PS",F62="S"),4,IF(F64="M",6,IF(F64="T",5,IF(F64="C",11,IF(F64="N",0,IF(F64="NF",0,IF(F64="NFO",0, IF(F64="URGS",4,IF(F64="URGO",8, IF(F64="PS",8,""))))))))))) | G65: =IF(G69>0,(IF(AND(G64="PS",G62="S"),4,IF(G64="M",6,IF(G64="T",5,IF(G64="C",11,IF(G64="N",0,IF(G64="NF",0,IF(G64="NFO",0, IF(G64="URGS",4,IF(G64="URGO",8, IF(G64="PS",8,""))))))))))-G69), IF(AND(G64="PS",G62="S"),4,IF(G64="M",6,IF(G64="T",5,IF(G64="C",11,IF(G64="N",0,IF(G64="NF",0,IF(G64="NFO",0, IF(G64="URGS",4,IF(G64="URGO",8, IF(G64="PS",8,""))))))))))) -> 0 | H65: =IF(H69>0,(IF(AND(H64="PS",H62="S"),4,IF(H64="M",6,IF(H64="T",5,IF(H64="C",11,IF(H64="N",0,IF(H64="NF",0,IF(H64="NFO",0, IF(H64="URGS",4,IF(H64="URGO",8, IF(H64="PS",8,""))))))))))-H69), IF(AND(H64="PS",H62="S"),4,IF(H64="M",6,IF(H64="T",5,IF(H64="C",11,IF(H64="N",0,IF(H64="NF",0,IF(H64="NFO",0, IF(H64="URGS",4,IF(H64="URGO",8, IF(H64="PS",8,""))))))))))) -> 0 | I65: =IF(I69>0,(IF(AND(I64="PS",I62="S"),4,IF(I64="M",6,IF(I64="T",5,IF(I64="C",11,IF(I64="N",0,IF(I64="NF",0,IF(I64="NFO",0, IF(I64="URGS",4,IF(I64="URGO",8, IF(I64="PS",8,""))))))))))-I69), IF(AND(I64="PS",I62="S"),4,IF(I64="M",6,IF(I64="T",5,IF(I64="C",11,IF(I64="N",0,IF(I64="NF",0,IF(I64="NFO",0, IF(I64="URGS",4,IF(I64="URGO",8, IF(I64="PS",8,""))))))))))) | J65: =IF(J69>0,(IF(AND(J64="PS",J62="S"),4,IF(J64="M",6,IF(J64="T",5,IF(J64="C",11,IF(J64="N",0,IF(J64="NF",0,IF(J64="NFO",0, IF(J64="URGS",4,IF(J64="URGO",8, IF(J64="PS",8,""))))))))))-J69), IF(AND(J64="PS",J62="S"),4,IF(J64="M",6,IF(J64="T",5,IF(J64="C",11,IF(J64="N",0,IF(J64="NF",0,IF(J64="NFO",0, IF(J64="URGS",4,IF(J64="URGO",8, IF(J64="PS",8,""))))))))))) -> 0 | K65: =IF(K69>0,(IF(AND(K64="PS",K62="S"),4,IF(K64="M",6,IF(K64="T",5,IF(K64="C",11,IF(K64="N",0,IF(K64="NF",0,IF(K64="NFO",0, IF(K64="URGS",4,IF(K64="URGO",8, IF(K64="PS",8,""))))))))))-K69), IF(AND(K64="PS",K62="S"),4,IF(K64="M",6,IF(K64="T",5,IF(K64="C",11,IF(K64="N",0,IF(K64="NF",0,IF(K64="NFO",0, IF(K64="URGS",4,IF(K64="URGO",8, IF(K64="PS",8,""))))))))))) -> 0 | L65: =IF(L69>0,(IF(AND(L64="PS",L62="S"),4,IF(L64="M",6,IF(L64="T",5,IF(L64="C",11,IF(L64="N",0,IF(L64="NF",0,IF(L64="NFO",0, IF(L64="URGS",4,IF(L64="URGO",8, IF(L64="PS",8,""))))))))))-L69), IF(AND(L64="PS",L62="S"),4,IF(L64="M",6,IF(L64="T",5,IF(L64="C",11,IF(L64="N",0,IF(L64="NF",0,IF(L64="NFO",0, IF(L64="URGS",4,IF(L64="URGO",8, IF(L64="PS",8,""))))))))))) -> 0 | ... AI65: =IF(AI69>0,(IF(AND(AI64="PS",AI62="S"),4,IF(AI64="M",6,IF(AI64="T",5,IF(AI64="C",11,IF(AI64="N",0,IF(AI64="NF",0,IF(AI64="NFO",0, IF(AI64="URGS",4,IF(AI64="URGO",8, IF(AI64="PS",8,""))))))))))-AI69), IF(AND(AI64="PS",AI62="S"),4,IF(AI64="M",6,IF(AI64="T",5,IF(AI64="C",11,IF(AI64="N",0,IF(AI64="NF",0,IF(AI64="NFO",0, IF(AI64="URGS",4,IF(AI64="URGO",8, IF(AI64="PS",8,""))))))))))) -> 0
A66: Hora Nocturna Ordinaria | B66: =SUM(E66:AK66) -> 190 | C66: =B61/240*35% -> 3024.3402 | D66: =B66*C66 -> 574624.64 | E66: =IF(E70>0,(IF(E64="T",1,IF(E64="C",0,IF(E64="N",11,IF(E64="NF",6, IF(E64="NFO",6, IF(E64="NFS",2,""))))))-E70), IF(E64="T",1,IF(E64="C",0,IF(E64="N",8,IF(E64="NF",6, IF(E64="NFO",6, IF(E64="NFS",2,""))))))) -> 6 | F66: =IF(F70>0,(IF(F64="T",1,IF(F64="C",0,IF(F64="N",11,IF(F64="NF",6, IF(F64="NFO",6, IF(F64="NFS",2,""))))))-F70), IF(F64="T",1,IF(F64="C",0,IF(F64="N",8,IF(F64="NF",6, IF(F64="NFO",6, IF(F64="NFS",2,""))))))) -> 2 | G66: =IF(G70>0,(IF(G64="T",1,IF(G64="C",0,IF(G64="N",11,IF(G64="NF",6, IF(G64="NFO",6, IF(G64="NFS",2,""))))))-G70), IF(G64="T",1,IF(G64="C",0,IF(G64="N",8,IF(G64="NF",6, IF(G64="NFO",6, IF(G64="NFS",2,""))))))) -> 6 | H66: =IF(H70>0,(IF(H64="T",1,IF(H64="C",0,IF(H64="N",11,IF(H64="NF",6, IF(H64="NFO",6, IF(H64="NFS",2,""))))))-H70), IF(H64="T",1,IF(H64="C",0,IF(H64="N",8,IF(H64="NF",6, IF(H64="NFO",6, IF(H64="NFS",2,""))))))) -> 8 | I66: =IF(I70>0,(IF(I64="T",1,IF(I64="C",0,IF(I64="N",11,IF(I64="NF",6, IF(I64="NFO",6, IF(I64="NFS",2,""))))))-I70), IF(I64="T",1,IF(I64="C",0,IF(I64="N",8,IF(I64="NF",6, IF(I64="NFO",6, IF(I64="NFS",2,""))))))) | J66: =IF(J70>0,(IF(J64="T",1,IF(J64="C",0,IF(J64="N",11,IF(J64="NF",6, IF(J64="NFO",6, IF(J64="NFS",2,""))))))-J70), IF(J64="T",1,IF(J64="C",0,IF(J64="N",8,IF(J64="NF",6, IF(J64="NFO",6, IF(J64="NFS",2,""))))))) -> 8 | K66: =IF(K70>0,(IF(K64="T",1,IF(K64="C",0,IF(K64="N",11,IF(K64="NF",6, IF(K64="NFO",6, IF(K64="NFS",2,""))))))-K70), IF(K64="T",1,IF(K64="C",0,IF(K64="N",8,IF(K64="NF",6, IF(K64="NFO",6, IF(K64="NFS",2,""))))))) -> 8 | L66: =IF(L70>0,(IF(L64="T",1,IF(L64="C",0,IF(L64="N",11,IF(L64="NF",6, IF(L64="NFO",6, IF(L64="NFS",2,""))))))-L70), IF(L64="T",1,IF(L64="C",0,IF(L64="N",8,IF(L64="NF",6, IF(L64="NFO",6, IF(L64="NFS",2,""))))))) -> 8 | ... AI66: =IF(AI70>0,(IF(AI64="T",1,IF(AI64="C",0,IF(AI64="N",11,IF(AI64="NF",6, IF(AI64="NFO",6, IF(AI64="NFS",2,""))))))-AI70), IF(AI64="T",1,IF(AI64="C",0,IF(AI64="N",8,IF(AI64="NF",6, IF(AI64="NFO",6, IF(AI64="NFS",2,""))))))) -> 6
A67: Hora Diurna Festiva | B67: =SUM(E67:AK67) -> 0 | C67: =B61/240*180% -> 15553.75 | D67: =B67*C67 -> 0 | E67: =IF(E71>0, (IF(E64="MF",8,IF(E64="TF",7,IF(E64="CF",12,IF(E64="NF",0, IF(E64="NFS",0, IF(E64="NFF",0, IF(E64="NFFF",0,"")))))))-E71), IF(E64="MF",8,IF(E64="TF",7,IF(E64="CF",12,IF(E64="NF",0, IF(E64="NFS",0, IF(E64="NFF",0, IF(E64="NFFF",0,"")))))))) -> 0 | F67: =IF(F71>0, (IF(F64="MF",8,IF(F64="TF",7,IF(F64="CF",12,IF(F64="NF",0, IF(F64="NFS",0, IF(F64="NFF",0, IF(F64="NFFF",0,"")))))))-F71), IF(F64="MF",8,IF(F64="TF",7,IF(F64="CF",12,IF(F64="NF",0, IF(F64="NFS",0, IF(F64="NFF",0, IF(F64="NFFF",0,"")))))))) -> 0 | G67: =IF(G71>0, (IF(G64="MF",8,IF(G64="TF",7,IF(G64="CF",12,IF(G64="NF",0, IF(G64="NFS",0, IF(G64="NFF",0, IF(G64="NFFF",0,"")))))))-G71), IF(G64="MF",8,IF(G64="TF",7,IF(G64="CF",12,IF(G64="NF",0, IF(G64="NFS",0, IF(G64="NFF",0, IF(G64="NFFF",0,"")))))))) | H67: =IF(H71>0, (IF(H64="MF",8,IF(H64="TF",7,IF(H64="CF",12,IF(H64="NF",0, IF(H64="NFS",0, IF(H64="NFF",0, IF(H64="NFFF",0,"")))))))-H71), IF(H64="MF",8,IF(H64="TF",7,IF(H64="CF",12,IF(H64="NF",0, IF(H64="NFS",0, IF(H64="NFF",0, IF(H64="NFFF",0,"")))))))) | I67: =IF(I71>0, (IF(I64="MF",8,IF(I64="TF",7,IF(I64="CF",12,IF(I64="NF",0, IF(I64="NFS",0, IF(I64="NFF",0, IF(I64="NFFF",0,"")))))))-I71), IF(I64="MF",8,IF(I64="TF",7,IF(I64="CF",12,IF(I64="NF",0, IF(I64="NFS",0, IF(I64="NFF",0, IF(I64="NFFF",0,"")))))))) | J67: =IF(J71>0, (IF(J64="MF",8,IF(J64="TF",7,IF(J64="CF",12,IF(J64="NF",0, IF(J64="NFS",0, IF(J64="NFF",0, IF(J64="NFFF",0,"")))))))-J71), IF(J64="MF",8,IF(J64="TF",7,IF(J64="CF",12,IF(J64="NF",0, IF(J64="NFS",0, IF(J64="NFF",0, IF(J64="NFFF",0,"")))))))) | K67: =IF(K71>0, (IF(K64="MF",8,IF(K64="TF",7,IF(K64="CF",12,IF(K64="NF",0, IF(K64="NFS",0, IF(K64="NFF",0, IF(K64="NFFF",0,"")))))))-K71), IF(K64="MF",8,IF(K64="TF",7,IF(K64="CF",12,IF(K64="NF",0, IF(K64="NFS",0, IF(K64="NFF",0, IF(K64="NFFF",0,"")))))))) | L67: =IF(L71>0, (IF(L64="MF",8,IF(L64="TF",7,IF(L64="CF",12,IF(L64="NF",0, IF(L64="NFS",0, IF(L64="NFF",0, IF(L64="NFFF",0,"")))))))-L71), IF(L64="MF",8,IF(L64="TF",7,IF(L64="CF",12,IF(L64="NF",0, IF(L64="NFS",0, IF(L64="NFF",0, IF(L64="NFFF",0,"")))))))) | ... AI67: =IF(AI71>0, (IF(AI64="MF",8,IF(AI64="TF",7,IF(AI64="CF",12,IF(AI64="NF",0, IF(AI64="NFS",0, IF(AI64="NFF",0, IF(AI64="NFFF",0,"")))))))-AI71), IF(AI64="MF",8,IF(AI64="TF",7,IF(AI64="CF",12,IF(AI64="NF",0, IF(AI64="NFS",0, IF(AI64="NFF",0, IF(AI64="NFFF",0,""))))))))
A68: Hora Nocturna Festiva | B68: =SUM(E68:AK68) -> 50 | C68: =B61/240*215% -> 18578.09 | D68: =B68*C68 -> 928904.5 | E68: =IF(E72>0,( IF(E64="TF",1,IF(E64="CF",1,IF(E64="NF",5, IF(E64="NFO",2, IF(E64="NFS",6, IF(E64="NFF",8, IF(E64="NFFF",8,"")))))))-E72), IF(E64="TF",1,IF(E64="CF",1,IF(E64="NF",2, IF(E64="NFO",2, IF(E64="NFS",6, IF(E64="NFF",8, IF(E64="NFFF",8,"")))))))) -> 2 | F68: =IF(F72>0,( IF(F64="TF",1,IF(F64="CF",1,IF(F64="NF",5, IF(F64="NFO",2, IF(F64="NFS",6, IF(F64="NFF",8, IF(F64="NFFF",8,"")))))))-F72), IF(F64="TF",1,IF(F64="CF",1,IF(F64="NF",2, IF(F64="NFO",2, IF(F64="NFS",6, IF(F64="NFF",8, IF(F64="NFFF",8,"")))))))) -> 6 | G68: =IF(G72>0,( IF(G64="TF",1,IF(G64="CF",1,IF(G64="NF",5, IF(G64="NFO",2, IF(G64="NFS",6, IF(G64="NFF",8, IF(G64="NFFF",8,"")))))))-G72), IF(G64="TF",1,IF(G64="CF",1,IF(G64="NF",2, IF(G64="NFO",2, IF(G64="NFS",6, IF(G64="NFF",8, IF(G64="NFFF",8,"")))))))) -> 2 | H68: =IF(H72>0,( IF(H64="TF",1,IF(H64="CF",1,IF(H64="NF",5, IF(H64="NFO",2, IF(H64="NFS",6, IF(H64="NFF",8, IF(H64="NFFF",8,"")))))))-H72), IF(H64="TF",1,IF(H64="CF",1,IF(H64="NF",2, IF(H64="NFO",2, IF(H64="NFS",6, IF(H64="NFF",8, IF(H64="NFFF",8,"")))))))) | I68: =IF(I72>0,( IF(I64="TF",1,IF(I64="CF",1,IF(I64="NF",5, IF(I64="NFO",2, IF(I64="NFS",6, IF(I64="NFF",8, IF(I64="NFFF",8,"")))))))-I72), IF(I64="TF",1,IF(I64="CF",1,IF(I64="NF",2, IF(I64="NFO",2, IF(I64="NFS",6, IF(I64="NFF",8, IF(I64="NFFF",8,"")))))))) | J68: =IF(J72>0,( IF(J64="TF",1,IF(J64="CF",1,IF(J64="NF",5, IF(J64="NFO",2, IF(J64="NFS",6, IF(J64="NFF",8, IF(J64="NFFF",8,"")))))))-J72), IF(J64="TF",1,IF(J64="CF",1,IF(J64="NF",2, IF(J64="NFO",2, IF(J64="NFS",6, IF(J64="NFF",8, IF(J64="NFFF",8,"")))))))) | K68: =IF(K72>0,( IF(K64="TF",1,IF(K64="CF",1,IF(K64="NF",5, IF(K64="NFO",2, IF(K64="NFS",6, IF(K64="NFF",8, IF(K64="NFFF",8,"")))))))-K72), IF(K64="TF",1,IF(K64="CF",1,IF(K64="NF",2, IF(K64="NFO",2, IF(K64="NFS",6, IF(K64="NFF",8, IF(K64="NFFF",8,"")))))))) | L68: =IF(L72>0,( IF(L64="TF",1,IF(L64="CF",1,IF(L64="NF",5, IF(L64="NFO",2, IF(L64="NFS",6, IF(L64="NFF",8, IF(L64="NFFF",8,"")))))))-L72), IF(L64="TF",1,IF(L64="CF",1,IF(L64="NF",2, IF(L64="NFO",2, IF(L64="NFS",6, IF(L64="NFF",8, IF(L64="NFFF",8,"")))))))) | ... AI68: =IF(AI72>0,( IF(AI64="TF",1,IF(AI64="CF",1,IF(AI64="NF",5, IF(AI64="NFO",2, IF(AI64="NFS",6, IF(AI64="NFF",8, IF(AI64="NFFF",8,"")))))))-AI72), IF(AI64="TF",1,IF(AI64="CF",1,IF(AI64="NF",2, IF(AI64="NFO",2, IF(AI64="NFS",6, IF(AI64="NFF",8, IF(AI64="NFFF",8,"")))))))) -> 2
A69: Hora Diurna Extra | B69: =SUM(E69:AK69) -> 0 | C69: =B61/240*125% -> 10801.215 | D69: =B69*C69 -> 0
A70: Hora Nocturna Extra | B70: =SUM(E70:AK70) -> 0 | C70: =B61/240*175% -> 15121.701 | D70: =B70*C70 -> 0
A71: Hora Diurna Extra Festiva | B71: =SUM(E71:AK71) -> 0 | C71: =B61/240*200% -> 17281.944 | D71: =B71*C71 -> 0
A72: Hora Nocturna Extra Festiva | B72: =SUM(E72:AK72) -> 0 | C72: =B61/240*250% -> 21602.43 | D72: =B72*C72 -> 0
B73: =SUM(B65:B72) -> 240 | D73: =ROUND((SUM(D65:D72)),0) -> 1503529
B74: =SUM(B65:B68)-$AL$4 -> 64
A75: Sueldo Básico JUNIO 2026 | B75: =B61 -> 2073833.3 | E75: =+D75+1 -> 1 | F75: =+E75+1 -> 2 | G75: =+F75+1 -> 3 | H75: =+G75+1 -> 4 | I75: =+H75+1 -> 5 | J75: =+I75+1 -> 6 | K75: =+J75+1 -> 7 | L75: =+K75+1 -> 8 | ... AF75: =+AE75+1 -> 28 | AG75: 29 | AH75: 30
B76: # H | C76: Vr.Hora | D76: Vr.Total | E76: L | F76: M | G76: M | H76: J | I76: V | J76: S | K76: D | L76: F | M76: M | N76: M | O76: J | P76: V | Q76: S | R76: D | S76: F | T76: M | U76: M | V76: J | W76: V | X76: S | Y76: D | Z76: L | AA76: M | AB76: M | AC76: J | AD76: V | AE76: S | AF76: D | AG76: F | AH76: M
A77: Turno | B77: APH | E77: N | F77: N | G77: N | H77: N | I77: N | J77: N | K77: N | L77: N | M77: N | N77: N | O77: N | P77: N | Q77: N | R77: N | S77: N | T77: N | U77: N | V77: N | W77: N | X77: N | Y77: N | Z77: N | AA77: N | AB77: N | AC77: N | AD77: N | AE77: N | AF77: N | AG77: N | AH77: N
A78: FORMULA NO BORRAR | E78: =IF(AND(E77="URG",E76="S"),"URGS",IF(AND(E77="N",E76="F",F76="F"),"NFFF",IF(AND(E77="N",E76="D",F76="F"),"NFF",IF(AND(E77="N",E76="D"),"NFO",IF(AND(E77="N",E76="S"),"NFS",IF(AND(E77="N",E76="F"),"NF",IF(AND(E77="N",E76="D"),"NF",IF(E77="N","N",IF(AND(E77="M",E76="F"),"MF",IF(AND(E77="M",E76="D"),"MF",IF(E77="M","M",IF(AND(E77="T",E76="F"),"TF",IF(AND(E77="T",E76="D"),"TF",IF(E77="T","T",IF(AND(E77="C",E76="F"),"CF",IF(AND(E77="C",E76="D"),"CF",IF(E77="C","C",IF(AND(E77="L",E76="F"),"LF",IF(AND(E77="L",E76="D"),"LF", IF(E77="L","L",IF(E77="SC","PS", IF(E77="SA","PS",IF(E77="TV","PS", IF(E77="MI","PS", IF(E77="MT","PS", IF(E77="URG","URGO","")))))))))))))))))))))))))) -> N | F78: =IF(AND(F77="URG",F76="S"),"URGS",IF(AND(F77="N",F76="F",G76="F"),"NFFF",IF(AND(F77="N",F76="D",G76="F"),"NFF",IF(AND(F77="N",F76="D"),"NFO",IF(AND(F77="N",F76="S"),"NFS",IF(AND(F77="N",F76="F"),"NF",IF(AND(F77="N",F76="D"),"NF",IF(F77="N","N",IF(AND(F77="M",F76="F"),"MF",IF(AND(F77="M",F76="D"),"MF",IF(F77="M","M",IF(AND(F77="T",F76="F"),"TF",IF(AND(F77="T",F76="D"),"TF",IF(F77="T","T",IF(AND(F77="C",F76="F"),"CF",IF(AND(F77="C",F76="D"),"CF",IF(F77="C","C",IF(AND(F77="L",F76="F"),"LF",IF(AND(F77="L",F76="D"),"LF", IF(F77="L","L",IF(F77="SC","PS", IF(F77="SA","PS",IF(F77="TV","PS", IF(F77="MI","PS", IF(F77="MT","PS", IF(F77="URG","URGO","")))))))))))))))))))))))))) -> N | G78: =IF(AND(G77="URG",G76="S"),"URGS",IF(AND(G77="N",G76="F",H76="F"),"NFFF",IF(AND(G77="N",G76="D",H76="F"),"NFF",IF(AND(G77="N",G76="D"),"NFO",IF(AND(G77="N",G76="S"),"NFS",IF(AND(G77="N",G76="F"),"NF",IF(AND(G77="N",G76="D"),"NF",IF(G77="N","N",IF(AND(G77="M",G76="F"),"MF",IF(AND(G77="M",G76="D"),"MF",IF(G77="M","M",IF(AND(G77="T",G76="F"),"TF",IF(AND(G77="T",G76="D"),"TF",IF(G77="T","T",IF(AND(G77="C",G76="F"),"CF",IF(AND(G77="C",G76="D"),"CF",IF(G77="C","C",IF(AND(G77="L",G76="F"),"LF",IF(AND(G77="L",G76="D"),"LF", IF(G77="L","L",IF(G77="SC","PS", IF(G77="SA","PS",IF(G77="TV","PS", IF(G77="MI","PS", IF(G77="MT","PS", IF(G77="URG","URGO","")))))))))))))))))))))))))) -> N | H78: =IF(AND(H77="URG",H76="S"),"URGS",IF(AND(H77="N",H76="F",I76="F"),"NFFF",IF(AND(H77="N",H76="D",I76="F"),"NFF",IF(AND(H77="N",H76="D"),"NFO",IF(AND(H77="N",H76="S"),"NFS",IF(AND(H77="N",H76="F"),"NF",IF(AND(H77="N",H76="D"),"NF",IF(H77="N","N",IF(AND(H77="M",H76="F"),"MF",IF(AND(H77="M",H76="D"),"MF",IF(H77="M","M",IF(AND(H77="T",H76="F"),"TF",IF(AND(H77="T",H76="D"),"TF",IF(H77="T","T",IF(AND(H77="C",H76="F"),"CF",IF(AND(H77="C",H76="D"),"CF",IF(H77="C","C",IF(AND(H77="L",H76="F"),"LF",IF(AND(H77="L",H76="D"),"LF", IF(H77="L","L",IF(H77="SC","PS", IF(H77="SA","PS",IF(H77="TV","PS", IF(H77="MI","PS", IF(H77="MT","PS", IF(H77="URG","URGO","")))))))))))))))))))))))))) -> N | J78: =IF(AND(J77="URG",J76="S"),"URGS",IF(AND(J77="N",J76="F",K76="F"),"NFFF",IF(AND(J77="N",J76="D",K76="F"),"NFF",IF(AND(J77="N",J76="D"),"NFO",IF(AND(J77="N",J76="S"),"NFS",IF(AND(J77="N",J76="F"),"NF",IF(AND(J77="N",J76="D"),"NF",IF(J77="N","N",IF(AND(J77="M",J76="F"),"MF",IF(AND(J77="M",J76="D"),"MF",IF(J77="M","M",IF(AND(J77="T",J76="F"),"TF",IF(AND(J77="T",J76="D"),"TF",IF(J77="T","T",IF(AND(J77="C",J76="F"),"CF",IF(AND(J77="C",J76="D"),"CF",IF(J77="C","C",IF(AND(J77="L",J76="F"),"LF",IF(AND(J77="L",J76="D"),"LF", IF(J77="L","L",IF(J77="SC","PS", IF(J77="SA","PS",IF(J77="TV","PS", IF(J77="MI","PS", IF(J77="MT","PS", IF(J77="URG","URGO","")))))))))))))))))))))))))) -> NFS | K78: =IF(AND(K77="URG",K76="S"),"URGS",IF(AND(K77="N",K76="F",L76="F"),"NFFF",IF(AND(K77="N",K76="D",L76="F"),"NFF",IF(AND(K77="N",K76="D"),"NFO",IF(AND(K77="N",K76="S"),"NFS",IF(AND(K77="N",K76="F"),"NF",IF(AND(K77="N",K76="D"),"NF",IF(K77="N","N",IF(AND(K77="M",K76="F"),"MF",IF(AND(K77="M",K76="D"),"MF",IF(K77="M","M",IF(AND(K77="T",K76="F"),"TF",IF(AND(K77="T",K76="D"),"TF",IF(K77="T","T",IF(AND(K77="C",K76="F"),"CF",IF(AND(K77="C",K76="D"),"CF",IF(K77="C","C",IF(AND(K77="L",K76="F"),"LF",IF(AND(K77="L",K76="D"),"LF", IF(K77="L","L",IF(K77="SC","PS", IF(K77="SA","PS",IF(K77="TV","PS", IF(K77="MI","PS", IF(K77="MT","PS", IF(K77="URG","URGO","")))))))))))))))))))))))))) -> NFF | L78: =IF(AND(L77="URG",L76="S"),"URGS",IF(AND(L77="N",L76="F",M76="F"),"NFFF",IF(AND(L77="N",L76="D",M76="F"),"NFF",IF(AND(L77="N",L76="D"),"NFO",IF(AND(L77="N",L76="S"),"NFS",IF(AND(L77="N",L76="F"),"NF",IF(AND(L77="N",L76="D"),"NF",IF(L77="N","N",IF(AND(L77="M",L76="F"),"MF",IF(AND(L77="M",L76="D"),"MF",IF(L77="M","M",IF(AND(L77="T",L76="F"),"TF",IF(AND(L77="T",L76="D"),"TF",IF(L77="T","T",IF(AND(L77="C",L76="F"),"CF",IF(AND(L77="C",L76="D"),"CF",IF(L77="C","C",IF(AND(L77="L",L76="F"),"LF",IF(AND(L77="L",L76="D"),"LF", IF(L77="L","L",IF(L77="SC","PS", IF(L77="SA","PS",IF(L77="TV","PS", IF(L77="MI","PS", IF(L77="MT","PS", IF(L77="URG","URGO","")))))))))))))))))))))))))) -> NF | M78: =IF(AND(M77="URG",M76="S"),"URGS",IF(AND(M77="N",M76="F",N76="F"),"NFFF",IF(AND(M77="N",M76="D",N76="F"),"NFF",IF(AND(M77="N",M76="D"),"NFO",IF(AND(M77="N",M76="S"),"NFS",IF(AND(M77="N",M76="F"),"NF",IF(AND(M77="N",M76="D"),"NF",IF(M77="N","N",IF(AND(M77="M",M76="F"),"MF",IF(AND(M77="M",M76="D"),"MF",IF(M77="M","M",IF(AND(M77="T",M76="F"),"TF",IF(AND(M77="T",M76="D"),"TF",IF(M77="T","T",IF(AND(M77="C",M76="F"),"CF",IF(AND(M77="C",M76="D"),"CF",IF(M77="C","C",IF(AND(M77="L",M76="F"),"LF",IF(AND(M77="L",M76="D"),"LF", IF(M77="L","L",IF(M77="SC","PS", IF(M77="SA","PS",IF(M77="TV","PS", IF(M77="MI","PS", IF(M77="MT","PS", IF(M77="URG","URGO","")))))))))))))))))))))))))) -> N | N78: =IF(AND(N77="URG",N76="S"),"URGS",IF(AND(N77="N",N76="F",O76="F"),"NFFF",IF(AND(N77="N",N76="D",O76="F"),"NFF",IF(AND(N77="N",N76="D"),"NFO",IF(AND(N77="N",N76="S"),"NFS",IF(AND(N77="N",N76="F"),"NF",IF(AND(N77="N",N76="D"),"NF",IF(N77="N","N",IF(AND(N77="M",N76="F"),"MF",IF(AND(N77="M",N76="D"),"MF",IF(N77="M","M",IF(AND(N77="T",N76="F"),"TF",IF(AND(N77="T",N76="D"),"TF",IF(N77="T","T",IF(AND(N77="C",N76="F"),"CF",IF(AND(N77="C",N76="D"),"CF",IF(N77="C","C",IF(AND(N77="L",N76="F"),"LF",IF(AND(N77="L",N76="D"),"LF", IF(N77="L","L",IF(N77="SC","PS", IF(N77="SA","PS",IF(N77="TV","PS", IF(N77="MI","PS", IF(N77="MT","PS", IF(N77="URG","URGO","")))))))))))))))))))))))))) -> N | O78: =IF(AND(O77="URG",O76="S"),"URGS",IF(AND(O77="N",O76="F",P76="F"),"NFFF",IF(AND(O77="N",O76="D",P76="F"),"NFF",IF(AND(O77="N",O76="D"),"NFO",IF(AND(O77="N",O76="S"),"NFS",IF(AND(O77="N",O76="F"),"NF",IF(AND(O77="N",O76="D"),"NF",IF(O77="N","N",IF(AND(O77="M",O76="F"),"MF",IF(AND(O77="M",O76="D"),"MF",IF(O77="M","M",IF(AND(O77="T",O76="F"),"TF",IF(AND(O77="T",O76="D"),"TF",IF(O77="T","T",IF(AND(O77="C",O76="F"),"CF",IF(AND(O77="C",O76="D"),"CF",IF(O77="C","C",IF(AND(O77="L",O76="F"),"LF",IF(AND(O77="L",O76="D"),"LF", IF(O77="L","L",IF(O77="SC","PS", IF(O77="SA","PS",IF(O77="TV","PS", IF(O77="MI","PS", IF(O77="MT","PS", IF(O77="URG","URGO","")))))))))))))))))))))))))) -> N | P78: =IF(AND(P77="URG",P76="S"),"URGS",IF(AND(P77="N",P76="F",Q76="F"),"NFFF",IF(AND(P77="N",P76="D",Q76="F"),"NFF",IF(AND(P77="N",P76="D"),"NFO",IF(AND(P77="N",P76="S"),"NFS",IF(AND(P77="N",P76="F"),"NF",IF(AND(P77="N",P76="D"),"NF",IF(P77="N","N",IF(AND(P77="M",P76="F"),"MF",IF(AND(P77="M",P76="D"),"MF",IF(P77="M","M",IF(AND(P77="T",P76="F"),"TF",IF(AND(P77="T",P76="D"),"TF",IF(P77="T","T",IF(AND(P77="C",P76="F"),"CF",IF(AND(P77="C",P76="D"),"CF",IF(P77="C","C",IF(AND(P77="L",P76="F"),"LF",IF(AND(P77="L",P76="D"),"LF", IF(P77="L","L",IF(P77="SC","PS", IF(P77="SA","PS",IF(P77="TV","PS", IF(P77="MI","PS", IF(P77="MT","PS", IF(P77="URG","URGO","")))))))))))))))))))))))))) -> N | Q78: =IF(AND(Q77="URG",Q76="S"),"URGS",IF(AND(Q77="N",Q76="F",R76="F"),"NFFF",IF(AND(Q77="N",Q76="D",R76="F"),"NFF",IF(AND(Q77="N",Q76="D"),"NFO",IF(AND(Q77="N",Q76="S"),"NFS",IF(AND(Q77="N",Q76="F"),"NF",IF(AND(Q77="N",Q76="D"),"NF",IF(Q77="N","N",IF(AND(Q77="M",Q76="F"),"MF",IF(AND(Q77="M",Q76="D"),"MF",IF(Q77="M","M",IF(AND(Q77="T",Q76="F"),"TF",IF(AND(Q77="T",Q76="D"),"TF",IF(Q77="T","T",IF(AND(Q77="C",Q76="F"),"CF",IF(AND(Q77="C",Q76="D"),"CF",IF(Q77="C","C",IF(AND(Q77="L",Q76="F"),"LF",IF(AND(Q77="L",Q76="D"),"LF", IF(Q77="L","L",IF(Q77="SC","PS", IF(Q77="SA","PS",IF(Q77="TV","PS", IF(Q77="MI","PS", IF(Q77="MT","PS", IF(Q77="URG","URGO","")))))))))))))))))))))))))) -> NFS | ... AI78: =IF(AND(AI77="URG",AI76="S"),"URGS",IF(AND(AI77="N",AI76="F",AJ76="F"),"NFFF",IF(AND(AI77="N",AI76="D",AJ76="F"),"NFF",IF(AND(AI77="N",AI76="D"),"NFO",IF(AND(AI77="N",AI76="S"),"NFS",IF(AND(AI77="N",AI76="F"),"NF",IF(AND(AI77="N",AI76="D"),"NF",IF(AI77="N","N",IF(AND(AI77="M",AI76="F"),"MF",IF(AND(AI77="M",AI76="D"),"MF",IF(AI77="M","M",IF(AND(AI77="T",AI76="F"),"TF",IF(AND(AI77="T",AI76="D"),"TF",IF(AI77="T","T",IF(AND(AI77="C",AI76="F"),"CF",IF(AND(AI77="C",AI76="D"),"CF",IF(AI77="C","C",IF(AND(AI77="L",AI76="F"),"LF",IF(AND(AI77="L",AI76="D"),"LF", IF(AI77="L","L",IF(AI77="SC","PS", IF(AI77="SA","PS",IF(AI77="TV","PS", IF(AI77="MI","PS", IF(AI77="MT","PS", IF(AI77="URG","URGO",""))))))))))))))))))))))))))
A79: Hora Diurna Ordinaria | B79: =SUM(E79:AK79) -> 0 | C79: =B75/240 -> 8640.9721 | D79: =B79*C79*0 -> 0 | E79: =IF(E83>0,(IF(AND(E78="PS",E76="S"),4,IF(E78="M",6,IF(E78="T",5,IF(E78="C",11,IF(E78="N",0,IF(E78="NF",0,IF(E78="NFO",0, IF(E78="URGS",4,IF(E78="URGO",8, IF(E78="PS",8,""))))))))))-E83), IF(AND(E78="PS",E76="S"),4,IF(E78="M",6,IF(E78="T",5,IF(E78="C",11,IF(E78="N",0,IF(E78="NF",0,IF(E78="NFO",0, IF(E78="URGS",4,IF(E78="URGO",8, IF(E78="PS",8,""))))))))))) -> 0 | F79: =IF(F83>0,(IF(AND(F78="PS",F76="S"),4,IF(F78="M",6,IF(F78="T",5,IF(F78="C",11,IF(F78="N",0,IF(F78="NF",0,IF(F78="NFO",0, IF(F78="URGS",4,IF(F78="URGO",8, IF(F78="PS",8,""))))))))))-F83), IF(AND(F78="PS",F76="S"),4,IF(F78="M",6,IF(F78="T",5,IF(F78="C",11,IF(F78="N",0,IF(F78="NF",0,IF(F78="NFO",0, IF(F78="URGS",4,IF(F78="URGO",8, IF(F78="PS",8,""))))))))))) -> 0 | G79: =IF(G83>0,(IF(AND(G78="PS",G76="S"),4,IF(G78="M",6,IF(G78="T",5,IF(G78="C",11,IF(G78="N",0,IF(G78="NF",0,IF(G78="NFO",0, IF(G78="URGS",4,IF(G78="URGO",8, IF(G78="PS",8,""))))))))))-G83), IF(AND(G78="PS",G76="S"),4,IF(G78="M",6,IF(G78="T",5,IF(G78="C",11,IF(G78="N",0,IF(G78="NF",0,IF(G78="NFO",0, IF(G78="URGS",4,IF(G78="URGO",8, IF(G78="PS",8,""))))))))))) -> 0 | H79: =IF(H83>0,(IF(AND(H78="PS",H76="S"),4,IF(H78="M",6,IF(H78="T",5,IF(H78="C",11,IF(H78="N",0,IF(H78="NF",0,IF(H78="NFO",0, IF(H78="URGS",4,IF(H78="URGO",8, IF(H78="PS",8,""))))))))))-H83), IF(AND(H78="PS",H76="S"),4,IF(H78="M",6,IF(H78="T",5,IF(H78="C",11,IF(H78="N",0,IF(H78="NF",0,IF(H78="NFO",0, IF(H78="URGS",4,IF(H78="URGO",8, IF(H78="PS",8,""))))))))))) -> 0 | I79: =IF(I83>0,(IF(AND(I78="PS",I76="S"),4,IF(I78="M",6,IF(I78="T",5,IF(I78="C",11,IF(I78="N",0,IF(I78="NF",0,IF(I78="NFO",0, IF(I78="URGS",4,IF(I78="URGO",8, IF(I78="PS",8,""))))))))))-I83), IF(AND(I78="PS",I76="S"),4,IF(I78="M",6,IF(I78="T",5,IF(I78="C",11,IF(I78="N",0,IF(I78="NF",0,IF(I78="NFO",0, IF(I78="URGS",4,IF(I78="URGO",8, IF(I78="PS",8,""))))))))))) | J79: =IF(J83>0,(IF(AND(J78="PS",J76="S"),4,IF(J78="M",6,IF(J78="T",5,IF(J78="C",11,IF(J78="N",0,IF(J78="NF",0,IF(J78="NFO",0, IF(J78="URGS",4,IF(J78="URGO",8, IF(J78="PS",8,""))))))))))-J83), IF(AND(J78="PS",J76="S"),4,IF(J78="M",6,IF(J78="T",5,IF(J78="C",11,IF(J78="N",0,IF(J78="NF",0,IF(J78="NFO",0, IF(J78="URGS",4,IF(J78="URGO",8, IF(J78="PS",8,""))))))))))) | K79: =IF(K83>0,(IF(AND(K78="PS",K76="S"),4,IF(K78="M",6,IF(K78="T",5,IF(K78="C",11,IF(K78="N",0,IF(K78="NF",0,IF(K78="NFO",0, IF(K78="URGS",4,IF(K78="URGO",8, IF(K78="PS",8,""))))))))))-K83), IF(AND(K78="PS",K76="S"),4,IF(K78="M",6,IF(K78="T",5,IF(K78="C",11,IF(K78="N",0,IF(K78="NF",0,IF(K78="NFO",0, IF(K78="URGS",4,IF(K78="URGO",8, IF(K78="PS",8,""))))))))))) | L79: =IF(L83>0,(IF(AND(L78="PS",L76="S"),4,IF(L78="M",6,IF(L78="T",5,IF(L78="C",11,IF(L78="N",0,IF(L78="NF",0,IF(L78="NFO",0, IF(L78="URGS",4,IF(L78="URGO",8, IF(L78="PS",8,""))))))))))-L83), IF(AND(L78="PS",L76="S"),4,IF(L78="M",6,IF(L78="T",5,IF(L78="C",11,IF(L78="N",0,IF(L78="NF",0,IF(L78="NFO",0, IF(L78="URGS",4,IF(L78="URGO",8, IF(L78="PS",8,""))))))))))) -> 0 | ... AI79: =IF(AI83>0,(IF(AND(AI78="PS",AI76="S"),4,IF(AI78="M",6,IF(AI78="T",5,IF(AI78="C",11,IF(AI78="N",0,IF(AI78="NF",0,IF(AI78="NFO",0, IF(AI78="URGS",4,IF(AI78="URGO",8, IF(AI78="PS",8,""))))))))))-AI83), IF(AND(AI78="PS",AI76="S"),4,IF(AI78="M",6,IF(AI78="T",5,IF(AI78="C",11,IF(AI78="N",0,IF(AI78="NF",0,IF(AI78="NFO",0, IF(AI78="URGS",4,IF(AI78="URGO",8, IF(AI78="PS",8,"")))))))))))
A80: Hora Nocturna Ordinaria | B80: =SUM(E80:AK80) -> 176 | C80: =B75/240*35% -> 3024.3402 | D80: =B80*C80 -> 532283.88 | E80: =IF(E84>0,(IF(E78="T",1,IF(E78="C",0,IF(E78="N",11,IF(E78="NF",6, IF(E78="NFO",6, IF(E78="NFS",2,""))))))-E84), IF(E78="T",1,IF(E78="C",0,IF(E78="N",8,IF(E78="NF",6, IF(E78="NFO",6, IF(E78="NFS",2,""))))))) -> 8 | F80: =IF(F84>0,(IF(F78="T",1,IF(F78="C",0,IF(F78="N",11,IF(F78="NF",6, IF(F78="NFO",6, IF(F78="NFS",2,""))))))-F84), IF(F78="T",1,IF(F78="C",0,IF(F78="N",8,IF(F78="NF",6, IF(F78="NFO",6, IF(F78="NFS",2,""))))))) -> 8 | G80: =IF(G84>0,(IF(G78="T",1,IF(G78="C",0,IF(G78="N",11,IF(G78="NF",6, IF(G78="NFO",6, IF(G78="NFS",2,""))))))-G84), IF(G78="T",1,IF(G78="C",0,IF(G78="N",8,IF(G78="NF",6, IF(G78="NFO",6, IF(G78="NFS",2,""))))))) -> 8 | H80: =IF(H84>0,(IF(H78="T",1,IF(H78="C",0,IF(H78="N",11,IF(H78="NF",6, IF(H78="NFO",6, IF(H78="NFS",2,""))))))-H84), IF(H78="T",1,IF(H78="C",0,IF(H78="N",8,IF(H78="NF",6, IF(H78="NFO",6, IF(H78="NFS",2,""))))))) -> 8 | I80: =IF(I84>0,(IF(I78="T",1,IF(I78="C",0,IF(I78="N",11,IF(I78="NF",6, IF(I78="NFO",6, IF(I78="NFS",2,""))))))-I84), IF(I78="T",1,IF(I78="C",0,IF(I78="N",8,IF(I78="NF",6, IF(I78="NFO",6, IF(I78="NFS",2,""))))))) | J80: =IF(J84>0,(IF(J78="T",1,IF(J78="C",0,IF(J78="N",11,IF(J78="NF",6, IF(J78="NFO",6, IF(J78="NFS",2,""))))))-J84), IF(J78="T",1,IF(J78="C",0,IF(J78="N",8,IF(J78="NF",6, IF(J78="NFO",6, IF(J78="NFS",2,""))))))) -> 2 | K80: =IF(K84>0,(IF(K78="T",1,IF(K78="C",0,IF(K78="N",11,IF(K78="NF",6, IF(K78="NFO",6, IF(K78="NFS",2,""))))))-K84), IF(K78="T",1,IF(K78="C",0,IF(K78="N",8,IF(K78="NF",6, IF(K78="NFO",6, IF(K78="NFS",2,""))))))) | L80: =IF(L84>0,(IF(L78="T",1,IF(L78="C",0,IF(L78="N",11,IF(L78="NF",6, IF(L78="NFO",6, IF(L78="NFS",2,""))))))-L84), IF(L78="T",1,IF(L78="C",0,IF(L78="N",8,IF(L78="NF",6, IF(L78="NFO",6, IF(L78="NFS",2,""))))))) -> 6 | ... AI80: =IF(AI84>0,(IF(AI78="T",1,IF(AI78="C",0,IF(AI78="N",11,IF(AI78="NF",6, IF(AI78="NFO",6, IF(AI78="NFS",2,""))))))-AI84), IF(AI78="T",1,IF(AI78="C",0,IF(AI78="N",8,IF(AI78="NF",6, IF(AI78="NFO",6, IF(AI78="NFS",2,"")))))))
A81: Hora Diurna Festiva | B81: =SUM(E81:AK81) -> 0 | C81: =B75/240*180% -> 15553.75 | D81: =B81*C81 -> 0 | E81: =IF(E85>0, (IF(E78="MF",8,IF(E78="TF",7,IF(E78="CF",12,IF(E78="NF",0, IF(E78="NFS",0, IF(E78="NFF",0, IF(E78="NFFF",0,"")))))))-E85), IF(E78="MF",8,IF(E78="TF",7,IF(E78="CF",12,IF(E78="NF",0, IF(E78="NFS",0, IF(E78="NFF",0, IF(E78="NFFF",0,"")))))))) | F81: =IF(F85>0, (IF(F78="MF",8,IF(F78="TF",7,IF(F78="CF",12,IF(F78="NF",0, IF(F78="NFS",0, IF(F78="NFF",0, IF(F78="NFFF",0,"")))))))-F85), IF(F78="MF",8,IF(F78="TF",7,IF(F78="CF",12,IF(F78="NF",0, IF(F78="NFS",0, IF(F78="NFF",0, IF(F78="NFFF",0,"")))))))) | G81: =IF(G85>0, (IF(G78="MF",8,IF(G78="TF",7,IF(G78="CF",12,IF(G78="NF",0, IF(G78="NFS",0, IF(G78="NFF",0, IF(G78="NFFF",0,"")))))))-G85), IF(G78="MF",8,IF(G78="TF",7,IF(G78="CF",12,IF(G78="NF",0, IF(G78="NFS",0, IF(G78="NFF",0, IF(G78="NFFF",0,"")))))))) | H81: =IF(H85>0, (IF(H78="MF",8,IF(H78="TF",7,IF(H78="CF",12,IF(H78="NF",0, IF(H78="NFS",0, IF(H78="NFF",0, IF(H78="NFFF",0,"")))))))-H85), IF(H78="MF",8,IF(H78="TF",7,IF(H78="CF",12,IF(H78="NF",0, IF(H78="NFS",0, IF(H78="NFF",0, IF(H78="NFFF",0,"")))))))) | I81: =IF(I85>0, (IF(I78="MF",8,IF(I78="TF",7,IF(I78="CF",12,IF(I78="NF",0, IF(I78="NFS",0, IF(I78="NFF",0, IF(I78="NFFF",0,"")))))))-I85), IF(I78="MF",8,IF(I78="TF",7,IF(I78="CF",12,IF(I78="NF",0, IF(I78="NFS",0, IF(I78="NFF",0, IF(I78="NFFF",0,"")))))))) | J81: =IF(J85>0, (IF(J78="MF",8,IF(J78="TF",7,IF(J78="CF",12,IF(J78="NF",0, IF(J78="NFS",0, IF(J78="NFF",0, IF(J78="NFFF",0,"")))))))-J85), IF(J78="MF",8,IF(J78="TF",7,IF(J78="CF",12,IF(J78="NF",0, IF(J78="NFS",0, IF(J78="NFF",0, IF(J78="NFFF",0,"")))))))) -> 0 | K81: =IF(K85>0, (IF(K78="MF",8,IF(K78="TF",7,IF(K78="CF",12,IF(K78="NF",0, IF(K78="NFS",0, IF(K78="NFF",0, IF(K78="NFFF",0,"")))))))-K85), IF(K78="MF",8,IF(K78="TF",7,IF(K78="CF",12,IF(K78="NF",0, IF(K78="NFS",0, IF(K78="NFF",0, IF(K78="NFFF",0,"")))))))) -> 0 | L81: =IF(L85>0, (IF(L78="MF",8,IF(L78="TF",7,IF(L78="CF",12,IF(L78="NF",0, IF(L78="NFS",0, IF(L78="NFF",0, IF(L78="NFFF",0,"")))))))-L85), IF(L78="MF",8,IF(L78="TF",7,IF(L78="CF",12,IF(L78="NF",0, IF(L78="NFS",0, IF(L78="NFF",0, IF(L78="NFFF",0,"")))))))) -> 0 | ... AI81: =IF(AI85>0, (IF(AI78="MF",8,IF(AI78="TF",7,IF(AI78="CF",12,IF(AI78="NF",0, IF(AI78="NFS",0, IF(AI78="NFF",0, IF(AI78="NFFF",0,"")))))))-AI85), IF(AI78="MF",8,IF(AI78="TF",7,IF(AI78="CF",12,IF(AI78="NF",0, IF(AI78="NFS",0, IF(AI78="NFF",0, IF(AI78="NFFF",0,""))))))))
A82: Hora Nocturna Festiva | B82: =SUM(E82:AK82) -> 56 | C82: =B75/240*215% -> 18578.09 | D82: =B82*C82 -> 1040373 | E82: =IF(E86>0,( IF(E78="TF",1,IF(E78="CF",1,IF(E78="NF",5, IF(E78="NFO",2, IF(E78="NFS",6, IF(E78="NFF",8, IF(E78="NFFF",8,"")))))))-E86), IF(E78="TF",1,IF(E78="CF",1,IF(E78="NF",2, IF(E78="NFO",2, IF(E78="NFS",6, IF(E78="NFF",8, IF(E78="NFFF",8,"")))))))) | F82: =IF(F86>0,( IF(F78="TF",1,IF(F78="CF",1,IF(F78="NF",5, IF(F78="NFO",2, IF(F78="NFS",6, IF(F78="NFF",8, IF(F78="NFFF",8,"")))))))-F86), IF(F78="TF",1,IF(F78="CF",1,IF(F78="NF",2, IF(F78="NFO",2, IF(F78="NFS",6, IF(F78="NFF",8, IF(F78="NFFF",8,"")))))))) | G82: =IF(G86>0,( IF(G78="TF",1,IF(G78="CF",1,IF(G78="NF",5, IF(G78="NFO",2, IF(G78="NFS",6, IF(G78="NFF",8, IF(G78="NFFF",8,"")))))))-G86), IF(G78="TF",1,IF(G78="CF",1,IF(G78="NF",2, IF(G78="NFO",2, IF(G78="NFS",6, IF(G78="NFF",8, IF(G78="NFFF",8,"")))))))) | H82: =IF(H86>0,( IF(H78="TF",1,IF(H78="CF",1,IF(H78="NF",5, IF(H78="NFO",2, IF(H78="NFS",6, IF(H78="NFF",8, IF(H78="NFFF",8,"")))))))-H86), IF(H78="TF",1,IF(H78="CF",1,IF(H78="NF",2, IF(H78="NFO",2, IF(H78="NFS",6, IF(H78="NFF",8, IF(H78="NFFF",8,"")))))))) | I82: =IF(I86>0,( IF(I78="TF",1,IF(I78="CF",1,IF(I78="NF",5, IF(I78="NFO",2, IF(I78="NFS",6, IF(I78="NFF",8, IF(I78="NFFF",8,"")))))))-I86), IF(I78="TF",1,IF(I78="CF",1,IF(I78="NF",2, IF(I78="NFO",2, IF(I78="NFS",6, IF(I78="NFF",8, IF(I78="NFFF",8,"")))))))) | J82: =IF(J86>0,( IF(J78="TF",1,IF(J78="CF",1,IF(J78="NF",5, IF(J78="NFO",2, IF(J78="NFS",6, IF(J78="NFF",8, IF(J78="NFFF",8,"")))))))-J86), IF(J78="TF",1,IF(J78="CF",1,IF(J78="NF",2, IF(J78="NFO",2, IF(J78="NFS",6, IF(J78="NFF",8, IF(J78="NFFF",8,"")))))))) -> 6 | K82: =IF(K86>0,( IF(K78="TF",1,IF(K78="CF",1,IF(K78="NF",5, IF(K78="NFO",2, IF(K78="NFS",6, IF(K78="NFF",8, IF(K78="NFFF",8,"")))))))-K86), IF(K78="TF",1,IF(K78="CF",1,IF(K78="NF",2, IF(K78="NFO",2, IF(K78="NFS",6, IF(K78="NFF",8, IF(K78="NFFF",8,"")))))))) -> 8 | L82: =IF(L86>0,( IF(L78="TF",1,IF(L78="CF",1,IF(L78="NF",5, IF(L78="NFO",2, IF(L78="NFS",6, IF(L78="NFF",8, IF(L78="NFFF",8,"")))))))-L86), IF(L78="TF",1,IF(L78="CF",1,IF(L78="NF",2, IF(L78="NFO",2, IF(L78="NFS",6, IF(L78="NFF",8, IF(L78="NFFF",8,"")))))))) -> 2 | ... AI82: =IF(AI86>0,( IF(AI78="TF",1,IF(AI78="CF",1,IF(AI78="NF",5, IF(AI78="NFO",2, IF(AI78="NFS",6, IF(AI78="NFF",8, IF(AI78="NFFF",8,"")))))))-AI86), IF(AI78="TF",1,IF(AI78="CF",1,IF(AI78="NF",2, IF(AI78="NFO",2, IF(AI78="NFS",6, IF(AI78="NFF",8, IF(AI78="NFFF",8,""))))))))
A83: Hora Diurna Extra | B83: =SUM(E83:AK83) -> 0 | C83: =B75/240*125% -> 10801.215 | D83: =B83*C83 -> 0
A84: Hora Nocturna Extra | B84: =SUM(E84:AK84) -> 0 | C84: =B75/240*175% -> 15121.701 | D84: =B84*C84 -> 0
A85: Hora Diurna Extra Festiva | B85: =SUM(E85:AK85) -> 0 | C85: =B75/240*200% -> 17281.944 | D85: =B85*C85 -> 0
A86: Hora Nocturna Extra Festiva | B86: =SUM(E86:AK86) -> 0 | C86: =B75/240*250% -> 21602.43 | D86: =B86*C86 -> 0
B87: =SUM(B79:B86) -> 232 | D87: =ROUND((SUM(D79:D86)),0) -> 1572657
B88: =SUM(B79:B82)-$AL$4 -> 56
A89: Sueldo Básico JULIO 2026 | B89: =B75 -> 2073833.3 | E89: =+D89+1 -> 1 | F89: =+E89+1 -> 2 | G89: =+F89+1 -> 3 | H89: =+G89+1 -> 4 | I89: =+H89+1 -> 5 | J89: =+I89+1 -> 6 | K89: =+J89+1 -> 7 | L89: =+K89+1 -> 8 | ... AF89: =+AE89+1 -> 28 | AG89: 29 | AH89: 30 | AI89: 31
B90: # H | C90: Vr.Hora | D90: Vr.Total | E90: M | F90: J | G90: V | H90: S | I90: D | J90: L | K90: M | L90: M | M90: J | N90: V | O90: S | P90: D | Q90: L | R90: M | S90: M | T90: J | U90: V | V90: S | W90: D | X90: F | Y90: M | Z90: M | AA90: J | AB90: V | AC90: S | AD90: D | AE90: L | AF90: M | AG90: M | AH90: J | AI90: V
A91: Turno | B91: APH | E91: N | F91: N | G91: N | H91: N | I91: N | J91: N | K91: N | L91: N | M91: N | N91: N | O91: N | P91: N | Q91: N | R91: N | S91: N | T91: N | U91: N | V91: N | W91: N | X91: N | Y91: N | Z91: N | AA91: N | AB91: N | AC91: N | AD91: N | AE91: N | AF91: N | AG91: N | AH91: N | AI91: N
A92: FORMULA NO BORRAR | E92: =IF(AND(E91="URG",E90="S"),"URGS",IF(AND(E91="N",E90="F",F90="F"),"NFFF",IF(AND(E91="N",E90="D",F90="F"),"NFF",IF(AND(E91="N",E90="D"),"NFO",IF(AND(E91="N",E90="S"),"NFS",IF(AND(E91="N",E90="F"),"NF",IF(AND(E91="N",E90="D"),"NF",IF(E91="N","N",IF(AND(E91="M",E90="F"),"MF",IF(AND(E91="M",E90="D"),"MF",IF(E91="M","M",IF(AND(E91="T",E90="F"),"TF",IF(AND(E91="T",E90="D"),"TF",IF(E91="T","T",IF(AND(E91="C",E90="F"),"CF",IF(AND(E91="C",E90="D"),"CF",IF(E91="C","C",IF(AND(E91="L",E90="F"),"LF",IF(AND(E91="L",E90="D"),"LF", IF(E91="L","L",IF(E91="SC","PS", IF(E91="SA","PS",IF(E91="TV","PS", IF(E91="MI","PS", IF(E91="MT","PS", IF(E91="URG","URGO","")))))))))))))))))))))))))) -> N | F92: =IF(AND(F91="URG",F90="S"),"URGS",IF(AND(F91="N",F90="F",G90="F"),"NFFF",IF(AND(F91="N",F90="D",G90="F"),"NFF",IF(AND(F91="N",F90="D"),"NFO",IF(AND(F91="N",F90="S"),"NFS",IF(AND(F91="N",F90="F"),"NF",IF(AND(F91="N",F90="D"),"NF",IF(F91="N","N",IF(AND(F91="M",F90="F"),"MF",IF(AND(F91="M",F90="D"),"MF",IF(F91="M","M",IF(AND(F91="T",F90="F"),"TF",IF(AND(F91="T",F90="D"),"TF",IF(F91="T","T",IF(AND(F91="C",F90="F"),"CF",IF(AND(F91="C",F90="D"),"CF",IF(F91="C","C",IF(AND(F91="L",F90="F"),"LF",IF(AND(F91="L",F90="D"),"LF", IF(F91="L","L",IF(F91="SC","PS", IF(F91="SA","PS",IF(F91="TV","PS", IF(F91="MI","PS", IF(F91="MT","PS", IF(F91="URG","URGO","")))))))))))))))))))))))))) -> N | G92: =IF(AND(G91="URG",G90="S"),"URGS",IF(AND(G91="N",G90="F",H90="F"),"NFFF",IF(AND(G91="N",G90="D",H90="F"),"NFF",IF(AND(G91="N",G90="D"),"NFO",IF(AND(G91="N",G90="S"),"NFS",IF(AND(G91="N",G90="F"),"NF",IF(AND(G91="N",G90="D"),"NF",IF(G91="N","N",IF(AND(G91="M",G90="F"),"MF",IF(AND(G91="M",G90="D"),"MF",IF(G91="M","M",IF(AND(G91="T",G90="F"),"TF",IF(AND(G91="T",G90="D"),"TF",IF(G91="T","T",IF(AND(G91="C",G90="F"),"CF",IF(AND(G91="C",G90="D"),"CF",IF(G91="C","C",IF(AND(G91="L",G90="F"),"LF",IF(AND(G91="L",G90="D"),"LF", IF(G91="L","L",IF(G91="SC","PS", IF(G91="SA","PS",IF(G91="TV","PS", IF(G91="MI","PS", IF(G91="MT","PS", IF(G91="URG","URGO","")))))))))))))))))))))))))) -> N | H92: =IF(AND(H91="URG",H90="S"),"URGS",IF(AND(H91="N",H90="F",I90="F"),"NFFF",IF(AND(H91="N",H90="D",I90="F"),"NFF",IF(AND(H91="N",H90="D"),"NFO",IF(AND(H91="N",H90="S"),"NFS",IF(AND(H91="N",H90="F"),"NF",IF(AND(H91="N",H90="D"),"NF",IF(H91="N","N",IF(AND(H91="M",H90="F"),"MF",IF(AND(H91="M",H90="D"),"MF",IF(H91="M","M",IF(AND(H91="T",H90="F"),"TF",IF(AND(H91="T",H90="D"),"TF",IF(H91="T","T",IF(AND(H91="C",H90="F"),"CF",IF(AND(H91="C",H90="D"),"CF",IF(H91="C","C",IF(AND(H91="L",H90="F"),"LF",IF(AND(H91="L",H90="D"),"LF", IF(H91="L","L",IF(H91="SC","PS", IF(H91="SA","PS",IF(H91="TV","PS", IF(H91="MI","PS", IF(H91="MT","PS", IF(H91="URG","URGO","")))))))))))))))))))))))))) -> NFS | J92: =IF(AND(J91="URG",J90="S"),"URGS",IF(AND(J91="N",J90="F",K90="F"),"NFFF",IF(AND(J91="N",J90="D",K90="F"),"NFF",IF(AND(J91="N",J90="D"),"NFO",IF(AND(J91="N",J90="S"),"NFS",IF(AND(J91="N",J90="F"),"NF",IF(AND(J91="N",J90="D"),"NF",IF(J91="N","N",IF(AND(J91="M",J90="F"),"MF",IF(AND(J91="M",J90="D"),"MF",IF(J91="M","M",IF(AND(J91="T",J90="F"),"TF",IF(AND(J91="T",J90="D"),"TF",IF(J91="T","T",IF(AND(J91="C",J90="F"),"CF",IF(AND(J91="C",J90="D"),"CF",IF(J91="C","C",IF(AND(J91="L",J90="F"),"LF",IF(AND(J91="L",J90="D"),"LF", IF(J91="L","L",IF(J91="SC","PS", IF(J91="SA","PS",IF(J91="TV","PS", IF(J91="MI","PS", IF(J91="MT","PS", IF(J91="URG","URGO","")))))))))))))))))))))))))) -> N | K92: =IF(AND(K91="URG",K90="S"),"URGS",IF(AND(K91="N",K90="F",L90="F"),"NFFF",IF(AND(K91="N",K90="D",L90="F"),"NFF",IF(AND(K91="N",K90="D"),"NFO",IF(AND(K91="N",K90="S"),"NFS",IF(AND(K91="N",K90="F"),"NF",IF(AND(K91="N",K90="D"),"NF",IF(K91="N","N",IF(AND(K91="M",K90="F"),"MF",IF(AND(K91="M",K90="D"),"MF",IF(K91="M","M",IF(AND(K91="T",K90="F"),"TF",IF(AND(K91="T",K90="D"),"TF",IF(K91="T","T",IF(AND(K91="C",K90="F"),"CF",IF(AND(K91="C",K90="D"),"CF",IF(K91="C","C",IF(AND(K91="L",K90="F"),"LF",IF(AND(K91="L",K90="D"),"LF", IF(K91="L","L",IF(K91="SC","PS", IF(K91="SA","PS",IF(K91="TV","PS", IF(K91="MI","PS", IF(K91="MT","PS", IF(K91="URG","URGO","")))))))))))))))))))))))))) -> N | L92: =IF(AND(L91="URG",L90="S"),"URGS",IF(AND(L91="N",L90="F",M90="F"),"NFFF",IF(AND(L91="N",L90="D",M90="F"),"NFF",IF(AND(L91="N",L90="D"),"NFO",IF(AND(L91="N",L90="S"),"NFS",IF(AND(L91="N",L90="F"),"NF",IF(AND(L91="N",L90="D"),"NF",IF(L91="N","N",IF(AND(L91="M",L90="F"),"MF",IF(AND(L91="M",L90="D"),"MF",IF(L91="M","M",IF(AND(L91="T",L90="F"),"TF",IF(AND(L91="T",L90="D"),"TF",IF(L91="T","T",IF(AND(L91="C",L90="F"),"CF",IF(AND(L91="C",L90="D"),"CF",IF(L91="C","C",IF(AND(L91="L",L90="F"),"LF",IF(AND(L91="L",L90="D"),"LF", IF(L91="L","L",IF(L91="SC","PS", IF(L91="SA","PS",IF(L91="TV","PS", IF(L91="MI","PS", IF(L91="MT","PS", IF(L91="URG","URGO","")))))))))))))))))))))))))) -> N | M92: =IF(AND(M91="URG",M90="S"),"URGS",IF(AND(M91="N",M90="F",N90="F"),"NFFF",IF(AND(M91="N",M90="D",N90="F"),"NFF",IF(AND(M91="N",M90="D"),"NFO",IF(AND(M91="N",M90="S"),"NFS",IF(AND(M91="N",M90="F"),"NF",IF(AND(M91="N",M90="D"),"NF",IF(M91="N","N",IF(AND(M91="M",M90="F"),"MF",IF(AND(M91="M",M90="D"),"MF",IF(M91="M","M",IF(AND(M91="T",M90="F"),"TF",IF(AND(M91="T",M90="D"),"TF",IF(M91="T","T",IF(AND(M91="C",M90="F"),"CF",IF(AND(M91="C",M90="D"),"CF",IF(M91="C","C",IF(AND(M91="L",M90="F"),"LF",IF(AND(M91="L",M90="D"),"LF", IF(M91="L","L",IF(M91="SC","PS", IF(M91="SA","PS",IF(M91="TV","PS", IF(M91="MI","PS", IF(M91="MT","PS", IF(M91="URG","URGO","")))))))))))))))))))))))))) -> N | N92: =IF(AND(N91="URG",N90="S"),"URGS",IF(AND(N91="N",N90="F",O90="F"),"NFFF",IF(AND(N91="N",N90="D",O90="F"),"NFF",IF(AND(N91="N",N90="D"),"NFO",IF(AND(N91="N",N90="S"),"NFS",IF(AND(N91="N",N90="F"),"NF",IF(AND(N91="N",N90="D"),"NF",IF(N91="N","N",IF(AND(N91="M",N90="F"),"MF",IF(AND(N91="M",N90="D"),"MF",IF(N91="M","M",IF(AND(N91="T",N90="F"),"TF",IF(AND(N91="T",N90="D"),"TF",IF(N91="T","T",IF(AND(N91="C",N90="F"),"CF",IF(AND(N91="C",N90="D"),"CF",IF(N91="C","C",IF(AND(N91="L",N90="F"),"LF",IF(AND(N91="L",N90="D"),"LF", IF(N91="L","L",IF(N91="SC","PS", IF(N91="SA","PS",IF(N91="TV","PS", IF(N91="MI","PS", IF(N91="MT","PS", IF(N91="URG","URGO","")))))))))))))))))))))))))) -> N | O92: =IF(AND(O91="URG",O90="S"),"URGS",IF(AND(O91="N",O90="F",P90="F"),"NFFF",IF(AND(O91="N",O90="D",P90="F"),"NFF",IF(AND(O91="N",O90="D"),"NFO",IF(AND(O91="N",O90="S"),"NFS",IF(AND(O91="N",O90="F"),"NF",IF(AND(O91="N",O90="D"),"NF",IF(O91="N","N",IF(AND(O91="M",O90="F"),"MF",IF(AND(O91="M",O90="D"),"MF",IF(O91="M","M",IF(AND(O91="T",O90="F"),"TF",IF(AND(O91="T",O90="D"),"TF",IF(O91="T","T",IF(AND(O91="C",O90="F"),"CF",IF(AND(O91="C",O90="D"),"CF",IF(O91="C","C",IF(AND(O91="L",O90="F"),"LF",IF(AND(O91="L",O90="D"),"LF", IF(O91="L","L",IF(O91="SC","PS", IF(O91="SA","PS",IF(O91="TV","PS", IF(O91="MI","PS", IF(O91="MT","PS", IF(O91="URG","URGO","")))))))))))))))))))))))))) -> NFS | P92: =IF(AND(P91="URG",P90="S"),"URGS",IF(AND(P91="N",P90="F",Q90="F"),"NFFF",IF(AND(P91="N",P90="D",Q90="F"),"NFF",IF(AND(P91="N",P90="D"),"NFO",IF(AND(P91="N",P90="S"),"NFS",IF(AND(P91="N",P90="F"),"NF",IF(AND(P91="N",P90="D"),"NF",IF(P91="N","N",IF(AND(P91="M",P90="F"),"MF",IF(AND(P91="M",P90="D"),"MF",IF(P91="M","M",IF(AND(P91="T",P90="F"),"TF",IF(AND(P91="T",P90="D"),"TF",IF(P91="T","T",IF(AND(P91="C",P90="F"),"CF",IF(AND(P91="C",P90="D"),"CF",IF(P91="C","C",IF(AND(P91="L",P90="F"),"LF",IF(AND(P91="L",P90="D"),"LF", IF(P91="L","L",IF(P91="SC","PS", IF(P91="SA","PS",IF(P91="TV","PS", IF(P91="MI","PS", IF(P91="MT","PS", IF(P91="URG","URGO","")))))))))))))))))))))))))) -> NFO | Q92: =IF(AND(Q91="URG",Q90="S"),"URGS",IF(AND(Q91="N",Q90="F",R90="F"),"NFFF",IF(AND(Q91="N",Q90="D",R90="F"),"NFF",IF(AND(Q91="N",Q90="D"),"NFO",IF(AND(Q91="N",Q90="S"),"NFS",IF(AND(Q91="N",Q90="F"),"NF",IF(AND(Q91="N",Q90="D"),"NF",IF(Q91="N","N",IF(AND(Q91="M",Q90="F"),"MF",IF(AND(Q91="M",Q90="D"),"MF",IF(Q91="M","M",IF(AND(Q91="T",Q90="F"),"TF",IF(AND(Q91="T",Q90="D"),"TF",IF(Q91="T","T",IF(AND(Q91="C",Q90="F"),"CF",IF(AND(Q91="C",Q90="D"),"CF",IF(Q91="C","C",IF(AND(Q91="L",Q90="F"),"LF",IF(AND(Q91="L",Q90="D"),"LF", IF(Q91="L","L",IF(Q91="SC","PS", IF(Q91="SA","PS",IF(Q91="TV","PS", IF(Q91="MI","PS", IF(Q91="MT","PS", IF(Q91="URG","URGO","")))))))))))))))))))))))))) -> N | ... AI92: =IF(AND(AI91="URG",AI90="S"),"URGS",IF(AND(AI91="N",AI90="F",AJ90="F"),"NFFF",IF(AND(AI91="N",AI90="D",AJ90="F"),"NFF",IF(AND(AI91="N",AI90="D"),"NFO",IF(AND(AI91="N",AI90="S"),"NFS",IF(AND(AI91="N",AI90="F"),"NF",IF(AND(AI91="N",AI90="D"),"NF",IF(AI91="N","N",IF(AND(AI91="M",AI90="F"),"MF",IF(AND(AI91="M",AI90="D"),"MF",IF(AI91="M","M",IF(AND(AI91="T",AI90="F"),"TF",IF(AND(AI91="T",AI90="D"),"TF",IF(AI91="T","T",IF(AND(AI91="C",AI90="F"),"CF",IF(AND(AI91="C",AI90="D"),"CF",IF(AI91="C","C",IF(AND(AI91="L",AI90="F"),"LF",IF(AND(AI91="L",AI90="D"),"LF", IF(AI91="L","L",IF(AI91="SC","PS", IF(AI91="SA","PS",IF(AI91="TV","PS", IF(AI91="MI","PS", IF(AI91="MT","PS", IF(AI91="URG","URGO","")))))))))))))))))))))))))) -> N
A93: Hora Diurna Ordinaria | B93: =SUM(E93:AK93) -> 0 | C93: =B89/240 -> 8640.9721 | D93: =B93*C93*0 -> 0 | E93: =IF(E97>0,(IF(AND(E92="PS",E90="S"),4,IF(E92="M",6,IF(E92="T",5,IF(E92="C",11,IF(E92="N",0,IF(E92="NF",0,IF(E92="NFO",0, IF(E92="URGS",4,IF(E92="URGO",8, IF(E92="PS",8,""))))))))))-E97), IF(AND(E92="PS",E90="S"),4,IF(E92="M",6,IF(E92="T",5,IF(E92="C",11,IF(E92="N",0,IF(E92="NF",0,IF(E92="NFO",0, IF(E92="URGS",4,IF(E92="URGO",8, IF(E92="PS",8,""))))))))))) -> 0 | F93: =IF(F97>0,(IF(AND(F92="PS",F90="S"),4,IF(F92="M",6,IF(F92="T",5,IF(F92="C",11,IF(F92="N",0,IF(F92="NF",0,IF(F92="NFO",0, IF(F92="URGS",4,IF(F92="URGO",8, IF(F92="PS",8,""))))))))))-F97), IF(AND(F92="PS",F90="S"),4,IF(F92="M",6,IF(F92="T",5,IF(F92="C",11,IF(F92="N",0,IF(F92="NF",0,IF(F92="NFO",0, IF(F92="URGS",4,IF(F92="URGO",8, IF(F92="PS",8,""))))))))))) -> 0 | G93: =IF(G97>0,(IF(AND(G92="PS",G90="S"),4,IF(G92="M",6,IF(G92="T",5,IF(G92="C",11,IF(G92="N",0,IF(G92="NF",0,IF(G92="NFO",0, IF(G92="URGS",4,IF(G92="URGO",8, IF(G92="PS",8,""))))))))))-G97), IF(AND(G92="PS",G90="S"),4,IF(G92="M",6,IF(G92="T",5,IF(G92="C",11,IF(G92="N",0,IF(G92="NF",0,IF(G92="NFO",0, IF(G92="URGS",4,IF(G92="URGO",8, IF(G92="PS",8,""))))))))))) -> 0 | H93: =IF(H97>0,(IF(AND(H92="PS",H90="S"),4,IF(H92="M",6,IF(H92="T",5,IF(H92="C",11,IF(H92="N",0,IF(H92="NF",0,IF(H92="NFO",0, IF(H92="URGS",4,IF(H92="URGO",8, IF(H92="PS",8,""))))))))))-H97), IF(AND(H92="PS",H90="S"),4,IF(H92="M",6,IF(H92="T",5,IF(H92="C",11,IF(H92="N",0,IF(H92="NF",0,IF(H92="NFO",0, IF(H92="URGS",4,IF(H92="URGO",8, IF(H92="PS",8,""))))))))))) | I93: =IF(I97>0,(IF(AND(I92="PS",I90="S"),4,IF(I92="M",6,IF(I92="T",5,IF(I92="C",11,IF(I92="N",0,IF(I92="NF",0,IF(I92="NFO",0, IF(I92="URGS",4,IF(I92="URGO",8, IF(I92="PS",8,""))))))))))-I97), IF(AND(I92="PS",I90="S"),4,IF(I92="M",6,IF(I92="T",5,IF(I92="C",11,IF(I92="N",0,IF(I92="NF",0,IF(I92="NFO",0, IF(I92="URGS",4,IF(I92="URGO",8, IF(I92="PS",8,""))))))))))) | J93: =IF(J97>0,(IF(AND(J92="PS",J90="S"),4,IF(J92="M",6,IF(J92="T",5,IF(J92="C",11,IF(J92="N",0,IF(J92="NF",0,IF(J92="NFO",0, IF(J92="URGS",4,IF(J92="URGO",8, IF(J92="PS",8,""))))))))))-J97), IF(AND(J92="PS",J90="S"),4,IF(J92="M",6,IF(J92="T",5,IF(J92="C",11,IF(J92="N",0,IF(J92="NF",0,IF(J92="NFO",0, IF(J92="URGS",4,IF(J92="URGO",8, IF(J92="PS",8,""))))))))))) -> 0 | K93: =IF(K97>0,(IF(AND(K92="PS",K90="S"),4,IF(K92="M",6,IF(K92="T",5,IF(K92="C",11,IF(K92="N",0,IF(K92="NF",0,IF(K92="NFO",0, IF(K92="URGS",4,IF(K92="URGO",8, IF(K92="PS",8,""))))))))))-K97), IF(AND(K92="PS",K90="S"),4,IF(K92="M",6,IF(K92="T",5,IF(K92="C",11,IF(K92="N",0,IF(K92="NF",0,IF(K92="NFO",0, IF(K92="URGS",4,IF(K92="URGO",8, IF(K92="PS",8,""))))))))))) -> 0 | L93: =IF(L97>0,(IF(AND(L92="PS",L90="S"),4,IF(L92="M",6,IF(L92="T",5,IF(L92="C",11,IF(L92="N",0,IF(L92="NF",0,IF(L92="NFO",0, IF(L92="URGS",4,IF(L92="URGO",8, IF(L92="PS",8,""))))))))))-L97), IF(AND(L92="PS",L90="S"),4,IF(L92="M",6,IF(L92="T",5,IF(L92="C",11,IF(L92="N",0,IF(L92="NF",0,IF(L92="NFO",0, IF(L92="URGS",4,IF(L92="URGO",8, IF(L92="PS",8,""))))))))))) -> 0 | ... AI93: =IF(AI97>0,(IF(AND(AI92="PS",AI90="S"),4,IF(AI92="M",6,IF(AI92="T",5,IF(AI92="C",11,IF(AI92="N",0,IF(AI92="NF",0,IF(AI92="NFO",0, IF(AI92="URGS",4,IF(AI92="URGO",8, IF(AI92="PS",8,""))))))))))-AI97), IF(AND(AI92="PS",AI90="S"),4,IF(AI92="M",6,IF(AI92="T",5,IF(AI92="C",11,IF(AI92="N",0,IF(AI92="NF",0,IF(AI92="NFO",0, IF(AI92="URGS",4,IF(AI92="URGO",8, IF(AI92="PS",8,""))))))))))) -> 0
A94: Hora Nocturna Ordinaria | B94: =SUM(E94:AK94) -> 202 | C94: =B89/240*35% -> 3024.3402 | D94: =B94*C94 -> 610916.73 | E94: =IF(E98>0,(IF(E92="T",1,IF(E92="C",0,IF(E92="N",11,IF(E92="NF",6, IF(E92="NFO",6, IF(E92="NFS",2,""))))))-E98), IF(E92="T",1,IF(E92="C",0,IF(E92="N",8,IF(E92="NF",6, IF(E92="NFO",6, IF(E92="NFS",2,""))))))) -> 8 | F94: =IF(F98>0,(IF(F92="T",1,IF(F92="C",0,IF(F92="N",11,IF(F92="NF",6, IF(F92="NFO",6, IF(F92="NFS",2,""))))))-F98), IF(F92="T",1,IF(F92="C",0,IF(F92="N",8,IF(F92="NF",6, IF(F92="NFO",6, IF(F92="NFS",2,""))))))) -> 8 | G94: =IF(G98>0,(IF(G92="T",1,IF(G92="C",0,IF(G92="N",11,IF(G92="NF",6, IF(G92="NFO",6, IF(G92="NFS",2,""))))))-G98), IF(G92="T",1,IF(G92="C",0,IF(G92="N",8,IF(G92="NF",6, IF(G92="NFO",6, IF(G92="NFS",2,""))))))) -> 8 | H94: =IF(H98>0,(IF(H92="T",1,IF(H92="C",0,IF(H92="N",11,IF(H92="NF",6, IF(H92="NFO",6, IF(H92="NFS",2,""))))))-H98), IF(H92="T",1,IF(H92="C",0,IF(H92="N",8,IF(H92="NF",6, IF(H92="NFO",6, IF(H92="NFS",2,""))))))) -> 2 | I94: =IF(I98>0,(IF(I92="T",1,IF(I92="C",0,IF(I92="N",11,IF(I92="NF",6, IF(I92="NFO",6, IF(I92="NFS",2,""))))))-I98), IF(I92="T",1,IF(I92="C",0,IF(I92="N",8,IF(I92="NF",6, IF(I92="NFO",6, IF(I92="NFS",2,""))))))) | J94: =IF(J98>0,(IF(J92="T",1,IF(J92="C",0,IF(J92="N",11,IF(J92="NF",6, IF(J92="NFO",6, IF(J92="NFS",2,""))))))-J98), IF(J92="T",1,IF(J92="C",0,IF(J92="N",8,IF(J92="NF",6, IF(J92="NFO",6, IF(J92="NFS",2,""))))))) -> 8 | K94: =IF(K98>0,(IF(K92="T",1,IF(K92="C",0,IF(K92="N",11,IF(K92="NF",6, IF(K92="NFO",6, IF(K92="NFS",2,""))))))-K98), IF(K92="T",1,IF(K92="C",0,IF(K92="N",8,IF(K92="NF",6, IF(K92="NFO",6, IF(K92="NFS",2,""))))))) -> 8 | L94: =IF(L98>0,(IF(L92="T",1,IF(L92="C",0,IF(L92="N",11,IF(L92="NF",6, IF(L92="NFO",6, IF(L92="NFS",2,""))))))-L98), IF(L92="T",1,IF(L92="C",0,IF(L92="N",8,IF(L92="NF",6, IF(L92="NFO",6, IF(L92="NFS",2,""))))))) -> 8 | ... AI94: =IF(AI98>0,(IF(AI92="T",1,IF(AI92="C",0,IF(AI92="N",11,IF(AI92="NF",6, IF(AI92="NFO",6, IF(AI92="NFS",2,""))))))-AI98), IF(AI92="T",1,IF(AI92="C",0,IF(AI92="N",8,IF(AI92="NF",6, IF(AI92="NFO",6, IF(AI92="NFS",2,""))))))) -> 8
A95: Hora Diurna Festiva | B95: =SUM(E95:AK95) -> 0 | C95: =B89/240*190% -> 16417.847 | D95: =B95*C95 -> 0 | E95: =IF(E99>0, (IF(E92="MF",8,IF(E92="TF",7,IF(E92="CF",12,IF(E92="NF",0, IF(E92="NFS",0, IF(E92="NFF",0, IF(E92="NFFF",0,"")))))))-E99), IF(E92="MF",8,IF(E92="TF",7,IF(E92="CF",12,IF(E92="NF",0, IF(E92="NFS",0, IF(E92="NFF",0, IF(E92="NFFF",0,"")))))))) | F95: =IF(F99>0, (IF(F92="MF",8,IF(F92="TF",7,IF(F92="CF",12,IF(F92="NF",0, IF(F92="NFS",0, IF(F92="NFF",0, IF(F92="NFFF",0,"")))))))-F99), IF(F92="MF",8,IF(F92="TF",7,IF(F92="CF",12,IF(F92="NF",0, IF(F92="NFS",0, IF(F92="NFF",0, IF(F92="NFFF",0,"")))))))) | G95: =IF(G99>0, (IF(G92="MF",8,IF(G92="TF",7,IF(G92="CF",12,IF(G92="NF",0, IF(G92="NFS",0, IF(G92="NFF",0, IF(G92="NFFF",0,"")))))))-G99), IF(G92="MF",8,IF(G92="TF",7,IF(G92="CF",12,IF(G92="NF",0, IF(G92="NFS",0, IF(G92="NFF",0, IF(G92="NFFF",0,"")))))))) | H95: =IF(H99>0, (IF(H92="MF",8,IF(H92="TF",7,IF(H92="CF",12,IF(H92="NF",0, IF(H92="NFS",0, IF(H92="NFF",0, IF(H92="NFFF",0,"")))))))-H99), IF(H92="MF",8,IF(H92="TF",7,IF(H92="CF",12,IF(H92="NF",0, IF(H92="NFS",0, IF(H92="NFF",0, IF(H92="NFFF",0,"")))))))) -> 0 | I95: =IF(I99>0, (IF(I92="MF",8,IF(I92="TF",7,IF(I92="CF",12,IF(I92="NF",0, IF(I92="NFS",0, IF(I92="NFF",0, IF(I92="NFFF",0,"")))))))-I99), IF(I92="MF",8,IF(I92="TF",7,IF(I92="CF",12,IF(I92="NF",0, IF(I92="NFS",0, IF(I92="NFF",0, IF(I92="NFFF",0,"")))))))) | J95: =IF(J99>0, (IF(J92="MF",8,IF(J92="TF",7,IF(J92="CF",12,IF(J92="NF",0, IF(J92="NFS",0, IF(J92="NFF",0, IF(J92="NFFF",0,"")))))))-J99), IF(J92="MF",8,IF(J92="TF",7,IF(J92="CF",12,IF(J92="NF",0, IF(J92="NFS",0, IF(J92="NFF",0, IF(J92="NFFF",0,"")))))))) | K95: =IF(K99>0, (IF(K92="MF",8,IF(K92="TF",7,IF(K92="CF",12,IF(K92="NF",0, IF(K92="NFS",0, IF(K92="NFF",0, IF(K92="NFFF",0,"")))))))-K99), IF(K92="MF",8,IF(K92="TF",7,IF(K92="CF",12,IF(K92="NF",0, IF(K92="NFS",0, IF(K92="NFF",0, IF(K92="NFFF",0,"")))))))) | L95: =IF(L99>0, (IF(L92="MF",8,IF(L92="TF",7,IF(L92="CF",12,IF(L92="NF",0, IF(L92="NFS",0, IF(L92="NFF",0, IF(L92="NFFF",0,"")))))))-L99), IF(L92="MF",8,IF(L92="TF",7,IF(L92="CF",12,IF(L92="NF",0, IF(L92="NFS",0, IF(L92="NFF",0, IF(L92="NFFF",0,"")))))))) | ... AI95: =IF(AI99>0, (IF(AI92="MF",8,IF(AI92="TF",7,IF(AI92="CF",12,IF(AI92="NF",0, IF(AI92="NFS",0, IF(AI92="NFF",0, IF(AI92="NFFF",0,"")))))))-AI99), IF(AI92="MF",8,IF(AI92="TF",7,IF(AI92="CF",12,IF(AI92="NF",0, IF(AI92="NFS",0, IF(AI92="NFF",0, IF(AI92="NFFF",0,""))))))))
A96: Hora Nocturna Festiva | B96: =SUM(E96:AK96) -> 38 | C96: =B89/240*225% -> 19442.187 | D96: =B96*C96 -> 738803.11 | E96: =IF(E100>0,( IF(E92="TF",1,IF(E92="CF",1,IF(E92="NF",5, IF(E92="NFO",2, IF(E92="NFS",6, IF(E92="NFF",8, IF(E92="NFFF",8,"")))))))-E100), IF(E92="TF",1,IF(E92="CF",1,IF(E92="NF",2, IF(E92="NFO",2, IF(E92="NFS",6, IF(E92="NFF",8, IF(E92="NFFF",8,"")))))))) | F96: =IF(F100>0,( IF(F92="TF",1,IF(F92="CF",1,IF(F92="NF",5, IF(F92="NFO",2, IF(F92="NFS",6, IF(F92="NFF",8, IF(F92="NFFF",8,"")))))))-F100), IF(F92="TF",1,IF(F92="CF",1,IF(F92="NF",2, IF(F92="NFO",2, IF(F92="NFS",6, IF(F92="NFF",8, IF(F92="NFFF",8,"")))))))) | G96: =IF(G100>0,( IF(G92="TF",1,IF(G92="CF",1,IF(G92="NF",5, IF(G92="NFO",2, IF(G92="NFS",6, IF(G92="NFF",8, IF(G92="NFFF",8,"")))))))-G100), IF(G92="TF",1,IF(G92="CF",1,IF(G92="NF",2, IF(G92="NFO",2, IF(G92="NFS",6, IF(G92="NFF",8, IF(G92="NFFF",8,"")))))))) | H96: =IF(H100>0,( IF(H92="TF",1,IF(H92="CF",1,IF(H92="NF",5, IF(H92="NFO",2, IF(H92="NFS",6, IF(H92="NFF",8, IF(H92="NFFF",8,"")))))))-H100), IF(H92="TF",1,IF(H92="CF",1,IF(H92="NF",2, IF(H92="NFO",2, IF(H92="NFS",6, IF(H92="NFF",8, IF(H92="NFFF",8,"")))))))) -> 6 | I96: =IF(I100>0,( IF(I92="TF",1,IF(I92="CF",1,IF(I92="NF",5, IF(I92="NFO",2, IF(I92="NFS",6, IF(I92="NFF",8, IF(I92="NFFF",8,"")))))))-I100), IF(I92="TF",1,IF(I92="CF",1,IF(I92="NF",2, IF(I92="NFO",2, IF(I92="NFS",6, IF(I92="NFF",8, IF(I92="NFFF",8,"")))))))) | J96: =IF(J100>0,( IF(J92="TF",1,IF(J92="CF",1,IF(J92="NF",5, IF(J92="NFO",2, IF(J92="NFS",6, IF(J92="NFF",8, IF(J92="NFFF",8,"")))))))-J100), IF(J92="TF",1,IF(J92="CF",1,IF(J92="NF",2, IF(J92="NFO",2, IF(J92="NFS",6, IF(J92="NFF",8, IF(J92="NFFF",8,"")))))))) | K96: =IF(K100>0,( IF(K92="TF",1,IF(K92="CF",1,IF(K92="NF",5, IF(K92="NFO",2, IF(K92="NFS",6, IF(K92="NFF",8, IF(K92="NFFF",8,"")))))))-K100), IF(K92="TF",1,IF(K92="CF",1,IF(K92="NF",2, IF(K92="NFO",2, IF(K92="NFS",6, IF(K92="NFF",8, IF(K92="NFFF",8,"")))))))) | L96: =IF(L100>0,( IF(L92="TF",1,IF(L92="CF",1,IF(L92="NF",5, IF(L92="NFO",2, IF(L92="NFS",6, IF(L92="NFF",8, IF(L92="NFFF",8,"")))))))-L100), IF(L92="TF",1,IF(L92="CF",1,IF(L92="NF",2, IF(L92="NFO",2, IF(L92="NFS",6, IF(L92="NFF",8, IF(L92="NFFF",8,"")))))))) | ... AI96: =IF(AI100>0,( IF(AI92="TF",1,IF(AI92="CF",1,IF(AI92="NF",5, IF(AI92="NFO",2, IF(AI92="NFS",6, IF(AI92="NFF",8, IF(AI92="NFFF",8,"")))))))-AI100), IF(AI92="TF",1,IF(AI92="CF",1,IF(AI92="NF",2, IF(AI92="NFO",2, IF(AI92="NFS",6, IF(AI92="NFF",8, IF(AI92="NFFF",8,""))))))))
A97: Hora Diurna Extra | B97: =SUM(E97:AK97) -> 0 | C97: =B89/240*125% -> 10801.215 | D97: =B97*C97 -> 0
A98: Hora Nocturna Extra | B98: =SUM(E98:AK98) -> 0 | C98: =B89/240*175% -> 15121.701 | D98: =B98*C98 -> 0
A99: Hora Diurna Extra Festiva | B99: =SUM(E99:AK99) -> 0 | C99: =B89/240*200% -> 17281.944 | D99: =B99*C99 -> 0
A100: Hora Nocturna Extra Festiva | B100: =SUM(E100:AK100) -> 0 | C100: =B89/240*250% -> 21602.43 | D100: =B100*C100 -> 0
...

Sheet REC MAÑANA FESTIVAS 2026
A1: ALCALDIA DE PERERIA SEM (El Sistema de Emergencias Médicas – SEM, tal como lo señala la Resolución 926 de 2017)
A2: TURNO MAÑANA RELACION DE RECARGOS NOCTURNO, DOMINICALES Y FESTIVOS - NÓMINA 2026 | AL2: 20 | AM2: Días Semanales | AN2: 20
A3: APH Tecnólogo (1) en Atención Prehospitalaria | AL3: 4 | AM3: Sábados | AN3: 4
B4: =B17+B31+B45+B59+B73+B87+B101+B115+B129+B143+B157+B171 -> 552 | AL4: =(AL2*8)+(AL3*4) -> 176 | AM4: Horas a cumplir | AN4: 5
A5: Sueldo Básico ENERO 2026 | B5: 2073833.3 | E5: =+D5+1 -> 1 | F5: =+E5+1 -> 2 | G5: =+F5+1 -> 3 | H5: =+G5+1 -> 4 | I5: =+H5+1 -> 5 | J5: =+I5+1 -> 6 | K5: =+J5+1 -> 7 | L5: =+K5+1 -> 8 | ... AF5: =+AE5+1 -> 28 | AG5: 29 | AH5: 30 | AI5: 31 | AJ5: =+AI5+1 -> 32 | AK5: =+AJ5+1 -> 33 | AN5: =AN2-AN3-AN4 -> 11 | AO5: DIURNAS | AP5: NOCTURNAS
B6: # H | C6: Vr.Hora | D6: Vr.Total | E6: F | F6: V | G6: S | H6: D | I6: L | J6: M | K6: M | L6: J | M6: V | N6: S | O6: D | P6: F | Q6: M | R6: M | S6: J | T6: V | U6: S | V6: D | W6: L | X6: M | Y6: M | Z6: J | AA6: V | AB6: S | AC6: D | AD6: L | AE6: M | AF6: M | AG6: J | AH6: V | AI6: S | AJ6: D | AK6: L | AL6: M | AM6: MAÑANA | AN6: 6AM A 2 PM | AO6: 8
A7: Turno | B7: APH | E7: M | H7: M | O7: M | P7: M | V7: M | AC7: M | AL7: T | AM7: TARDE | AN7: 2 PM A 10 PM | AO7: 5 | AP7: 3
A8: FORMULA NO BORRAR | E8: =IF(AND(E7="URG",E6="S"),"URGS",IF(AND(E7="N",E6="F",F6="F"),"NFFF",IF(AND(E7="N",E6="D",F6="F"),"NFF",IF(AND(E7="N",E6="D"),"NFO",IF(AND(E7="N",E6="S"),"NFS",IF(AND(E7="N",E6="F"),"NF",IF(AND(E7="N",E6="D"),"NF",IF(E7="N","N",IF(AND(E7="M",E6="F"),"MF",IF(AND(E7="M",E6="D"),"MF",IF(E7="M","M",IF(AND(E7="T",E6="F"),"TF",IF(AND(E7="T",E6="D"),"TF",IF(E7="T","T",IF(AND(E7="C",E6="F"),"CF",IF(AND(E7="C",E6="D"),"CF",IF(E7="C","C",IF(AND(E7="L",E6="F"),"LF",IF(AND(E7="L",E6="D"),"LF", IF(E7="L","L",IF(E7="SC","PS", IF(E7="SA","PS",IF(E7="TV","PS", IF(E7="MI","PS", IF(E7="MT","PS", IF(E7="URG","URGO","")))))))))))))))))))))))))) -> MF | F8: =IF(AND(F7="URG",F6="S"),"URGS",IF(AND(F7="N",F6="F",G6="F"),"NFFF",IF(AND(F7="N",F6="D",G6="F"),"NFF",IF(AND(F7="N",F6="D"),"NFO",IF(AND(F7="N",F6="S"),"NFS",IF(AND(F7="N",F6="F"),"NF",IF(AND(F7="N",F6="D"),"NF",IF(F7="N","N",IF(AND(F7="M",F6="F"),"MF",IF(AND(F7="M",F6="D"),"MF",IF(F7="M","M",IF(AND(F7="T",F6="F"),"TF",IF(AND(F7="T",F6="D"),"TF",IF(F7="T","T",IF(AND(F7="C",F6="F"),"CF",IF(AND(F7="C",F6="D"),"CF",IF(F7="C","C",IF(AND(F7="L",F6="F"),"LF",IF(AND(F7="L",F6="D"),"LF", IF(F7="L","L",IF(F7="SC","PS", IF(F7="SA","PS",IF(F7="TV","PS", IF(F7="MI","PS", IF(F7="MT","PS", IF(F7="URG","URGO","")))))))))))))))))))))))))) | G8: =IF(AND(G7="URG",G6="S"),"URGS",IF(AND(G7="N",G6="F",H6="F"),"NFFF",IF(AND(G7="N",G6="D",H6="F"),"NFF",IF(AND(G7="N",G6="D"),"NFO",IF(AND(G7="N",G6="S"),"NFS",IF(AND(G7="N",G6="F"),"NF",IF(AND(G7="N",G6="D"),"NF",IF(G7="N","N",IF(AND(G7="M",G6="F"),"MF",IF(AND(G7="M",G6="D"),"MF",IF(G7="M","M",IF(AND(G7="T",G6="F"),"TF",IF(AND(G7="T",G6="D"),"TF",IF(G7="T","T",IF(AND(G7="C",G6="F"),"CF",IF(AND(G7="C",G6="D"),"CF",IF(G7="C","C",IF(AND(G7="L",G6="F"),"LF",IF(AND(G7="L",G6="D"),"LF", IF(G7="L","L",IF(G7="SC","PS", IF(G7="SA","PS",IF(G7="TV","PS", IF(G7="MI","PS", IF(G7="MT","PS", IF(G7="URG","URGO","")))))))))))))))))))))))))) | H8: =IF(AND(H7="URG",H6="S"),"URGS",IF(AND(H7="N",H6="F",I6="F"),"NFFF",IF(AND(H7="N",H6="D",I6="F"),"NFF",IF(AND(H7="N",H6="D"),"NFO",IF(AND(H7="N",H6="S"),"NFS",IF(AND(H7="N",H6="F"),"NF",IF(AND(H7="N",H6="D"),"NF",IF(H7="N","N",IF(AND(H7="M",H6="F"),"MF",IF(AND(H7="M",H6="D"),"MF",IF(H7="M","M",IF(AND(H7="T",H6="F"),"TF",IF(AND(H7="T",H6="D"),"TF",IF(H7="T","T",IF(AND(H7="C",H6="F"),"CF",IF(AND(H7="C",H6="D"),"CF",IF(H7="C","C",IF(AND(H7="L",H6="F"),"LF",IF(AND(H7="L",H6="D"),"LF", IF(H7="L","L",IF(H7="SC","PS", IF(H7="SA","PS",IF(H7="TV","PS", IF(H7="MI","PS", IF(H7="MT","PS", IF(H7="URG","URGO","")))))))))))))))))))))))))) -> MF | J8: =IF(AND(J7="URG",J6="S"),"URGS",IF(AND(J7="N",J6="F",K6="F"),"NFFF",IF(AND(J7="N",J6="D",K6="F"),"NFF",IF(AND(J7="N",J6="D"),"NFO",IF(AND(J7="N",J6="S"),"NFS",IF(AND(J7="N",J6="F"),"NF",IF(AND(J7="N",J6="D"),"NF",IF(J7="N","N",IF(AND(J7="M",J6="F"),"MF",IF(AND(J7="M",J6="D"),"MF",IF(J7="M","M",IF(AND(J7="T",J6="F"),"TF",IF(AND(J7="T",J6="D"),"TF",IF(J7="T","T",IF(AND(J7="C",J6="F"),"CF",IF(AND(J7="C",J6="D"),"CF",IF(J7="C","C",IF(AND(J7="L",J6="F"),"LF",IF(AND(J7="L",J6="D"),"LF", IF(J7="L","L",IF(J7="SC","PS", IF(J7="SA","PS",IF(J7="TV","PS", IF(J7="MI","PS", IF(J7="MT","PS", IF(J7="URG","URGO","")))))))))))))))))))))))))) | K8: =IF(AND(K7="URG",K6="S"),"URGS",IF(AND(K7="N",K6="F",L6="F"),"NFFF",IF(AND(K7="N",K6="D",L6="F"),"NFF",IF(AND(K7="N",K6="D"),"NFO",IF(AND(K7="N",K6="S"),"NFS",IF(AND(K7="N",K6="F"),"NF",IF(AND(K7="N",K6="D"),"NF",IF(K7="N","N",IF(AND(K7="M",K6="F"),"MF",IF(AND(K7="M",K6="D"),"MF",IF(K7="M","M",IF(AND(K7="T",K6="F"),"TF",IF(AND(K7="T",K6="D"),"TF",IF(K7="T","T",IF(AND(K7="C",K6="F"),"CF",IF(AND(K7="C",K6="D"),"CF",IF(K7="C","C",IF(AND(K7="L",K6="F"),"LF",IF(AND(K7="L",K6="D"),"LF", IF(K7="L","L",IF(K7="SC","PS", IF(K7="SA","PS",IF(K7="TV","PS", IF(K7="MI","PS", IF(K7="MT","PS", IF(K7="URG","URGO","")))))))))))))))))))))))))) | L8: =IF(AND(L7="URG",L6="S"),"URGS",IF(AND(L7="N",L6="F",M6="F"),"NFFF",IF(AND(L7="N",L6="D",M6="F"),"NFF",IF(AND(L7="N",L6="D"),"NFO",IF(AND(L7="N",L6="S"),"NFS",IF(AND(L7="N",L6="F"),"NF",IF(AND(L7="N",L6="D"),"NF",IF(L7="N","N",IF(AND(L7="M",L6="F"),"MF",IF(AND(L7="M",L6="D"),"MF",IF(L7="M","M",IF(AND(L7="T",L6="F"),"TF",IF(AND(L7="T",L6="D"),"TF",IF(L7="T","T",IF(AND(L7="C",L6="F"),"CF",IF(AND(L7="C",L6="D"),"CF",IF(L7="C","C",IF(AND(L7="L",L6="F"),"LF",IF(AND(L7="L",L6="D"),"LF", IF(L7="L","L",IF(L7="SC","PS", IF(L7="SA","PS",IF(L7="TV","PS", IF(L7="MI","PS", IF(L7="MT","PS", IF(L7="URG","URGO","")))))))))))))))))))))))))) | M8: =IF(AND(M7="URG",M6="S"),"URGS",IF(AND(M7="N",M6="F",N6="F"),"NFFF",IF(AND(M7="N",M6="D",N6="F"),"NFF",IF(AND(M7="N",M6="D"),"NFO",IF(AND(M7="N",M6="S"),"NFS",IF(AND(M7="N",M6="F"),"NF",IF(AND(M7="N",M6="D"),"NF",IF(M7="N","N",IF(AND(M7="M",M6="F"),"MF",IF(AND(M7="M",M6="D"),"MF",IF(M7="M","M",IF(AND(M7="T",M6="F"),"TF",IF(AND(M7="T",M6="D"),"TF",IF(M7="T","T",IF(AND(M7="C",M6="F"),"CF",IF(AND(M7="C",M6="D"),"CF",IF(M7="C","C",IF(AND(M7="L",M6="F"),"LF",IF(AND(M7="L",M6="D"),"LF", IF(M7="L","L",IF(M7="SC","PS", IF(M7="SA","PS",IF(M7="TV","PS", IF(M7="MI","PS", IF(M7="MT","PS", IF(M7="URG","URGO","")))))))))))))))))))))))))) | N8: =IF(AND(N7="URG",N6="S"),"URGS",IF(AND(N7="N",N6="F",O6="F"),"NFFF",IF(AND(N7="N",N6="D",O6="F"),"NFF",IF(AND(N7="N",N6="D"),"NFO",IF(AND(N7="N",N6="S"),"NFS",IF(AND(N7="N",N6="F"),"NF",IF(AND(N7="N",N6="D"),"NF",IF(N7="N","N",IF(AND(N7="M",N6="F"),"MF",IF(AND(N7="M",N6="D"),"MF",IF(N7="M","M",IF(AND(N7="T",N6="F"),"TF",IF(AND(N7="T",N6="D"),"TF",IF(N7="T","T",IF(AND(N7="C",N6="F"),"CF",IF(AND(N7="C",N6="D"),"CF",IF(N7="C","C",IF(AND(N7="L",N6="F"),"LF",IF(AND(N7="L",N6="D"),"LF", IF(N7="L","L",IF(N7="SC","PS", IF(N7="SA","PS",IF(N7="TV","PS", IF(N7="MI","PS", IF(N7="MT","PS", IF(N7="URG","URGO","")))))))))))))))))))))))))) | O8: =IF(AND(O7="URG",O6="S"),"URGS",IF(AND(O7="N",O6="F",P6="F"),"NFFF",IF(AND(O7="N",O6="D",P6="F"),"NFF",IF(AND(O7="N",O6="D"),"NFO",IF(AND(O7="N",O6="S"),"NFS",IF(AND(O7="N",O6="F"),"NF",IF(AND(O7="N",O6="D"),"NF",IF(O7="N","N",IF(AND(O7="M",O6="F"),"MF",IF(AND(O7="M",O6="D"),"MF",IF(O7="M","M",IF(AND(O7="T",O6="F"),"TF",IF(AND(O7="T",O6="D"),"TF",IF(O7="T","T",IF(AND(O7="C",O6="F"),"CF",IF(AND(O7="C",O6="D"),"CF",IF(O7="C","C",IF(AND(O7="L",O6="F"),"LF",IF(AND(O7="L",O6="D"),"LF", IF(O7="L","L",IF(O7="SC","PS", IF(O7="SA","PS",IF(O7="TV","PS", IF(O7="MI","PS", IF(O7="MT","PS", IF(O7="URG","URGO","")))))))))))))))))))))))))) -> MF | P8: =IF(AND(P7="URG",P6="S"),"URGS",IF(AND(P7="N",P6="F",Q6="F"),"NFFF",IF(AND(P7="N",P6="D",Q6="F"),"NFF",IF(AND(P7="N",P6="D"),"NFO",IF(AND(P7="N",P6="S"),"NFS",IF(AND(P7="N",P6="F"),"NF",IF(AND(P7="N",P6="D"),"NF",IF(P7="N","N",IF(AND(P7="M",P6="F"),"MF",IF(AND(P7="M",P6="D"),"MF",IF(P7="M","M",IF(AND(P7="T",P6="F"),"TF",IF(AND(P7="T",P6="D"),"TF",IF(P7="T","T",IF(AND(P7="C",P6="F"),"CF",IF(AND(P7="C",P6="D"),"CF",IF(P7="C","C",IF(AND(P7="L",P6="F"),"LF",IF(AND(P7="L",P6="D"),"LF", IF(P7="L","L",IF(P7="SC","PS", IF(P7="SA","PS",IF(P7="TV","PS", IF(P7="MI","PS", IF(P7="MT","PS", IF(P7="URG","URGO","")))))))))))))))))))))))))) -> MF | Q8: =IF(AND(Q7="URG",Q6="S"),"URGS",IF(AND(Q7="N",Q6="F",R6="F"),"NFFF",IF(AND(Q7="N",Q6="D",R6="F"),"NFF",IF(AND(Q7="N",Q6="D"),"NFO",IF(AND(Q7="N",Q6="S"),"NFS",IF(AND(Q7="N",Q6="F"),"NF",IF(AND(Q7="N",Q6="D"),"NF",IF(Q7="N","N",IF(AND(Q7="M",Q6="F"),"MF",IF(AND(Q7="M",Q6="D"),"MF",IF(Q7="M","M",IF(AND(Q7="T",Q6="F"),"TF",IF(AND(Q7="T",Q6="D"),"TF",IF(Q7="T","T",IF(AND(Q7="C",Q6="F"),"CF",IF(AND(Q7="C",Q6="D"),"CF",IF(Q7="C","C",IF(AND(Q7="L",Q6="F"),"LF",IF(AND(Q7="L",Q6="D"),"LF", IF(Q7="L","L",IF(Q7="SC","PS", IF(Q7="SA","PS",IF(Q7="TV","PS", IF(Q7="MI","PS", IF(Q7="MT","PS", IF(Q7="URG","URGO","")))))))))))))))))))))))))) | ... AI8: =IF(AND(AI7="URG",AI6="S"),"URGS",IF(AND(AI7="N",AI6="F",AJ6="F"),"NFFF",IF(AND(AI7="N",AI6="D",AJ6="F"),"NFF",IF(AND(AI7="N",AI6="D"),"NFO",IF(AND(AI7="N",AI6="S"),"NFS",IF(AND(AI7="N",AI6="F"),"NF",IF(AND(AI7="N",AI6="D"),"NF",IF(AI7="N","N",IF(AND(AI7="M",AI6="F"),"MF",IF(AND(AI7="M",AI6="D"),"MF",IF(AI7="M","M",IF(AND(AI7="T",AI6="F"),"TF",IF(AND(AI7="T",AI6="D"),"TF",IF(AI7="T","T",IF(AND(AI7="C",AI6="F"),"CF",IF(AND(AI7="C",AI6="D"),"CF",IF(AI7="C","C",IF(AND(AI7="L",AI6="F"),"LF",IF(AND(AI7="L",AI6="D"),"LF", IF(AI7="L","L",IF(AI7="SC","PS", IF(AI7="SA","PS",IF(AI7="TV","PS", IF(AI7="MI","PS", IF(AI7="MT","PS", IF(AI7="URG","URGO","")))))))))))))))))))))))))) | AJ8: =#VALUE! -> #VALUE! | AK8: =#VALUE! -> #VALUE!
A9: Hora Diurna Ordinaria | B9: =SUM(E9:AI9) -> 0 | C9: =B5/240 -> 8640.9721 | D9: =B9*C9*0 -> 0 | E9: =IF(E13>0,(IF(AND(E8="PS",E6="S"),4,IF(E8="M",6,IF(E8="T",5,IF(E8="C",11,IF(E8="N",0,IF(E8="NF",0,IF(E8="NFO",0, IF(E8="URGS",4,IF(E8="URGO",8, IF(E8="PS",8,""))))))))))-E13), IF(AND(E8="PS",E6="S"),4,IF(E8="M",6,IF(E8="T",5,IF(E8="C",11,IF(E8="N",0,IF(E8="NF",0,IF(E8="NFO",0, IF(E8="URGS",4,IF(E8="URGO",8, IF(E8="PS",8,""))))))))))) | F9: =IF(F13>0,(IF(AND(F8="PS",F6="S"),4,IF(F8="M",6,IF(F8="T",5,IF(F8="C",11,IF(F8="N",0,IF(F8="NF",0,IF(F8="NFO",0, IF(F8="URGS",4,IF(F8="URGO",8, IF(F8="PS",8,""))))))))))-F13), IF(AND(F8="PS",F6="S"),4,IF(F8="M",6,IF(F8="T",5,IF(F8="C",11,IF(F8="N",0,IF(F8="NF",0,IF(F8="NFO",0, IF(F8="URGS",4,IF(F8="URGO",8, IF(F8="PS",8,""))))))))))) | G9: =IF(G13>0,(IF(AND(G8="PS",G6="S"),4,IF(G8="M",6,IF(G8="T",5,IF(G8="C",11,IF(G8="N",0,IF(G8="NF",0,IF(G8="NFO",0, IF(G8="URGS",4,IF(G8="URGO",8, IF(G8="PS",8,""))))))))))-G13), IF(AND(G8="PS",G6="S"),4,IF(G8="M",6,IF(G8="T",5,IF(G8="C",11,IF(G8="N",0,IF(G8="NF",0,IF(G8="NFO",0, IF(G8="URGS",4,IF(G8="URGO",8, IF(G8="PS",8,""))))))))))) | H9: =IF(H13>0,(IF(AND(H8="PS",H6="S"),4,IF(H8="M",6,IF(H8="T",5,IF(H8="C",11,IF(H8="N",0,IF(H8="NF",0,IF(H8="NFO",0, IF(H8="URGS",4,IF(H8="URGO",8, IF(H8="PS",8,""))))))))))-H13), IF(AND(H8="PS",H6="S"),4,IF(H8="M",6,IF(H8="T",5,IF(H8="C",11,IF(H8="N",0,IF(H8="NF",0,IF(H8="NFO",0, IF(H8="URGS",4,IF(H8="URGO",8, IF(H8="PS",8,""))))))))))) | I9: =IF(I13>0,(IF(AND(I8="PS",I6="S"),4,IF(I8="M",6,IF(I8="T",5,IF(I8="C",11,IF(I8="N",0,IF(I8="NF",0,IF(I8="NFO",0, IF(I8="URGS",4,IF(I8="URGO",8, IF(I8="PS",8,""))))))))))-I13), IF(AND(I8="PS",I6="S"),4,IF(I8="M",6,IF(I8="T",5,IF(I8="C",11,IF(I8="N",0,IF(I8="NF",0,IF(I8="NFO",0, IF(I8="URGS",4,IF(I8="URGO",8, IF(I8="PS",8,""))))))))))) | J9: =IF(J13>0,(IF(AND(J8="PS",J6="S"),4,IF(J8="M",6,IF(J8="T",5,IF(J8="C",11,IF(J8="N",0,IF(J8="NF",0,IF(J8="NFO",0, IF(J8="URGS",4,IF(J8="URGO",8, IF(J8="PS",8,""))))))))))-J13), IF(AND(J8="PS",J6="S"),4,IF(J8="M",6,IF(J8="T",5,IF(J8="C",11,IF(J8="N",0,IF(J8="NF",0,IF(J8="NFO",0, IF(J8="URGS",4,IF(J8="URGO",8, IF(J8="PS",8,""))))))))))) | K9: =IF(K13>0,(IF(AND(K8="PS",K6="S"),4,IF(K8="M",6,IF(K8="T",5,IF(K8="C",11,IF(K8="N",0,IF(K8="NF",0,IF(K8="NFO",0, IF(K8="URGS",4,IF(K8="URGO",8, IF(K8="PS",8,""))))))))))-K13), IF(AND(K8="PS",K6="S"),4,IF(K8="M",6,IF(K8="T",5,IF(K8="C",11,IF(K8="N",0,IF(K8="NF",0,IF(K8="NFO",0, IF(K8="URGS",4,IF(K8="URGO",8, IF(K8="PS",8,""))))))))))) | L9: =IF(L13>0,(IF(AND(L8="PS",L6="S"),4,IF(L8="M",6,IF(L8="T",5,IF(L8="C",11,IF(L8="N",0,IF(L8="NF",0,IF(L8="NFO",0, IF(L8="URGS",4,IF(L8="URGO",8, IF(L8="PS",8,""))))))))))-L13), IF(AND(L8="PS",L6="S"),4,IF(L8="M",6,IF(L8="T",5,IF(L8="C",11,IF(L8="N",0,IF(L8="NF",0,IF(L8="NFO",0, IF(L8="URGS",4,IF(L8="URGO",8, IF(L8="PS",8,""))))))))))) | ... AI9: =IF(AI13>0,(IF(AND(AI8="PS",AI6="S"),4,IF(AI8="M",6,IF(AI8="T",5,IF(AI8="C",11,IF(AI8="N",0,IF(AI8="NF",0,IF(AI8="NFO",0, IF(AI8="URGS",4,IF(AI8="URGO",8, IF(AI8="PS",8,""))))))))))-AI13), IF(AND(AI8="PS",AI6="S"),4,IF(AI8="M",6,IF(AI8="T",5,IF(AI8="C",11,IF(AI8="N",0,IF(AI8="NF",0,IF(AI8="NFO",0, IF(AI8="URGS",4,IF(AI8="URGO",8, IF(AI8="PS",8,""))))))))))) | AJ9: =+IF(AJ8="M",6,IF(AJ8="T",5,IF(AJ8="C",11,IF(AJ8="N",1,"")))) -> #VALUE! | AK9: =+IF(AK8="M",6,IF(AK8="T",5,IF(AK8="C",11,IF(AK8="N",1,"")))) -> #VALUE! | AL9: C | AM9: CORRIDO | AN9: 7 AM A 7 PM | AO9: 12 | AP9: 1
A10: Hora Nocturna Ordinaria | B10: =SUM(E10:AI10) -> 0 | C10: =B5/240*35% -> 3024.3402 | D10: =B10*C10 -> 0 | E10: =IF(E14>0,(IF(E8="T",1,IF(E8="C",0,IF(E8="N",11,IF(E8="NF",6, IF(E8="NFO",6, IF(E8="NFS",2,""))))))-E14), IF(E8="T",1,IF(E8="C",0,IF(E8="N",8,IF(E8="NF",6, IF(E8="NFO",6, IF(E8="NFS",2,""))))))) | F10: =IF(F14>0,(IF(F8="T",1,IF(F8="C",0,IF(F8="N",11,IF(F8="NF",6, IF(F8="NFO",6, IF(F8="NFS",2,""))))))-F14), IF(F8="T",1,IF(F8="C",0,IF(F8="N",8,IF(F8="NF",6, IF(F8="NFO",6, IF(F8="NFS",2,""))))))) | G10: =IF(G14>0,(IF(G8="T",1,IF(G8="C",0,IF(G8="N",11,IF(G8="NF",6, IF(G8="NFO",6, IF(G8="NFS",2,""))))))-G14), IF(G8="T",1,IF(G8="C",0,IF(G8="N",8,IF(G8="NF",6, IF(G8="NFO",6, IF(G8="NFS",2,""))))))) | H10: =IF(H14>0,(IF(H8="T",1,IF(H8="C",0,IF(H8="N",11,IF(H8="NF",6, IF(H8="NFO",6, IF(H8="NFS",2,""))))))-H14), IF(H8="T",1,IF(H8="C",0,IF(H8="N",8,IF(H8="NF",6, IF(H8="NFO",6, IF(H8="NFS",2,""))))))) | I10: =IF(I14>0,(IF(I8="T",1,IF(I8="C",0,IF(I8="N",11,IF(I8="NF",6, IF(I8="NFO",6, IF(I8="NFS",2,""))))))-I14), IF(I8="T",1,IF(I8="C",0,IF(I8="N",8,IF(I8="NF",6, IF(I8="NFO",6, IF(I8="NFS",2,""))))))) | J10: =IF(J14>0,(IF(J8="T",1,IF(J8="C",0,IF(J8="N",11,IF(J8="NF",6, IF(J8="NFO",6, IF(J8="NFS",2,""))))))-J14), IF(J8="T",1,IF(J8="C",0,IF(J8="N",8,IF(J8="NF",6, IF(J8="NFO",6, IF(J8="NFS",2,""))))))) | K10: =IF(K14>0,(IF(K8="T",1,IF(K8="C",0,IF(K8="N",11,IF(K8="NF",6, IF(K8="NFO",6, IF(K8="NFS",2,""))))))-K14), IF(K8="T",1,IF(K8="C",0,IF(K8="N",8,IF(K8="NF",6, IF(K8="NFO",6, IF(K8="NFS",2,""))))))) | L10: =IF(L14>0,(IF(L8="T",1,IF(L8="C",0,IF(L8="N",11,IF(L8="NF",6, IF(L8="NFO",6, IF(L8="NFS",2,""))))))-L14), IF(L8="T",1,IF(L8="C",0,IF(L8="N",8,IF(L8="NF",6, IF(L8="NFO",6, IF(L8="NFS",2,""))))))) | ... AI10: =IF(AI14>0,(IF(AI8="T",1,IF(AI8="C",0,IF(AI8="N",11,IF(AI8="NF",6, IF(AI8="NFO",6, IF(AI8="NFS",2,""))))))-AI14), IF(AI8="T",1,IF(AI8="C",0,IF(AI8="N",8,IF(AI8="NF",6, IF(AI8="NFO",6, IF(AI8="NFS",2,""))))))) | AJ10: =+IF(AJ8="T",1,IF(AJ8="C",1,IF(AJ8="N",11,""))) -> #VALUE! | AK10: =+IF(AK8="T",1,IF(AK8="C",1,IF(AK8="N",11,""))) -> #VALUE! | AL10: N | AM10: NOCHE | AN10: 10PM A 6 AM | AO10: 0 | AP10: 8
A11: Hora Diurna Festiva | B11: =SUM(E11:AI11) -> 48 | C11: =B5/240*180% -> 15553.75 | D11: =B11*C11 -> 746579.99 | E11: =IF(E15>0, (IF(E8="MF",8,IF(E8="TF",7,IF(E8="CF",12,IF(E8="NF",0, IF(E8="NFS",0, IF(E8="NFF",0, IF(E8="NFFF",0,"")))))))-E15), IF(E8="MF",8,IF(E8="TF",7,IF(E8="CF",12,IF(E8="NF",0, IF(E8="NFS",0, IF(E8="NFF",0, IF(E8="NFFF",0,"")))))))) -> 8 | F11: =IF(F15>0, (IF(F8="MF",8,IF(F8="TF",7,IF(F8="CF",12,IF(F8="NF",0, IF(F8="NFS",0, IF(F8="NFF",0, IF(F8="NFFF",0,"")))))))-F15), IF(F8="MF",8,IF(F8="TF",7,IF(F8="CF",12,IF(F8="NF",0, IF(F8="NFS",0, IF(F8="NFF",0, IF(F8="NFFF",0,"")))))))) | G11: =IF(G15>0, (IF(G8="MF",8,IF(G8="TF",7,IF(G8="CF",12,IF(G8="NF",0, IF(G8="NFS",0, IF(G8="NFF",0, IF(G8="NFFF",0,"")))))))-G15), IF(G8="MF",8,IF(G8="TF",7,IF(G8="CF",12,IF(G8="NF",0, IF(G8="NFS",0, IF(G8="NFF",0, IF(G8="NFFF",0,"")))))))) | H11: =IF(H15>0, (IF(H8="MF",8,IF(H8="TF",7,IF(H8="CF",12,IF(H8="NF",0, IF(H8="NFS",0, IF(H8="NFF",0, IF(H8="NFFF",0,"")))))))-H15), IF(H8="MF",8,IF(H8="TF",7,IF(H8="CF",12,IF(H8="NF",0, IF(H8="NFS",0, IF(H8="NFF",0, IF(H8="NFFF",0,"")))))))) -> 8 | I11: =IF(I15>0, (IF(I8="MF",8,IF(I8="TF",7,IF(I8="CF",12,IF(I8="NF",0, IF(I8="NFS",0, IF(I8="NFF",0, IF(I8="NFFF",0,"")))))))-I15), IF(I8="MF",8,IF(I8="TF",7,IF(I8="CF",12,IF(I8="NF",0, IF(I8="NFS",0, IF(I8="NFF",0, IF(I8="NFFF",0,"")))))))) | J11: =IF(J15>0, (IF(J8="MF",8,IF(J8="TF",7,IF(J8="CF",12,IF(J8="NF",0, IF(J8="NFS",0, IF(J8="NFF",0, IF(J8="NFFF",0,"")))))))-J15), IF(J8="MF",8,IF(J8="TF",7,IF(J8="CF",12,IF(J8="NF",0, IF(J8="NFS",0, IF(J8="NFF",0, IF(J8="NFFF",0,"")))))))) | K11: =IF(K15>0, (IF(K8="MF",8,IF(K8="TF",7,IF(K8="CF",12,IF(K8="NF",0, IF(K8="NFS",0, IF(K8="NFF",0, IF(K8="NFFF",0,"")))))))-K15), IF(K8="MF",8,IF(K8="TF",7,IF(K8="CF",12,IF(K8="NF",0, IF(K8="NFS",0, IF(K8="NFF",0, IF(K8="NFFF",0,"")))))))) | L11: =IF(L15>0, (IF(L8="MF",8,IF(L8="TF",7,IF(L8="CF",12,IF(L8="NF",0, IF(L8="NFS",0, IF(L8="NFF",0, IF(L8="NFFF",0,"")))))))-L15), IF(L8="MF",8,IF(L8="TF",7,IF(L8="CF",12,IF(L8="NF",0, IF(L8="NFS",0, IF(L8="NFF",0, IF(L8="NFFF",0,"")))))))) | ... AI11: =IF(AI15>0, (IF(AI8="MF",8,IF(AI8="TF",7,IF(AI8="CF",12,IF(AI8="NF",0, IF(AI8="NFS",0, IF(AI8="NFF",0, IF(AI8="NFFF",0,"")))))))-AI15), IF(AI8="MF",8,IF(AI8="TF",7,IF(AI8="CF",12,IF(AI8="NF",0, IF(AI8="NFS",0, IF(AI8="NFF",0, IF(AI8="NFFF",0,"")))))))) | AJ11: =+IF(AJ8="MF",6,IF(AJ8="TF",5,IF(AJ8="CF",11,IF(AJ8="NF",1,"")))) -> #VALUE! | AK11: =+IF(AK8="MF",6,IF(AK8="TF",5,IF(AK8="CF",11,IF(AK8="NF",1,"")))) -> #VALUE!
A12: Hora Nocturna Festiva | B12: =SUM(E12:AI12) -> 0 | C12: =B5/240*215% -> 18578.09 | D12: =B12*C12 -> 0 | E12: =IF(E16>0,( IF(E8="TF",1,IF(E8="CF",1,IF(E8="NF",5, IF(E8="NFO",2, IF(E8="NFS",6, IF(E8="NFF",8, IF(E8="NFFF",8,"")))))))-E16), IF(E8="TF",1,IF(E8="CF",1,IF(E8="NF",2, IF(E8="NFO",2, IF(E8="NFS",6, IF(E8="NFF",8, IF(E8="NFFF",8,"")))))))) | F12: =IF(F16>0,( IF(F8="TF",1,IF(F8="CF",1,IF(F8="NF",5, IF(F8="NFO",2, IF(F8="NFS",6, IF(F8="NFF",8, IF(F8="NFFF",8,"")))))))-F16), IF(F8="TF",1,IF(F8="CF",1,IF(F8="NF",2, IF(F8="NFO",2, IF(F8="NFS",6, IF(F8="NFF",8, IF(F8="NFFF",8,"")))))))) | G12: =IF(G16>0,( IF(G8="TF",1,IF(G8="CF",1,IF(G8="NF",5, IF(G8="NFO",2, IF(G8="NFS",6, IF(G8="NFF",8, IF(G8="NFFF",8,"")))))))-G16), IF(G8="TF",1,IF(G8="CF",1,IF(G8="NF",2, IF(G8="NFO",2, IF(G8="NFS",6, IF(G8="NFF",8, IF(G8="NFFF",8,"")))))))) | H12: =IF(H16>0,( IF(H8="TF",1,IF(H8="CF",1,IF(H8="NF",5, IF(H8="NFO",2, IF(H8="NFS",6, IF(H8="NFF",8, IF(H8="NFFF",8,"")))))))-H16), IF(H8="TF",1,IF(H8="CF",1,IF(H8="NF",2, IF(H8="NFO",2, IF(H8="NFS",6, IF(H8="NFF",8, IF(H8="NFFF",8,"")))))))) | I12: =IF(I16>0,( IF(I8="TF",1,IF(I8="CF",1,IF(I8="NF",5, IF(I8="NFO",2, IF(I8="NFS",6, IF(I8="NFF",8, IF(I8="NFFF",8,"")))))))-I16), IF(I8="TF",1,IF(I8="CF",1,IF(I8="NF",2, IF(I8="NFO",2, IF(I8="NFS",6, IF(I8="NFF",8, IF(I8="NFFF",8,"")))))))) | J12: =IF(J16>0,( IF(J8="TF",1,IF(J8="CF",1,IF(J8="NF",5, IF(J8="NFO",2, IF(J8="NFS",6, IF(J8="NFF",8, IF(J8="NFFF",8,"")))))))-J16), IF(J8="TF",1,IF(J8="CF",1,IF(J8="NF",2, IF(J8="NFO",2, IF(J8="NFS",6, IF(J8="NFF",8, IF(J8="NFFF",8,"")))))))) | K12: =IF(K16>0,( IF(K8="TF",1,IF(K8="CF",1,IF(K8="NF",5, IF(K8="NFO",2, IF(K8="NFS",6, IF(K8="NFF",8, IF(K8="NFFF",8,"")))))))-K16), IF(K8="TF",1,IF(K8="CF",1,IF(K8="NF",2, IF(K8="NFO",2, IF(K8="NFS",6, IF(K8="NFF",8, IF(K8="NFFF",8,"")))))))) | L12: =IF(L16>0,( IF(L8="TF",1,IF(L8="CF",1,IF(L8="NF",5, IF(L8="NFO",2, IF(L8="NFS",6, IF(L8="NFF",8, IF(L8="NFFF",8,"")))))))-L16), IF(L8="TF",1,IF(L8="CF",1,IF(L8="NF",2, IF(L8="NFO",2, IF(L8="NFS",6, IF(L8="NFF",8, IF(L8="NFFF",8,"")))))))) | ... AI12: =IF(AI16>0,( IF(AI8="TF",1,IF(AI8="CF",1,IF(AI8="NF",5, IF(AI8="NFO",2, IF(AI8="NFS",6, IF(AI8="NFF",8, IF(AI8="NFFF",8,"")))))))-AI16), IF(AI8="TF",1,IF(AI8="CF",1,IF(AI8="NF",2, IF(AI8="NFO",2, IF(AI8="NFS",6, IF(AI8="NFF",8, IF(AI8="NFFF",8,"")))))))) | AJ12: =+IF(AJ8="TF",1,IF(AJ8="CF",1,IF(AJ8="NF",11,""))) -> #VALUE! | AK12: =+IF(AK8="TF",1,IF(AK8="CF",1,IF(AK8="NF",11,""))) -> #VALUE!
A13: Hora Diurna Extra | B13: =SUM(E13:AK13) -> 0 | C13: =B5/240*125% -> 10801.215 | D13: =B13*C13 -> 0
A14: Hora Nocturna Extra | B14: =SUM(E14:AK14) -> 0 | C14: =B5/240*175% -> 15121.701 | D14: =B14*C14 -> 0
A15: Hora Diurna Extra Festiva | B15: =SUM(E15:AK15) -> 0 | C15: =B5/240*200% -> 17281.944 | D15: =B15*C15 -> 0
A16: Hora Nocturna Extra Festiva | B16: =SUM(E16:AK16) -> 0 | C16: =B5/240*250% -> 21602.43 | D16: =B16*C16 -> 0 | AL16: L | AM16: LIBRE
B17: =SUM(B9:B16) -> 48 | D17: =ROUND((SUM(D9:D16)),0) -> 746580 | AL17: D | AM17: DESCANSO
B18: =SUM(B9:B12)-$AL$4 -> -128
A19: Sueldo Básico FEBRERO 2026 | B19: =B5 -> 2073833.3 | E19: =+D19+1 -> 1 | F19: =+E19+1 -> 2 | G19: =+F19+1 -> 3 | H19: =+G19+1 -> 4 | I19: =+H19+1 -> 5 | J19: =+I19+1 -> 6 | K19: =+J19+1 -> 7 | L19: =+K19+1 -> 8 | ... AF19: =+AE19+1 -> 28
B20: # H | C20: Vr.Hora | D20: Vr.Total | E20: D | F20: L | G20: M | H20: M | I20: J | J20: V | K20: S | L20: D | M20: L | N20: M | O20: M | P20: J | Q20: V | R20: S | S20: D | T20: L | U20: M | V20: M | W20: J | X20: V | Y20: S | Z20: D | AA20: L | AB20: M | AC20: M | AD20: J | AE20: V | AF20: S
A21: Turno | B21: APH | E21: M | L21: M | S21: M | Z21: M
A22: FORMULA NO BORRAR | E22: =IF(AND(E21="URG",E20="S"),"URGS",IF(AND(E21="N",E20="F",F20="F"),"NFFF",IF(AND(E21="N",E20="D",F20="F"),"NFF",IF(AND(E21="N",E20="D"),"NFO",IF(AND(E21="N",E20="S"),"NFS",IF(AND(E21="N",E20="F"),"NF",IF(AND(E21="N",E20="D"),"NF",IF(E21="N","N",IF(AND(E21="M",E20="F"),"MF",IF(AND(E21="M",E20="D"),"MF",IF(E21="M","M",IF(AND(E21="T",E20="F"),"TF",IF(AND(E21="T",E20="D"),"TF",IF(E21="T","T",IF(AND(E21="C",E20="F"),"CF",IF(AND(E21="C",E20="D"),"CF",IF(E21="C","C",IF(AND(E21="L",E20="F"),"LF",IF(AND(E21="L",E20="D"),"LF", IF(E21="L","L",IF(E21="SC","PS", IF(E21="SA","PS",IF(E21="TV","PS", IF(E21="MI","PS", IF(E21="MT","PS", IF(E21="URG","URGO","")))))))))))))))))))))))))) -> MF | F22: =IF(AND(F21="URG",F20="S"),"URGS",IF(AND(F21="N",F20="F",G20="F"),"NFFF",IF(AND(F21="N",F20="D",G20="F"),"NFF",IF(AND(F21="N",F20="D"),"NFO",IF(AND(F21="N",F20="S"),"NFS",IF(AND(F21="N",F20="F"),"NF",IF(AND(F21="N",F20="D"),"NF",IF(F21="N","N",IF(AND(F21="M",F20="F"),"MF",IF(AND(F21="M",F20="D"),"MF",IF(F21="M","M",IF(AND(F21="T",F20="F"),"TF",IF(AND(F21="T",F20="D"),"TF",IF(F21="T","T",IF(AND(F21="C",F20="F"),"CF",IF(AND(F21="C",F20="D"),"CF",IF(F21="C","C",IF(AND(F21="L",F20="F"),"LF",IF(AND(F21="L",F20="D"),"LF", IF(F21="L","L",IF(F21="SC","PS", IF(F21="SA","PS",IF(F21="TV","PS", IF(F21="MI","PS", IF(F21="MT","PS", IF(F21="URG","URGO","")))))))))))))))))))))))))) | G22: =IF(AND(G21="URG",G20="S"),"URGS",IF(AND(G21="N",G20="F",H20="F"),"NFFF",IF(AND(G21="N",G20="D",H20="F"),"NFF",IF(AND(G21="N",G20="D"),"NFO",IF(AND(G21="N",G20="S"),"NFS",IF(AND(G21="N",G20="F"),"NF",IF(AND(G21="N",G20="D"),"NF",IF(G21="N","N",IF(AND(G21="M",G20="F"),"MF",IF(AND(G21="M",G20="D"),"MF",IF(G21="M","M",IF(AND(G21="T",G20="F"),"TF",IF(AND(G21="T",G20="D"),"TF",IF(G21="T","T",IF(AND(G21="C",G20="F"),"CF",IF(AND(G21="C",G20="D"),"CF",IF(G21="C","C",IF(AND(G21="L",G20="F"),"LF",IF(AND(G21="L",G20="D"),"LF", IF(G21="L","L",IF(G21="SC","PS", IF(G21="SA","PS",IF(G21="TV","PS", IF(G21="MI","PS", IF(G21="MT","PS", IF(G21="URG","URGO","")))))))))))))))))))))))))) | H22: =IF(AND(H21="URG",H20="S"),"URGS",IF(AND(H21="N",H20="F",I20="F"),"NFFF",IF(AND(H21="N",H20="D",I20="F"),"NFF",IF(AND(H21="N",H20="D"),"NFO",IF(AND(H21="N",H20="S"),"NFS",IF(AND(H21="N",H20="F"),"NF",IF(AND(H21="N",H20="D"),"NF",IF(H21="N","N",IF(AND(H21="M",H20="F"),"MF",IF(AND(H21="M",H20="D"),"MF",IF(H21="M","M",IF(AND(H21="T",H20="F"),"TF",IF(AND(H21="T",H20="D"),"TF",IF(H21="T","T",IF(AND(H21="C",H20="F"),"CF",IF(AND(H21="C",H20="D"),"CF",IF(H21="C","C",IF(AND(H21="L",H20="F"),"LF",IF(AND(H21="L",H20="D"),"LF", IF(H21="L","L",IF(H21="SC","PS", IF(H21="SA","PS",IF(H21="TV","PS", IF(H21="MI","PS", IF(H21="MT","PS", IF(H21="URG","URGO","")))))))))))))))))))))))))) | J22: =IF(AND(J21="URG",J20="S"),"URGS",IF(AND(J21="N",J20="F",K20="F"),"NFFF",IF(AND(J21="N",J20="D",K20="F"),"NFF",IF(AND(J21="N",J20="D"),"NFO",IF(AND(J21="N",J20="S"),"NFS",IF(AND(J21="N",J20="F"),"NF",IF(AND(J21="N",J20="D"),"NF",IF(J21="N","N",IF(AND(J21="M",J20="F"),"MF",IF(AND(J21="M",J20="D"),"MF",IF(J21="M","M",IF(AND(J21="T",J20="F"),"TF",IF(AND(J21="T",J20="D"),"TF",IF(J21="T","T",IF(AND(J21="C",J20="F"),"CF",IF(AND(J21="C",J20="D"),"CF",IF(J21="C","C",IF(AND(J21="L",J20="F"),"LF",IF(AND(J21="L",J20="D"),"LF", IF(J21="L","L",IF(J21="SC","PS", IF(J21="SA","PS",IF(J21="TV","PS", IF(J21="MI","PS", IF(J21="MT","PS", IF(J21="URG","URGO","")))))))))))))))))))))))))) | K22: =IF(AND(K21="URG",K20="S"),"URGS",IF(AND(K21="N",K20="F",L20="F"),"NFFF",IF(AND(K21="N",K20="D",L20="F"),"NFF",IF(AND(K21="N",K20="D"),"NFO",IF(AND(K21="N",K20="S"),"NFS",IF(AND(K21="N",K20="F"),"NF",IF(AND(K21="N",K20="D"),"NF",IF(K21="N","N",IF(AND(K21="M",K20="F"),"MF",IF(AND(K21="M",K20="D"),"MF",IF(K21="M","M",IF(AND(K21="T",K20="F"),"TF",IF(AND(K21="T",K20="D"),"TF",IF(K21="T","T",IF(AND(K21="C",K20="F"),"CF",IF(AND(K21="C",K20="D"),"CF",IF(K21="C","C",IF(AND(K21="L",K20="F"),"LF",IF(AND(K21="L",K20="D"),"LF", IF(K21="L","L",IF(K21="SC","PS", IF(K21="SA","PS",IF(K21="TV","PS", IF(K21="MI","PS", IF(K21="MT","PS", IF(K21="URG","URGO","")))))))))))))))))))))))))) | L22: =IF(AND(L21="URG",L20="S"),"URGS",IF(AND(L21="N",L20="F",M20="F"),"NFFF",IF(AND(L21="N",L20="D",M20="F"),"NFF",IF(AND(L21="N",L20="D"),"NFO",IF(AND(L21="N",L20="S"),"NFS",IF(AND(L21="N",L20="F"),"NF",IF(AND(L21="N",L20="D"),"NF",IF(L21="N","N",IF(AND(L21="M",L20="F"),"MF",IF(AND(L21="M",L20="D"),"MF",IF(L21="M","M",IF(AND(L21="T",L20="F"),"TF",IF(AND(L21="T",L20="D"),"TF",IF(L21="T","T",IF(AND(L21="C",L20="F"),"CF",IF(AND(L21="C",L20="D"),"CF",IF(L21="C","C",IF(AND(L21="L",L20="F"),"LF",IF(AND(L21="L",L20="D"),"LF", IF(L21="L","L",IF(L21="SC","PS", IF(L21="SA","PS",IF(L21="TV","PS", IF(L21="MI","PS", IF(L21="MT","PS", IF(L21="URG","URGO","")))))))))))))))))))))))))) -> MF | M22: =IF(AND(M21="URG",M20="S"),"URGS",IF(AND(M21="N",M20="F",N20="F"),"NFFF",IF(AND(M21="N",M20="D",N20="F"),"NFF",IF(AND(M21="N",M20="D"),"NFO",IF(AND(M21="N",M20="S"),"NFS",IF(AND(M21="N",M20="F"),"NF",IF(AND(M21="N",M20="D"),"NF",IF(M21="N","N",IF(AND(M21="M",M20="F"),"MF",IF(AND(M21="M",M20="D"),"MF",IF(M21="M","M",IF(AND(M21="T",M20="F"),"TF",IF(AND(M21="T",M20="D"),"TF",IF(M21="T","T",IF(AND(M21="C",M20="F"),"CF",IF(AND(M21="C",M20="D"),"CF",IF(M21="C","C",IF(AND(M21="L",M20="F"),"LF",IF(AND(M21="L",M20="D"),"LF", IF(M21="L","L",IF(M21="SC","PS", IF(M21="SA","PS",IF(M21="TV","PS", IF(M21="MI","PS", IF(M21="MT","PS", IF(M21="URG","URGO","")))))))))))))))))))))))))) | N22: =IF(AND(N21="URG",N20="S"),"URGS",IF(AND(N21="N",N20="F",O20="F"),"NFFF",IF(AND(N21="N",N20="D",O20="F"),"NFF",IF(AND(N21="N",N20="D"),"NFO",IF(AND(N21="N",N20="S"),"NFS",IF(AND(N21="N",N20="F"),"NF",IF(AND(N21="N",N20="D"),"NF",IF(N21="N","N",IF(AND(N21="M",N20="F"),"MF",IF(AND(N21="M",N20="D"),"MF",IF(N21="M","M",IF(AND(N21="T",N20="F"),"TF",IF(AND(N21="T",N20="D"),"TF",IF(N21="T","T",IF(AND(N21="C",N20="F"),"CF",IF(AND(N21="C",N20="D"),"CF",IF(N21="C","C",IF(AND(N21="L",N20="F"),"LF",IF(AND(N21="L",N20="D"),"LF", IF(N21="L","L",IF(N21="SC","PS", IF(N21="SA","PS",IF(N21="TV","PS", IF(N21="MI","PS", IF(N21="MT","PS", IF(N21="URG","URGO","")))))))))))))))))))))))))) | O22: =IF(AND(O21="URG",O20="S"),"URGS",IF(AND(O21="N",O20="F",P20="F"),"NFFF",IF(AND(O21="N",O20="D",P20="F"),"NFF",IF(AND(O21="N",O20="D"),"NFO",IF(AND(O21="N",O20="S"),"NFS",IF(AND(O21="N",O20="F"),"NF",IF(AND(O21="N",O20="D"),"NF",IF(O21="N","N",IF(AND(O21="M",O20="F"),"MF",IF(AND(O21="M",O20="D"),"MF",IF(O21="M","M",IF(AND(O21="T",O20="F"),"TF",IF(AND(O21="T",O20="D"),"TF",IF(O21="T","T",IF(AND(O21="C",O20="F"),"CF",IF(AND(O21="C",O20="D"),"CF",IF(O21="C","C",IF(AND(O21="L",O20="F"),"LF",IF(AND(O21="L",O20="D"),"LF", IF(O21="L","L",IF(O21="SC","PS", IF(O21="SA","PS",IF(O21="TV","PS", IF(O21="MI","PS", IF(O21="MT","PS", IF(O21="URG","URGO","")))))))))))))))))))))))))) | P22: =IF(AND(P21="URG",P20="S"),"URGS",IF(AND(P21="N",P20="F",Q20="F"),"NFFF",IF(AND(P21="N",P20="D",Q20="F"),"NFF",IF(AND(P21="N",P20="D"),"NFO",IF(AND(P21="N",P20="S"),"NFS",IF(AND(P21="N",P20="F"),"NF",IF(AND(P21="N",P20="D"),"NF",IF(P21="N","N",IF(AND(P21="M",P20="F"),"MF",IF(AND(P21="M",P20="D"),"MF",IF(P21="M","M",IF(AND(P21="T",P20="F"),"TF",IF(AND(P21="T",P20="D"),"TF",IF(P21="T","T",IF(AND(P21="C",P20="F"),"CF",IF(AND(P21="C",P20="D"),"CF",IF(P21="C","C",IF(AND(P21="L",P20="F"),"LF",IF(AND(P21="L",P20="D"),"LF", IF(P21="L","L",IF(P21="SC","PS", IF(P21="SA","PS",IF(P21="TV","PS", IF(P21="MI","PS", IF(P21="MT","PS", IF(P21="URG","URGO","")))))))))))))))))))))))))) | Q22: =IF(AND(Q21="URG",Q20="S"),"URGS",IF(AND(Q21="N",Q20="F",R20="F"),"NFFF",IF(AND(Q21="N",Q20="D",R20="F"),"NFF",IF(AND(Q21="N",Q20="D"),"NFO",IF(AND(Q21="N",Q20="S"),"NFS",IF(AND(Q21="N",Q20="F"),"NF",IF(AND(Q21="N",Q20="D"),"NF",IF(Q21="N","N",IF(AND(Q21="M",Q20="F"),"MF",IF(AND(Q21="M",Q20="D"),"MF",IF(Q21="M","M",IF(AND(Q21="T",Q20="F"),"TF",IF(AND(Q21="T",Q20="D"),"TF",IF(Q21="T","T",IF(AND(Q21="C",Q20="F"),"CF",IF(AND(Q21="C",Q20="D"),"CF",IF(Q21="C","C",IF(AND(Q21="L",Q20="F"),"LF",IF(AND(Q21="L",Q20="D"),"LF", IF(Q21="L","L",IF(Q21="SC","PS", IF(Q21="SA","PS",IF(Q21="TV","PS", IF(Q21="MI","PS", IF(Q21="MT","PS", IF(Q21="URG","URGO","")))))))))))))))))))))))))) | ... AI22: =IF(AND(AI21="URG",AI20="S"),"URGS",IF(AND(AI21="N",AI20="F",AJ20="F"),"NFFF",IF(AND(AI21="N",AI20="D",AJ20="F"),"NFF",IF(AND(AI21="N",AI20="D"),"NFO",IF(AND(AI21="N",AI20="S"),"NFS",IF(AND(AI21="N",AI20="F"),"NF",IF(AND(AI21="N",AI20="D"),"NF",IF(AI21="N","N",IF(AND(AI21="M",AI20="F"),"MF",IF(AND(AI21="M",AI20="D"),"MF",IF(AI21="M","M",IF(AND(AI21="T",AI20="F"),"TF",IF(AND(AI21="T",AI20="D"),"TF",IF(AI21="T","T",IF(AND(AI21="C",AI20="F"),"CF",IF(AND(AI21="C",AI20="D"),"CF",IF(AI21="C","C",IF(AND(AI21="L",AI20="F"),"LF",IF(AND(AI21="L",AI20="D"),"LF", IF(AI21="L","L",IF(AI21="SC","PS", IF(AI21="SA","PS",IF(AI21="TV","PS", IF(AI21="MI","PS", IF(AI21="MT","PS", IF(AI21="URG","URGO",""))))))))))))))))))))))))))
A23: Hora Diurna Ordinaria | B23: =SUM(E23:AI23) -> 0 | C23: =B19/240 -> 8640.9721 | D23: =B23*C23*0 -> 0 | E23: =IF(E27>0,(IF(AND(E22="PS",E20="S"),4,IF(E22="M",6,IF(E22="T",5,IF(E22="C",11,IF(E22="N",0,IF(E22="NF",0,IF(E22="NFO",0, IF(E22="URGS",4,IF(E22="URGO",8, IF(E22="PS",8,""))))))))))-E27), IF(AND(E22="PS",E20="S"),4,IF(E22="M",6,IF(E22="T",5,IF(E22="C",11,IF(E22="N",0,IF(E22="NF",0,IF(E22="NFO",0, IF(E22="URGS",4,IF(E22="URGO",8, IF(E22="PS",8,""))))))))))) | F23: =IF(F27>0,(IF(AND(F22="PS",F20="S"),4,IF(F22="M",6,IF(F22="T",5,IF(F22="C",11,IF(F22="N",0,IF(F22="NF",0,IF(F22="NFO",0, IF(F22="URGS",4,IF(F22="URGO",8, IF(F22="PS",8,""))))))))))-F27), IF(AND(F22="PS",F20="S"),4,IF(F22="M",6,IF(F22="T",5,IF(F22="C",11,IF(F22="N",0,IF(F22="NF",0,IF(F22="NFO",0, IF(F22="URGS",4,IF(F22="URGO",8, IF(F22="PS",8,""))))))))))) | G23: =IF(G27>0,(IF(AND(G22="PS",G20="S"),4,IF(G22="M",6,IF(G22="T",5,IF(G22="C",11,IF(G22="N",0,IF(G22="NF",0,IF(G22="NFO",0, IF(G22="URGS",4,IF(G22="URGO",8, IF(G22="PS",8,""))))))))))-G27), IF(AND(G22="PS",G20="S"),4,IF(G22="M",6,IF(G22="T",5,IF(G22="C",11,IF(G22="N",0,IF(G22="NF",0,IF(G22="NFO",0, IF(G22="URGS",4,IF(G22="URGO",8, IF(G22="PS",8,""))))))))))) | H23: =IF(H27>0,(IF(AND(H22="PS",H20="S"),4,IF(H22="M",6,IF(H22="T",5,IF(H22="C",11,IF(H22="N",0,IF(H22="NF",0,IF(H22="NFO",0, IF(H22="URGS",4,IF(H22="URGO",8, IF(H22="PS",8,""))))))))))-H27), IF(AND(H22="PS",H20="S"),4,IF(H22="M",6,IF(H22="T",5,IF(H22="C",11,IF(H22="N",0,IF(H22="NF",0,IF(H22="NFO",0, IF(H22="URGS",4,IF(H22="URGO",8, IF(H22="PS",8,""))))))))))) | I23: =IF(I27>0,(IF(AND(I22="PS",I20="S"),4,IF(I22="M",6,IF(I22="T",5,IF(I22="C",11,IF(I22="N",0,IF(I22="NF",0,IF(I22="NFO",0, IF(I22="URGS",4,IF(I22="URGO",8, IF(I22="PS",8,""))))))))))-I27), IF(AND(I22="PS",I20="S"),4,IF(I22="M",6,IF(I22="T",5,IF(I22="C",11,IF(I22="N",0,IF(I22="NF",0,IF(I22="NFO",0, IF(I22="URGS",4,IF(I22="URGO",8, IF(I22="PS",8,""))))))))))) | J23: =IF(J27>0,(IF(AND(J22="PS",J20="S"),4,IF(J22="M",6,IF(J22="T",5,IF(J22="C",11,IF(J22="N",0,IF(J22="NF",0,IF(J22="NFO",0, IF(J22="URGS",4,IF(J22="URGO",8, IF(J22="PS",8,""))))))))))-J27), IF(AND(J22="PS",J20="S"),4,IF(J22="M",6,IF(J22="T",5,IF(J22="C",11,IF(J22="N",0,IF(J22="NF",0,IF(J22="NFO",0, IF(J22="URGS",4,IF(J22="URGO",8, IF(J22="PS",8,""))))))))))) | K23: =IF(K27>0,(IF(AND(K22="PS",K20="S"),4,IF(K22="M",6,IF(K22="T",5,IF(K22="C",11,IF(K22="N",0,IF(K22="NF",0,IF(K22="NFO",0, IF(K22="URGS",4,IF(K22="URGO",8, IF(K22="PS",8,""))))))))))-K27), IF(AND(K22="PS",K20="S"),4,IF(K22="M",6,IF(K22="T",5,IF(K22="C",11,IF(K22="N",0,IF(K22="NF",0,IF(K22="NFO",0, IF(K22="URGS",4,IF(K22="URGO",8, IF(K22="PS",8,""))))))))))) | L23: =IF(L27>0,(IF(AND(L22="PS",L20="S"),4,IF(L22="M",6,IF(L22="T",5,IF(L22="C",11,IF(L22="N",0,IF(L22="NF",0,IF(L22="NFO",0, IF(L22="URGS",4,IF(L22="URGO",8, IF(L22="PS",8,""))))))))))-L27), IF(AND(L22="PS",L20="S"),4,IF(L22="M",6,IF(L22="T",5,IF(L22="C",11,IF(L22="N",0,IF(L22="NF",0,IF(L22="NFO",0, IF(L22="URGS",4,IF(L22="URGO",8, IF(L22="PS",8,""))))))))))) | ... AI23: =IF(AI27>0,(IF(AND(AI22="PS",AI20="S"),4,IF(AI22="M",6,IF(AI22="T",5,IF(AI22="C",11,IF(AI22="N",0,IF(AI22="NF",0,IF(AI22="NFO",0, IF(AI22="URGS",4,IF(AI22="URGO",8, IF(AI22="PS",8,""))))))))))-AI27), IF(AND(AI22="PS",AI20="S"),4,IF(AI22="M",6,IF(AI22="T",5,IF(AI22="C",11,IF(AI22="N",0,IF(AI22="NF",0,IF(AI22="NFO",0, IF(AI22="URGS",4,IF(AI22="URGO",8, IF(AI22="PS",8,"")))))))))))
A24: Hora Nocturna Ordinaria | B24: =SUM(E24:AI24) -> 0 | C24: =B19/240*35% -> 3024.3402 | D24: =B24*C24 -> 0 | E24: =IF(E28>0,(IF(E22="T",1,IF(E22="C",0,IF(E22="N",11,IF(E22="NF",6, IF(E22="NFO",6, IF(E22="NFS",2,""))))))-E28), IF(E22="T",1,IF(E22="C",0,IF(E22="N",8,IF(E22="NF",6, IF(E22="NFO",6, IF(E22="NFS",2,""))))))) | F24: =IF(F28>0,(IF(F22="T",1,IF(F22="C",0,IF(F22="N",11,IF(F22="NF",6, IF(F22="NFO",6, IF(F22="NFS",2,""))))))-F28), IF(F22="T",1,IF(F22="C",0,IF(F22="N",8,IF(F22="NF",6, IF(F22="NFO",6, IF(F22="NFS",2,""))))))) | G24: =IF(G28>0,(IF(G22="T",1,IF(G22="C",0,IF(G22="N",11,IF(G22="NF",6, IF(G22="NFO",6, IF(G22="NFS",2,""))))))-G28), IF(G22="T",1,IF(G22="C",0,IF(G22="N",8,IF(G22="NF",6, IF(G22="NFO",6, IF(G22="NFS",2,""))))))) | H24: =IF(H28>0,(IF(H22="T",1,IF(H22="C",0,IF(H22="N",11,IF(H22="NF",6, IF(H22="NFO",6, IF(H22="NFS",2,""))))))-H28), IF(H22="T",1,IF(H22="C",0,IF(H22="N",8,IF(H22="NF",6, IF(H22="NFO",6, IF(H22="NFS",2,""))))))) | I24: =IF(I28>0,(IF(I22="T",1,IF(I22="C",0,IF(I22="N",11,IF(I22="NF",6, IF(I22="NFO",6, IF(I22="NFS",2,""))))))-I28), IF(I22="T",1,IF(I22="C",0,IF(I22="N",8,IF(I22="NF",6, IF(I22="NFO",6, IF(I22="NFS",2,""))))))) | J24: =IF(J28>0,(IF(J22="T",1,IF(J22="C",0,IF(J22="N",11,IF(J22="NF",6, IF(J22="NFO",6, IF(J22="NFS",2,""))))))-J28), IF(J22="T",1,IF(J22="C",0,IF(J22="N",8,IF(J22="NF",6, IF(J22="NFO",6, IF(J22="NFS",2,""))))))) | K24: =IF(K28>0,(IF(K22="T",1,IF(K22="C",0,IF(K22="N",11,IF(K22="NF",6, IF(K22="NFO",6, IF(K22="NFS",2,""))))))-K28), IF(K22="T",1,IF(K22="C",0,IF(K22="N",8,IF(K22="NF",6, IF(K22="NFO",6, IF(K22="NFS",2,""))))))) | L24: =IF(L28>0,(IF(L22="T",1,IF(L22="C",0,IF(L22="N",11,IF(L22="NF",6, IF(L22="NFO",6, IF(L22="NFS",2,""))))))-L28), IF(L22="T",1,IF(L22="C",0,IF(L22="N",8,IF(L22="NF",6, IF(L22="NFO",6, IF(L22="NFS",2,""))))))) | ... AI24: =IF(AI28>0,(IF(AI22="T",1,IF(AI22="C",0,IF(AI22="N",11,IF(AI22="NF",6, IF(AI22="NFO",6, IF(AI22="NFS",2,""))))))-AI28), IF(AI22="T",1,IF(AI22="C",0,IF(AI22="N",8,IF(AI22="NF",6, IF(AI22="NFO",6, IF(AI22="NFS",2,"")))))))
A25: Hora Diurna Festiva | B25: =SUM(E25:AI25) -> 32 | C25: =B19/240*180% -> 15553.75 | D25: =B25*C25 -> 497719.99 | E25: =IF(E29>0, (IF(E22="MF",8,IF(E22="TF",7,IF(E22="CF",12,IF(E22="NF",0, IF(E22="NFS",0, IF(E22="NFF",0, IF(E22="NFFF",0,"")))))))-E29), IF(E22="MF",8,IF(E22="TF",7,IF(E22="CF",12,IF(E22="NF",0, IF(E22="NFS",0, IF(E22="NFF",0, IF(E22="NFFF",0,"")))))))) -> 8 | F25: =IF(F29>0, (IF(F22="MF",8,IF(F22="TF",7,IF(F22="CF",12,IF(F22="NF",0, IF(F22="NFS",0, IF(F22="NFF",0, IF(F22="NFFF",0,"")))))))-F29), IF(F22="MF",8,IF(F22="TF",7,IF(F22="CF",12,IF(F22="NF",0, IF(F22="NFS",0, IF(F22="NFF",0, IF(F22="NFFF",0,"")))))))) | G25: =IF(G29>0, (IF(G22="MF",8,IF(G22="TF",7,IF(G22="CF",12,IF(G22="NF",0, IF(G22="NFS",0, IF(G22="NFF",0, IF(G22="NFFF",0,"")))))))-G29), IF(G22="MF",8,IF(G22="TF",7,IF(G22="CF",12,IF(G22="NF",0, IF(G22="NFS",0, IF(G22="NFF",0, IF(G22="NFFF",0,"")))))))) | H25: =IF(H29>0, (IF(H22="MF",8,IF(H22="TF",7,IF(H22="CF",12,IF(H22="NF",0, IF(H22="NFS",0, IF(H22="NFF",0, IF(H22="NFFF",0,"")))))))-H29), IF(H22="MF",8,IF(H22="TF",7,IF(H22="CF",12,IF(H22="NF",0, IF(H22="NFS",0, IF(H22="NFF",0, IF(H22="NFFF",0,"")))))))) | I25: =IF(I29>0, (IF(I22="MF",8,IF(I22="TF",7,IF(I22="CF",12,IF(I22="NF",0, IF(I22="NFS",0, IF(I22="NFF",0, IF(I22="NFFF",0,"")))))))-I29), IF(I22="MF",8,IF(I22="TF",7,IF(I22="CF",12,IF(I22="NF",0, IF(I22="NFS",0, IF(I22="NFF",0, IF(I22="NFFF",0,"")))))))) | J25: =IF(J29>0, (IF(J22="MF",8,IF(J22="TF",7,IF(J22="CF",12,IF(J22="NF",0, IF(J22="NFS",0, IF(J22="NFF",0, IF(J22="NFFF",0,"")))))))-J29), IF(J22="MF",8,IF(J22="TF",7,IF(J22="CF",12,IF(J22="NF",0, IF(J22="NFS",0, IF(J22="NFF",0, IF(J22="NFFF",0,"")))))))) | K25: =IF(K29>0, (IF(K22="MF",8,IF(K22="TF",7,IF(K22="CF",12,IF(K22="NF",0, IF(K22="NFS",0, IF(K22="NFF",0, IF(K22="NFFF",0,"")))))))-K29), IF(K22="MF",8,IF(K22="TF",7,IF(K22="CF",12,IF(K22="NF",0, IF(K22="NFS",0, IF(K22="NFF",0, IF(K22="NFFF",0,"")))))))) | L25: =IF(L29>0, (IF(L22="MF",8,IF(L22="TF",7,IF(L22="CF",12,IF(L22="NF",0, IF(L22="NFS",0, IF(L22="NFF",0, IF(L22="NFFF",0,"")))))))-L29), IF(L22="MF",8,IF(L22="TF",7,IF(L22="CF",12,IF(L22="NF",0, IF(L22="NFS",0, IF(L22="NFF",0, IF(L22="NFFF",0,"")))))))) -> 8 | ... AI25: =IF(AI29>0, (IF(AI22="MF",8,IF(AI22="TF",7,IF(AI22="CF",12,IF(AI22="NF",0, IF(AI22="NFS",0, IF(AI22="NFF",0, IF(AI22="NFFF",0,"")))))))-AI29), IF(AI22="MF",8,IF(AI22="TF",7,IF(AI22="CF",12,IF(AI22="NF",0, IF(AI22="NFS",0, IF(AI22="NFF",0, IF(AI22="NFFF",0,""))))))))
A26: Hora Nocturna Festiva | B26: =SUM(E26:AI26) -> 0 | C26: =B19/240*215% -> 18578.09 | D26: =B26*C26 -> 0 | E26: =IF(E30>0,( IF(E22="TF",1,IF(E22="CF",1,IF(E22="NF",5, IF(E22="NFO",2, IF(E22="NFS",6, IF(E22="NFF",8, IF(E22="NFFF",8,"")))))))-E30), IF(E22="TF",1,IF(E22="CF",1,IF(E22="NF",2, IF(E22="NFO",2, IF(E22="NFS",6, IF(E22="NFF",8, IF(E22="NFFF",8,"")))))))) | F26: =IF(F30>0,( IF(F22="TF",1,IF(F22="CF",1,IF(F22="NF",5, IF(F22="NFO",2, IF(F22="NFS",6, IF(F22="NFF",8, IF(F22="NFFF",8,"")))))))-F30), IF(F22="TF",1,IF(F22="CF",1,IF(F22="NF",2, IF(F22="NFO",2, IF(F22="NFS",6, IF(F22="NFF",8, IF(F22="NFFF",8,"")))))))) | G26: =IF(G30>0,( IF(G22="TF",1,IF(G22="CF",1,IF(G22="NF",5, IF(G22="NFO",2, IF(G22="NFS",6, IF(G22="NFF",8, IF(G22="NFFF",8,"")))))))-G30), IF(G22="TF",1,IF(G22="CF",1,IF(G22="NF",2, IF(G22="NFO",2, IF(G22="NFS",6, IF(G22="NFF",8, IF(G22="NFFF",8,"")))))))) | H26: =IF(H30>0,( IF(H22="TF",1,IF(H22="CF",1,IF(H22="NF",5, IF(H22="NFO",2, IF(H22="NFS",6, IF(H22="NFF",8, IF(H22="NFFF",8,"")))))))-H30), IF(H22="TF",1,IF(H22="CF",1,IF(H22="NF",2, IF(H22="NFO",2, IF(H22="NFS",6, IF(H22="NFF",8, IF(H22="NFFF",8,"")))))))) | I26: =IF(I30>0,( IF(I22="TF",1,IF(I22="CF",1,IF(I22="NF",5, IF(I22="NFO",2, IF(I22="NFS",6, IF(I22="NFF",8, IF(I22="NFFF",8,"")))))))-I30), IF(I22="TF",1,IF(I22="CF",1,IF(I22="NF",2, IF(I22="NFO",2, IF(I22="NFS",6, IF(I22="NFF",8, IF(I22="NFFF",8,"")))))))) | J26: =IF(J30>0,( IF(J22="TF",1,IF(J22="CF",1,IF(J22="NF",5, IF(J22="NFO",2, IF(J22="NFS",6, IF(J22="NFF",8, IF(J22="NFFF",8,"")))))))-J30), IF(J22="TF",1,IF(J22="CF",1,IF(J22="NF",2, IF(J22="NFO",2, IF(J22="NFS",6, IF(J22="NFF",8, IF(J22="NFFF",8,"")))))))) | K26: =IF(K30>0,( IF(K22="TF",1,IF(K22="CF",1,IF(K22="NF",5, IF(K22="NFO",2, IF(K22="NFS",6, IF(K22="NFF",8, IF(K22="NFFF",8,"")))))))-K30), IF(K22="TF",1,IF(K22="CF",1,IF(K22="NF",2, IF(K22="NFO",2, IF(K22="NFS",6, IF(K22="NFF",8, IF(K22="NFFF",8,"")))))))) | L26: =IF(L30>0,( IF(L22="TF",1,IF(L22="CF",1,IF(L22="NF",5, IF(L22="NFO",2, IF(L22="NFS",6, IF(L22="NFF",8, IF(L22="NFFF",8,"")))))))-L30), IF(L22="TF",1,IF(L22="CF",1,IF(L22="NF",2, IF(L22="NFO",2, IF(L22="NFS",6, IF(L22="NFF",8, IF(L22="NFFF",8,"")))))))) | ... AI26: =IF(AI30>0,( IF(AI22="TF",1,IF(AI22="CF",1,IF(AI22="NF",5, IF(AI22="NFO",2, IF(AI22="NFS",6, IF(AI22="NFF",8, IF(AI22="NFFF",8,"")))))))-AI30), IF(AI22="TF",1,IF(AI22="CF",1,IF(AI22="NF",2, IF(AI22="NFO",2, IF(AI22="NFS",6, IF(AI22="NFF",8, IF(AI22="NFFF",8,""))))))))
A27: Hora Diurna Extra | B27: =SUM(E27:AK27) -> 0 | C27: =B19/240*125% -> 10801.215 | D27: =B27*C27 -> 0
A28: Hora Nocturna Extra | B28: =SUM(E28:AK28) -> 0 | C28: =B19/240*175% -> 15121.701 | D28: =B28*C28 -> 0
A29: Hora Diurna Extra Festiva | B29: =SUM(E29:AK29) -> 0 | C29: =B19/240*200% -> 17281.944 | D29: =B29*C29 -> 0
A30: Hora Nocturna Extra Festiva | B30: =SUM(E30:AK30) -> 0 | C30: =B19/240*250% -> 21602.43 | D30: =B30*C30 -> 0
B31: =SUM(B23:B30) -> 32 | D31: =ROUND((SUM(D23:D30)),0) -> 497720
B32: =SUM(B23:B26)-$AL$4 -> -144
A33: Sueldo Básico MARZO 2026 | B33: =B19 -> 2073833.3 | E33: =+D33+1 -> 1 | F33: =+E33+1 -> 2 | G33: =+F33+1 -> 3 | H33: =+G33+1 -> 4 | I33: =+H33+1 -> 5 | J33: =+I33+1 -> 6 | K33: =+J33+1 -> 7 | L33: =+K33+1 -> 8 | ... AF33: =+AE33+1 -> 28 | AG33: 29 | AH33: 30 | AI33: 31
B34: # H | C34: Vr.Hora | D34: Vr.Total | E34: D | F34: L | G34: M | H34: M | I34: J | J34: V | K34: S | L34: D | M34: L | N34: M | O34: M | P34: J | Q34: V | R34: S | S34: D | T34: L | U34: M | V34: M | W34: J | X34: V | Y34: S | Z34: D | AA34: F | AB34: M | AC34: M | AD34: J | AE34: V | AF34: S | AG34: D | AH34: L | AI34: M
A35: Turno | B35: APH | E35: M | L35: M | S35: M | Z35: M | AA35: M | AG35: M
A36: FORMULA NO BORRAR | E36: =IF(AND(E35="URG",E34="S"),"URGS",IF(AND(E35="N",E34="F",F34="F"),"NFFF",IF(AND(E35="N",E34="D",F34="F"),"NFF",IF(AND(E35="N",E34="D"),"NFO",IF(AND(E35="N",E34="S"),"NFS",IF(AND(E35="N",E34="F"),"NF",IF(AND(E35="N",E34="D"),"NF",IF(E35="N","N",IF(AND(E35="M",E34="F"),"MF",IF(AND(E35="M",E34="D"),"MF",IF(E35="M","M",IF(AND(E35="T",E34="F"),"TF",IF(AND(E35="T",E34="D"),"TF",IF(E35="T","T",IF(AND(E35="C",E34="F"),"CF",IF(AND(E35="C",E34="D"),"CF",IF(E35="C","C",IF(AND(E35="L",E34="F"),"LF",IF(AND(E35="L",E34="D"),"LF", IF(E35="L","L",IF(E35="SC","PS", IF(E35="SA","PS",IF(E35="TV","PS", IF(E35="MI","PS", IF(E35="MT","PS", IF(E35="URG","URGO","")))))))))))))))))))))))))) -> MF | F36: =IF(AND(F35="URG",F34="S"),"URGS",IF(AND(F35="N",F34="F",G34="F"),"NFFF",IF(AND(F35="N",F34="D",G34="F"),"NFF",IF(AND(F35="N",F34="D"),"NFO",IF(AND(F35="N",F34="S"),"NFS",IF(AND(F35="N",F34="F"),"NF",IF(AND(F35="N",F34="D"),"NF",IF(F35="N","N",IF(AND(F35="M",F34="F"),"MF",IF(AND(F35="M",F34="D"),"MF",IF(F35="M","M",IF(AND(F35="T",F34="F"),"TF",IF(AND(F35="T",F34="D"),"TF",IF(F35="T","T",IF(AND(F35="C",F34="F"),"CF",IF(AND(F35="C",F34="D"),"CF",IF(F35="C","C",IF(AND(F35="L",F34="F"),"LF",IF(AND(F35="L",F34="D"),"LF", IF(F35="L","L",IF(F35="SC","PS", IF(F35="SA","PS",IF(F35="TV","PS", IF(F35="MI","PS", IF(F35="MT","PS", IF(F35="URG","URGO","")))))))))))))))))))))))))) | G36: =IF(AND(G35="URG",G34="S"),"URGS",IF(AND(G35="N",G34="F",H34="F"),"NFFF",IF(AND(G35="N",G34="D",H34="F"),"NFF",IF(AND(G35="N",G34="D"),"NFO",IF(AND(G35="N",G34="S"),"NFS",IF(AND(G35="N",G34="F"),"NF",IF(AND(G35="N",G34="D"),"NF",IF(G35="N","N",IF(AND(G35="M",G34="F"),"MF",IF(AND(G35="M",G34="D"),"MF",IF(G35="M","M",IF(AND(G35="T",G34="F"),"TF",IF(AND(G35="T",G34="D"),"TF",IF(G35="T","T",IF(AND(G35="C",G34="F"),"CF",IF(AND(G35="C",G34="D"),"CF",IF(G35="C","C",IF(AND(G35="L",G34="F"),"LF",IF(AND(G35="L",G34="D"),"LF", IF(G35="L","L",IF(G35="SC","PS", IF(G35="SA","PS",IF(G35="TV","PS", IF(G35="MI","PS", IF(G35="MT","PS", IF(G35="URG","URGO","")))))))))))))))))))))))))) | H36: =IF(AND(H35="URG",H34="S"),"URGS",IF(AND(H35="N",H34="F",I34="F"),"NFFF",IF(AND(H35="N",H34="D",I34="F"),"NFF",IF(AND(H35="N",H34="D"),"NFO",IF(AND(H35="N",H34="S"),"NFS",IF(AND(H35="N",H34="F"),"NF",IF(AND(H35="N",H34="D"),"NF",IF(H35="N","N",IF(AND(H35="M",H34="F"),"MF",IF(AND(H35="M",H34="D"),"MF",IF(H35="M","M",IF(AND(H35="T",H34="F"),"TF",IF(AND(H35="T",H34="D"),"TF",IF(H35="T","T",IF(AND(H35="C",H34="F"),"CF",IF(AND(H35="C",H34="D"),"CF",IF(H35="C","C",IF(AND(H35="L",H34="F"),"LF",IF(AND(H35="L",H34="D"),"LF", IF(H35="L","L",IF(H35="SC","PS", IF(H35="SA","PS",IF(H35="TV","PS", IF(H35="MI","PS", IF(H35="MT","PS", IF(H35="URG","URGO","")))))))))))))))))))))))))) | J36: =IF(AND(J35="URG",J34="S"),"URGS",IF(AND(J35="N",J34="F",K34="F"),"NFFF",IF(AND(J35="N",J34="D",K34="F"),"NFF",IF(AND(J35="N",J34="D"),"NFO",IF(AND(J35="N",J34="S"),"NFS",IF(AND(J35="N",J34="F"),"NF",IF(AND(J35="N",J34="D"),"NF",IF(J35="N","N",IF(AND(J35="M",J34="F"),"MF",IF(AND(J35="M",J34="D"),"MF",IF(J35="M","M",IF(AND(J35="T",J34="F"),"TF",IF(AND(J35="T",J34="D"),"TF",IF(J35="T","T",IF(AND(J35="C",J34="F"),"CF",IF(AND(J35="C",J34="D"),"CF",IF(J35="C","C",IF(AND(J35="L",J34="F"),"LF",IF(AND(J35="L",J34="D"),"LF", IF(J35="L","L",IF(J35="SC","PS", IF(J35="SA","PS",IF(J35="TV","PS", IF(J35="MI","PS", IF(J35="MT","PS", IF(J35="URG","URGO","")))))))))))))))))))))))))) | K36: =IF(AND(K35="URG",K34="S"),"URGS",IF(AND(K35="N",K34="F",L34="F"),"NFFF",IF(AND(K35="N",K34="D",L34="F"),"NFF",IF(AND(K35="N",K34="D"),"NFO",IF(AND(K35="N",K34="S"),"NFS",IF(AND(K35="N",K34="F"),"NF",IF(AND(K35="N",K34="D"),"NF",IF(K35="N","N",IF(AND(K35="M",K34="F"),"MF",IF(AND(K35="M",K34="D"),"MF",IF(K35="M","M",IF(AND(K35="T",K34="F"),"TF",IF(AND(K35="T",K34="D"),"TF",IF(K35="T","T",IF(AND(K35="C",K34="F"),"CF",IF(AND(K35="C",K34="D"),"CF",IF(K35="C","C",IF(AND(K35="L",K34="F"),"LF",IF(AND(K35="L",K34="D"),"LF", IF(K35="L","L",IF(K35="SC","PS", IF(K35="SA","PS",IF(K35="TV","PS", IF(K35="MI","PS", IF(K35="MT","PS", IF(K35="URG","URGO","")))))))))))))))))))))))))) | L36: =IF(AND(L35="URG",L34="S"),"URGS",IF(AND(L35="N",L34="F",M34="F"),"NFFF",IF(AND(L35="N",L34="D",M34="F"),"NFF",IF(AND(L35="N",L34="D"),"NFO",IF(AND(L35="N",L34="S"),"NFS",IF(AND(L35="N",L34="F"),"NF",IF(AND(L35="N",L34="D"),"NF",IF(L35="N","N",IF(AND(L35="M",L34="F"),"MF",IF(AND(L35="M",L34="D"),"MF",IF(L35="M","M",IF(AND(L35="T",L34="F"),"TF",IF(AND(L35="T",L34="D"),"TF",IF(L35="T","T",IF(AND(L35="C",L34="F"),"CF",IF(AND(L35="C",L34="D"),"CF",IF(L35="C","C",IF(AND(L35="L",L34="F"),"LF",IF(AND(L35="L",L34="D"),"LF", IF(L35="L","L",IF(L35="SC","PS", IF(L35="SA","PS",IF(L35="TV","PS", IF(L35="MI","PS", IF(L35="MT","PS", IF(L35="URG","URGO","")))))))))))))))))))))))))) -> MF | M36: =IF(AND(M35="URG",M34="S"),"URGS",IF(AND(M35="N",M34="F",N34="F"),"NFFF",IF(AND(M35="N",M34="D",N34="F"),"NFF",IF(AND(M35="N",M34="D"),"NFO",IF(AND(M35="N",M34="S"),"NFS",IF(AND(M35="N",M34="F"),"NF",IF(AND(M35="N",M34="D"),"NF",IF(M35="N","N",IF(AND(M35="M",M34="F"),"MF",IF(AND(M35="M",M34="D"),"MF",IF(M35="M","M",IF(AND(M35="T",M34="F"),"TF",IF(AND(M35="T",M34="D"),"TF",IF(M35="T","T",IF(AND(M35="C",M34="F"),"CF",IF(AND(M35="C",M34="D"),"CF",IF(M35="C","C",IF(AND(M35="L",M34="F"),"LF",IF(AND(M35="L",M34="D"),"LF", IF(M35="L","L",IF(M35="SC","PS", IF(M35="SA","PS",IF(M35="TV","PS", IF(M35="MI","PS", IF(M35="MT","PS", IF(M35="URG","URGO","")))))))))))))))))))))))))) | N36: =IF(AND(N35="URG",N34="S"),"URGS",IF(AND(N35="N",N34="F",O34="F"),"NFFF",IF(AND(N35="N",N34="D",O34="F"),"NFF",IF(AND(N35="N",N34="D"),"NFO",IF(AND(N35="N",N34="S"),"NFS",IF(AND(N35="N",N34="F"),"NF",IF(AND(N35="N",N34="D"),"NF",IF(N35="N","N",IF(AND(N35="M",N34="F"),"MF",IF(AND(N35="M",N34="D"),"MF",IF(N35="M","M",IF(AND(N35="T",N34="F"),"TF",IF(AND(N35="T",N34="D"),"TF",IF(N35="T","T",IF(AND(N35="C",N34="F"),"CF",IF(AND(N35="C",N34="D"),"CF",IF(N35="C","C",IF(AND(N35="L",N34="F"),"LF",IF(AND(N35="L",N34="D"),"LF", IF(N35="L","L",IF(N35="SC","PS", IF(N35="SA","PS",IF(N35="TV","PS", IF(N35="MI","PS", IF(N35="MT","PS", IF(N35="URG","URGO","")))))))))))))))))))))))))) | O36: =IF(AND(O35="URG",O34="S"),"URGS",IF(AND(O35="N",O34="F",P34="F"),"NFFF",IF(AND(O35="N",O34="D",P34="F"),"NFF",IF(AND(O35="N",O34="D"),"NFO",IF(AND(O35="N",O34="S"),"NFS",IF(AND(O35="N",O34="F"),"NF",IF(AND(O35="N",O34="D"),"NF",IF(O35="N","N",IF(AND(O35="M",O34="F"),"MF",IF(AND(O35="M",O34="D"),"MF",IF(O35="M","M",IF(AND(O35="T",O34="F"),"TF",IF(AND(O35="T",O34="D"),"TF",IF(O35="T","T",IF(AND(O35="C",O34="F"),"CF",IF(AND(O35="C",O34="D"),"CF",IF(O35="C","C",IF(AND(O35="L",O34="F"),"LF",IF(AND(O35="L",O34="D"),"LF", IF(O35="L","L",IF(O35="SC","PS", IF(O35="SA","PS",IF(O35="TV","PS", IF(O35="MI","PS", IF(O35="MT","PS", IF(O35="URG","URGO","")))))))))))))))))))))))))) | P36: =IF(AND(P35="URG",P34="S"),"URGS",IF(AND(P35="N",P34="F",Q34="F"),"NFFF",IF(AND(P35="N",P34="D",Q34="F"),"NFF",IF(AND(P35="N",P34="D"),"NFO",IF(AND(P35="N",P34="S"),"NFS",IF(AND(P35="N",P34="F"),"NF",IF(AND(P35="N",P34="D"),"NF",IF(P35="N","N",IF(AND(P35="M",P34="F"),"MF",IF(AND(P35="M",P34="D"),"MF",IF(P35="M","M",IF(AND(P35="T",P34="F"),"TF",IF(AND(P35="T",P34="D"),"TF",IF(P35="T","T",IF(AND(P35="C",P34="F"),"CF",IF(AND(P35="C",P34="D"),"CF",IF(P35="C","C",IF(AND(P35="L",P34="F"),"LF",IF(AND(P35="L",P34="D"),"LF", IF(P35="L","L",IF(P35="SC","PS", IF(P35="SA","PS",IF(P35="TV","PS", IF(P35="MI","PS", IF(P35="MT","PS", IF(P35="URG","URGO","")))))))))))))))))))))))))) | Q36: =IF(AND(Q35="URG",Q34="S"),"URGS",IF(AND(Q35="N",Q34="F",R34="F"),"NFFF",IF(AND(Q35="N",Q34="D",R34="F"),"NFF",IF(AND(Q35="N",Q34="D"),"NFO",IF(AND(Q35="N",Q34="S"),"NFS",IF(AND(Q35="N",Q34="F"),"NF",IF(AND(Q35="N",Q34="D"),"NF",IF(Q35="N","N",IF(AND(Q35="M",Q34="F"),"MF",IF(AND(Q35="M",Q34="D"),"MF",IF(Q35="M","M",IF(AND(Q35="T",Q34="F"),"TF",IF(AND(Q35="T",Q34="D"),"TF",IF(Q35="T","T",IF(AND(Q35="C",Q34="F"),"CF",IF(AND(Q35="C",Q34="D"),"CF",IF(Q35="C","C",IF(AND(Q35="L",Q34="F"),"LF",IF(AND(Q35="L",Q34="D"),"LF", IF(Q35="L","L",IF(Q35="SC","PS", IF(Q35="SA","PS",IF(Q35="TV","PS", IF(Q35="MI","PS", IF(Q35="MT","PS", IF(Q35="URG","URGO","")))))))))))))))))))))))))) | ... AI36: =IF(AND(AI35="URG",AI34="S"),"URGS",IF(AND(AI35="N",AI34="F",AJ34="F"),"NFFF",IF(AND(AI35="N",AI34="D",AJ34="F"),"NFF",IF(AND(AI35="N",AI34="D"),"NFO",IF(AND(AI35="N",AI34="S"),"NFS",IF(AND(AI35="N",AI34="F"),"NF",IF(AND(AI35="N",AI34="D"),"NF",IF(AI35="N","N",IF(AND(AI35="M",AI34="F"),"MF",IF(AND(AI35="M",AI34="D"),"MF",IF(AI35="M","M",IF(AND(AI35="T",AI34="F"),"TF",IF(AND(AI35="T",AI34="D"),"TF",IF(AI35="T","T",IF(AND(AI35="C",AI34="F"),"CF",IF(AND(AI35="C",AI34="D"),"CF",IF(AI35="C","C",IF(AND(AI35="L",AI34="F"),"LF",IF(AND(AI35="L",AI34="D"),"LF", IF(AI35="L","L",IF(AI35="SC","PS", IF(AI35="SA","PS",IF(AI35="TV","PS", IF(AI35="MI","PS", IF(AI35="MT","PS", IF(AI35="URG","URGO",""))))))))))))))))))))))))))
